Workbook

Sheet Organics_Compost
A1: 3.2: ORGANICS DIVERSION
A2: 1) DIVERSION POTENTIAL
B4: Waste Diversion Analyses
B5: Scenario | C5: Explanation
B6: O1 | C6: Includes only residential organics
B7: O2 | C7: Includes residential organics and organics from large commercial generators (0.5 tons/week or more)
B9: Timing
B10: Program Implementation | C10: 2025
B11: Design Year | C11: 2045 | D11: Year for which facilities are designed
B13: Target Waste Stream
B14: Waste Stream | D14: Scenario O1 | F14: Scenario O2 | H14: Notes
D15: Residential | E15: Commercial | F15: Residential | G15: Commercial
B16: Disposed Organics | C16: Organics (Food) | D16: =INDEX('Waste Projections'!$H$41:$AL$41,MATCH(Organics_Compost!$C$11,'Waste Projections'!$H$6:$AL$6,0))*'Waste Composition'!$G$14 -> 15289.236 | E16: 0 | F16: =D16 -> 15289.236 | G16: =INDEX('Waste Projections'!$H$47:$AL$47,MATCH(Organics_Compost!$C$11,'Waste Projections'!$H$45:$AL$45,0)) -> 16838.5
C17: Organics (Other) | D17: =INDEX('Waste Projections'!$H$41:$AL$41,MATCH(Organics_Compost!$C$11,'Waste Projections'!$H$6:$AL$6,0))*'Waste Composition'!$G$15 -> 7644.618 | E17: 0 | F17: =D17 -> 7644.618 | G17: 0
C18: Compostable Paper | D18: =INDEX('Waste Projections'!$H$41:$AL$41,MATCH(Organics_Compost!$C$11,'Waste Projections'!$H$6:$AL$6,0))*'Waste Composition'!$G$16 -> 7644.618 | E18: 0 | F18: =D18 -> 7644.618 | G18: 0
C19: SUBTOTAL | D19: =SUM(D16:D18) -> 30578.472 | E19: =SUM(E16:E18) -> 0 | F19: =SUM(F16:F18) -> 30578.472 | G19: =SUM(G16:G18) -> 16838.5
C20: TOTAL | D20: =SUM(D19:E19) -> 30578.472 | F20: =SUM(F19:G19) -> 47416.972
B22: Expected Diversion rates
B23: Food Waste Goals (BFWRS) | C23: Diversion Goals | E23: Notes
C24: O1 | D24: O2 | E24: Any food waste/organics diversion goals? Or should these be based on what we think is achievable?
B25: Commercial | C25: 0 | D25: 1
B26: Residential | C26: 1 | D26: 1
B28: Expected Diversion (tons)
B29: Organic Waste | C29: Scenario
C30: O1 | D30: O2
B31: Organics (Food) | C31: =$C$25*E16+$C$26*D16 -> 15289.236 | D31: =$D$25*G16+$D$26*F16 -> 32127.736
B32: Organics (Other) | C32: =$C$25*E17+$C$26*D17 -> 7644.618 | D32: =$D$25*G17+$D$26*F17 -> 7644.618
B33: Compostable Paper | C33: =$C$25*E18+$C$26*D18 -> 7644.618 | D33: =$D$25*G18+$D$26*F18 -> 7644.618
B34: TOTAL | C34: =SUM(C31:C33) -> 30578.472 | D34: =SUM(D31:D33) -> 47416.972
A37: 2) COMPOSTING COSTS
B39: Composting Facility Assumptions
B40: Parameter | C40: Value | D40: Units | E40: Notes
B41: Capacity (Organic Feedstock) | C41: 20000 | D41: Tons/year | E41: Based on typical compost facilities in Maryland as reported by MDE (2017)
B42: Fraction Organics from SSO | C42: 0.7 | D42: % | E42: Assumes addition of some bulking agents to generate high quality compost
B43: Operating Days | C43: 260 | D43: Days/Year | E43: Assumes 5-days a week, 52 weeks a year
B44: Operating Hours | C44: 8 | D44: Hours/Day | E44: Assumes 40-hr work week
B45: Parcel Size | C45: 4 | D45: Acres | E45: Assumes 2-acres active composting area for 100-ton/day facility and 40% land use for active composting (Savage 2008) - https://www.biocycle.net/2008/03/19/calculating-capacity-at-composting-sites/
B46: Mass Organics to Compost | C46: 0.33 | D46: % | E46: SWOLF - NC State University - https://jwlevis.wixsite.com/swolf
B47: Mass Organics to Residual | C47: 0.24 | D47: % | E47: SWOLF - NC State University - https://jwlevis.wixsite.com/swolf
B48: Compost Unit Weight | C48: 0.4 | D48: tons/cy | E48: SWOLF - NC State University - https://jwlevis.wixsite.com/swolf
B49: Gore Cover Capacity | C49: 2000 | D49: tons/yr/cover | E49: Assume covered aerated static piles; SWOLF
C52: Scenario O1 | D52: Scenario O2
B53: Number of Facilities | C53: =ROUNDUP(C34/(C42*C41),0) -> 3 | D53: =ROUNDUP(D34/(C42*C41),0) -> 4
B55: Capital Costs (One Facility)
B56: Item | C56: Units | D56: Unit Cost | E56: Quantity | F56: Total Cost | G56: Notes
B57: Land Acquisition | C57: Acres | D57: 100000 | E57: =C45 -> 4 | F57: =E57*D57 -> 400000 | G57: Based on current Zillow listings for vacant lots in the City
B58: Site Prep and Engineering | C58: LS | D58: =50000+345000+75000 -> 470000 | E58: 1 | F58: =E58*D58 -> 470000 | G58: From FredCo Phase 2 Report (engineering, site prep, utility interconnects) - https://frederickcountymd.gov/DocumentCenter/View/299124/Fred-Co-SWM-Study_Phase-2-Report_FINAL?bidId=
B59: Compost System | C59: Cover | D59: =75000+65000 -> 140000 | E59: =C41/C49 -> 10 | F59: =E59*D59 -> 1400000 | G59: van Haaren (2009) - NC State Masters Thesis (covers, aerators, probes, etc.) - http://www.seas.columbia.edu/earth/wtert/sofos/haaren_thesis.pdf
B60: Equipment | C60: LS | D60: =330000+40000+25000 -> 395000 | E60: 1 | F60: =E60*D60 -> 395000 | G60: van Haaren (2009) - NC State Masters Thesis (front end loader, grinder, etc.) - http://www.seas.columbia.edu/earth/wtert/sofos/haaren_thesis.pdf
B63: TOTAL | F63: =SUM(F57:F62) -> 2665000
B65: Operating Costs (One Facility)
B66: Item | C66: Units | D66: Unit Cost | E66: Quantity | F66: Total Cost | G66: Notes
B67: Supervisor - Wages | C67: Hours | D67: 25 | E67: =1*C43*C44 -> 2080 | F67: =E67*D67 -> 52000 | G67: SWOLF - NC State University - https://jwlevis.wixsite.com/swolf
B68: Labor - Wages | C68: Hours | D68: 18 | E68: =ROUNDUP(0.1*C41/C43,0)*C43*C44 -> 16640 | F68: =E68*D68 -> 299520 | G68: SWOLF - NC State University - https://jwlevis.wixsite.com/swolf
B69: Fringe Benefits | C69: Percentage | D69: =SUM(F67:F68) -> 351520 | E69: 0.4 | F69: =E69*D69 -> 140608 | G69: Estimated percentage of wage
B70: Repairs and Maintenance | C70: Tons | D70: 9 | E70: =C41 -> 20000 | F70: =E70*D70 -> 180000 | G70: van Haaren (2009) - NC State Masters Thesis - - http://www.seas.columbia.edu/earth/wtert/sofos/haaren_thesis.pdf
B71: Utilities and Fuel | C71: Tons | D71: =(0.18*2000/62.4*7.48*0.01+2.5*0.5+4*0.08) -> 2.0015385 | E71: =C41 -> 20000 | F71: =E71*D71 -> 40030.769 | G71: SWOLF - NC State University - https://jwlevis.wixsite.com/swolf
B72: Disposal Cost - Residual | C72: Tons | D72: 67.5 | E72: =C47*C41 -> 4800 | F72: =E72*D72 -> 324000 | G72: Mass balance from SWOLF, Cost from QRL - https://jwlevis.wixsite.com/swolf
B74: TOTAL | F74: =SUM(F67:F72) -> 1036158.8
A77: 3) BENEFITS
B79: Revenues (One Facility)
B80: Item | C80: Unit | D80: Unit Revenue | E80: Quantity | F80: Total Revenue | G80: Notes
B81: Compost Sales | C81: CY | D81: 30 | E81: =C41*C46/C48 -> 16500 | F81: =E81*D81 -> 495000 | G81: $39/CY for 15-CY bulk compost at Home Depot; $35/CY for 1,000 cy at Veteran Compost; Recommend minimum $25/cy, maximum $33/cy (https://www.improvenet.com/r/costs-and-prices/composting)
B83: TOTAL | F83: =SUM(F81:F82) -> 495000
B85: Job Creation
B86: Scenario | C86: Change in Jobs | D86: Change in Labor Hours | E86: Change in Wages | F86: Notes
B87: O1 | C87: =D87/$C$43/$C$44 -> 27 | D87: =C53*(E67+E68) -> 56160 | E87: =$D$68*D87 -> 1010880 | F87: • These estimates account for employment at composting facilities. This estimate does not include employment associated with changes in waste collection. This estimate does not include job losses at landfills or incinerators due to reductions in waste volume.
B88: O2 | C88: =D88/$C$43/$C$44 -> 36 | D88: =D53*(E67+E68) -> 74880 | E88: =$D$68*D88 -> 1347840
B90: Airspace
B91: Scenario | C91: Diversion | D91: Tip Fee | E91: Total | F91: Notes
B92: O1 | C92: =C34 -> 30578.472 | D92: 67.5 | E92: =D92*C92 -> 2064046.9 | F92: •This represents the value of the airspace at QRL saved by reducing food wastage in the City
B93: O2 | C93: =D34 -> 47416.972 | D93: 67.5 | E93: =D93*C93 -> 3200645.6
B95: Indirect Benefits
B96: 1) Potential to reduce trash pickup to biweekly
B97: 2) Support the local demand for compost by providing a steady and reliable source of compost
A103: 4) CHALLENGES TO IMPLEMENTATION
B104: 1) Promoting participation in the program: educating residents on how to recycle organics and avoid contamination
B105: 2) Enforcing participation - is this a mandatory program? Voluntary?
B106: 3) Increased labor needs/collection costs due to increased collection frequency and/or larger fleet
B107: 4) Constructing and/or locating a facility to accept organic material - where will facilities be located?
B108: 5) Managing composting facilities - public/private partnership or county/town-owned and operated? Do the counties/towns have the experience to manage their own composting facilities?
A111: 5) EXPERIENCE
B112: 1) municipalities already have experience collecting trash and recyclables from SFH
B113: 2) municipalities already has most of the collection equipment and staff required to implement this program
B114: 3) DPW has experience leading education campaigns to promote recycling
A119: 6) TIMING
C121: Residential | D121: Commercial | E121: Units | F121: Notes
B122: Expected Timeframe | C122: 20 | D122: 20 | E122: years | F122: Chosen based on performance of the Portland, OR program https://www.portlandoregon.gov/bps/article/683962
B123: x0 | C123: =C122/2 -> 10 | D123: =D122/2 -> 10 | E123: years | F123: timeframe/2. Using a logistic function to estimate diversion
B124: k | C124: =9.2/C122 -> 0.46 | D124: =9.2/D122 -> 0.46 | F124: calibrated so that 1% at t = 0, 99% at t = timeframe
C126: O1 | G126: O2
B127: Year | C127: Food Waste | D127: Other Organics | E127: Comp. Paper | F127: Total | G127: Food Waste | H127: Other Organics | I127: Comp. Paper | J127: Total
C128: (tons) | D128: (tons) | E128: (tons) | F128: (tons) | G128: (tons) | H128: (tons) | I128: (tons) | J128: (tons)
B129: 0 | C129: =IF($B129="","",$D$16/(1+EXP(-$C$124*($B129-$C$123)))+$E$16/(1+EXP(-$D$124*($B129-$D$123)))) -> 152.15545 | D129: =IF($B129="","",$D$17/(1+EXP(-$C$124*($B129-$C$123)))+$E$17/(1+EXP(-$D$124*($B129-$D$123)))) -> 76.077724 | E129: =IF($B129="","",$D$18/(1+EXP(-$C$124*($B129-$C$123)))+$E$18/(1+EXP(-$D$124*($B129-$D$123)))) -> 76.077724 | F129: =IF($B129="","",SUM(C129:E129)) -> 304.31089 | G129: =IF($B129="","",$F$16/(1+EXP(-$C$124*($B129-$C$123)))+$G$16/(1+EXP(-$D$124*($B129-$D$123)))) -> 319.72886 | H129: =IF($B129="","",$F$17/(1+EXP(-$C$124*($B129-$C$123)))+$G$17/(1+EXP(-$D$124*($B129-$D$123)))) -> 76.077724 | I129: =IF($B129="","",$F$18/(1+EXP(-$C$124*($B129-$C$123)))+$G$18/(1+EXP(-$D$124*($B129-$D$123)))) -> 76.077724 | J129: =IF($B129="","",SUM(G129:I129)) -> 471.88431
B130: =IF(B129>=MAX($C$122,$D$122),NA(),B129+1) -> 1 | C130: =IF($B130="","",$D$16/(1+EXP(-$C$124*($B130-$C$123)))+$E$16/(1+EXP(-$D$124*($B130-$D$123)))) -> 239.6326 | D130: =IF($B130="","",$D$17/(1+EXP(-$C$124*($B130-$C$123)))+$E$17/(1+EXP(-$D$124*($B130-$D$123)))) -> 119.8163 | E130: =IF($B130="","",$D$18/(1+EXP(-$C$124*($B130-$C$123)))+$E$18/(1+EXP(-$D$124*($B130-$D$123)))) -> 119.8163 | F130: =IF($B130="","",SUM(C130:E130)) -> 479.2652 | G130: =IF($B130="","",$F$16/(1+EXP(-$C$124*($B130-$C$123)))+$G$16/(1+EXP(-$D$124*($B130-$D$123)))) -> 503.54726 | H130: =IF($B130="","",$F$17/(1+EXP(-$C$124*($B130-$C$123)))+$G$17/(1+EXP(-$D$124*($B130-$D$123)))) -> 119.8163 | I130: =IF($B130="","",$F$18/(1+EXP(-$C$124*($B130-$C$123)))+$G$18/(1+EXP(-$D$124*($B130-$D$123)))) -> 119.8163 | J130: =IF($B130="","",SUM(G130:I130)) -> 743.17986
B131: =IF(B130>=MAX($C$122,$D$122),NA(),B130+1) -> 2 | C131: =IF($B131="","",$D$16/(1+EXP(-$C$124*($B131-$C$123)))+$E$16/(1+EXP(-$D$124*($B131-$D$123)))) -> 376.15233 | D131: =IF($B131="","",$D$17/(1+EXP(-$C$124*($B131-$C$123)))+$E$17/(1+EXP(-$D$124*($B131-$D$123)))) -> 188.07617 | E131: =IF($B131="","",$D$18/(1+EXP(-$C$124*($B131-$C$123)))+$E$18/(1+EXP(-$D$124*($B131-$D$123)))) -> 188.07617 | F131: =IF($B131="","",SUM(C131:E131)) -> 752.30467 | G131: =IF($B131="","",$F$16/(1+EXP(-$C$124*($B131-$C$123)))+$G$16/(1+EXP(-$D$124*($B131-$D$123)))) -> 790.42032 | H131: =IF($B131="","",$F$17/(1+EXP(-$C$124*($B131-$C$123)))+$G$17/(1+EXP(-$D$124*($B131-$D$123)))) -> 188.07617 | I131: =IF($B131="","",$F$18/(1+EXP(-$C$124*($B131-$C$123)))+$G$18/(1+EXP(-$D$124*($B131-$D$123)))) -> 188.07617 | J131: =IF($B131="","",SUM(G131:I131)) -> 1166.5727
B132: =IF(B131>=MAX($C$122,$D$122),NA(),B131+1) -> 3 | C132: =IF($B132="","",$D$16/(1+EXP(-$C$124*($B132-$C$123)))+$E$16/(1+EXP(-$D$124*($B132-$D$123)))) -> 587.41223 | D132: =IF($B132="","",$D$17/(1+EXP(-$C$124*($B132-$C$123)))+$E$17/(1+EXP(-$D$124*($B132-$D$123)))) -> 293.70611 | E132: =IF($B132="","",$D$18/(1+EXP(-$C$124*($B132-$C$123)))+$E$18/(1+EXP(-$D$124*($B132-$D$123)))) -> 293.70611 | F132: =IF($B132="","",SUM(C132:E132)) -> 1174.8245 | G132: =IF($B132="","",$F$16/(1+EXP(-$C$124*($B132-$C$123)))+$G$16/(1+EXP(-$D$124*($B132-$D$123)))) -> 1234.3472 | H132: =IF($B132="","",$F$17/(1+EXP(-$C$124*($B132-$C$123)))+$G$17/(1+EXP(-$D$124*($B132-$D$123)))) -> 293.70611 | I132: =IF($B132="","",$F$18/(1+EXP(-$C$124*($B132-$C$123)))+$G$18/(1+EXP(-$D$124*($B132-$D$123)))) -> 293.70611 | J132: =IF($B132="","",SUM(G132:I132)) -> 1821.7594
B133: =IF(B132>=MAX($C$122,$D$122),NA(),B132+1) -> 4 | C133: =IF($B133="","",$D$16/(1+EXP(-$C$124*($B133-$C$123)))+$E$16/(1+EXP(-$D$124*($B133-$D$123)))) -> 910.08208 | D133: =IF($B133="","",$D$17/(1+EXP(-$C$124*($B133-$C$123)))+$E$17/(1+EXP(-$D$124*($B133-$D$123)))) -> 455.04104 | E133: =IF($B133="","",$D$18/(1+EXP(-$C$124*($B133-$C$123)))+$E$18/(1+EXP(-$D$124*($B133-$D$123)))) -> 455.04104 | F133: =IF($B133="","",SUM(C133:E133)) -> 1820.1642 | G133: =IF($B133="","",$F$16/(1+EXP(-$C$124*($B133-$C$123)))+$G$16/(1+EXP(-$D$124*($B133-$D$123)))) -> 1912.3831 | H133: =IF($B133="","",$F$17/(1+EXP(-$C$124*($B133-$C$123)))+$G$17/(1+EXP(-$D$124*($B133-$D$123)))) -> 455.04104 | I133: =IF($B133="","",$F$18/(1+EXP(-$C$124*($B133-$C$123)))+$G$18/(1+EXP(-$D$124*($B133-$D$123)))) -> 455.04104 | J133: =IF($B133="","",SUM(G133:I133)) -> 2822.4652
B134: =IF(B133>=MAX($C$122,$D$122),NA(),B133+1) -> 5 | C134: =IF($B134="","",$D$16/(1+EXP(-$C$124*($B134-$C$123)))+$E$16/(1+EXP(-$D$124*($B134-$D$123)))) -> 1393.2005 | D134: =IF($B134="","",$D$17/(1+EXP(-$C$124*($B134-$C$123)))+$E$17/(1+EXP(-$D$124*($B134-$D$123)))) -> 696.60023 | E134: =IF($B134="","",$D$18/(1+EXP(-$C$124*($B134-$C$123)))+$E$18/(1+EXP(-$D$124*($B134-$D$123)))) -> 696.60023 | F134: =IF($B134="","",SUM(C134:E134)) -> 2786.4009 | G134: =IF($B134="","",$F$16/(1+EXP(-$C$124*($B134-$C$123)))+$G$16/(1+EXP(-$D$124*($B134-$D$123)))) -> 2927.5744 | H134: =IF($B134="","",$F$17/(1+EXP(-$C$124*($B134-$C$123)))+$G$17/(1+EXP(-$D$124*($B134-$D$123)))) -> 696.60023 | I134: =IF($B134="","",$F$18/(1+EXP(-$C$124*($B134-$C$123)))+$G$18/(1+EXP(-$D$124*($B134-$D$123)))) -> 696.60023 | J134: =IF($B134="","",SUM(G134:I134)) -> 4320.7749
B135: =IF(B134>=MAX($C$122,$D$122),NA(),B134+1) -> 6 | C135: =IF($B135="","",$D$16/(1+EXP(-$C$124*($B135-$C$123)))+$E$16/(1+EXP(-$D$124*($B135-$D$123)))) -> 2095.4096 | D135: =IF($B135="","",$D$17/(1+EXP(-$C$124*($B135-$C$123)))+$E$17/(1+EXP(-$D$124*($B135-$D$123)))) -> 1047.7048 | E135: =IF($B135="","",$D$18/(1+EXP(-$C$124*($B135-$C$123)))+$E$18/(1+EXP(-$D$124*($B135-$D$123)))) -> 1047.7048 | F135: =IF($B135="","",SUM(C135:E135)) -> 4190.8191 | G135: =IF($B135="","",$F$16/(1+EXP(-$C$124*($B135-$C$123)))+$G$16/(1+EXP(-$D$124*($B135-$D$123)))) -> 4403.1477 | H135: =IF($B135="","",$F$17/(1+EXP(-$C$124*($B135-$C$123)))+$G$17/(1+EXP(-$D$124*($B135-$D$123)))) -> 1047.7048 | I135: =IF($B135="","",$F$18/(1+EXP(-$C$124*($B135-$C$123)))+$G$18/(1+EXP(-$D$124*($B135-$D$123)))) -> 1047.7048 | J135: =IF($B135="","",SUM(G135:I135)) -> 6498.5573
...

Sheet Organics_AD
A1: 3.2: ORGANICS DIVERSION
A2: 1) DIVERSION POTENTIAL
B4: Waste Diversion Analyses
B5: Scenario | C5: Explanation
B6: O1 | C6: Includes only residential organics
B7: O2 | C7: Includes residential organics and organics from large commercial generators (0.5 tons/week or more)
B9: Timing
B10: Program Implementation | C10: 2025
B11: Design Year | C11: 2045 | D11: Year for which facilities are designed
B13: Target Waste Stream
B14: Waste Stream | D14: Scenario O1 | F14: Scenario O2 | H14: Notes
D15: Residential | E15: Commercial | F15: Residential | G15: Commercial
B16: Disposed Organics | C16: Organics (Food) | D16: =INDEX('Waste Projections'!$H$41:$AL$41,MATCH(Organics_AD!$C$11,'Waste Projections'!$H$6:$AL$6,0))*'Waste Composition'!$G$14 -> 15289.236 | E16: 0 | F16: =D16 -> 15289.236 | G16: =INDEX('Waste Projections'!$H$47:$AL$47,MATCH(Organics_AD!$C$11,'Waste Projections'!$H$45:$AL$45,0)) -> 16838.5
C17: Organics (Other) | D17: =INDEX('Waste Projections'!$H$41:$AL$41,MATCH(Organics_AD!$C$11,'Waste Projections'!$H$6:$AL$6,0))*'Waste Composition'!$G$15 -> 7644.618 | E17: 0 | F17: =D17 -> 7644.618 | G17: 0
C18: Compostable Paper | D18: =INDEX('Waste Projections'!$H$41:$AL$41,MATCH(Organics_AD!$C$11,'Waste Projections'!$H$6:$AL$6,0))*'Waste Composition'!$G$16 -> 7644.618 | E18: 0 | F18: =D18 -> 7644.618 | G18: 0
C19: SUBTOTAL | D19: =SUM(D16:D18) -> 30578.472 | E19: =SUM(E16:E18) -> 0 | F19: =SUM(F16:F18) -> 30578.472 | G19: =SUM(G16:G18) -> 16838.5
C20: TOTAL | D20: =SUM(D19:E19) -> 30578.472 | F20: =SUM(F19:G19) -> 47416.972
B22: Expected Diversion rates
B23: Food Waste Goals (BFWRS) | C23: Diversion Goals | E23: Notes
C24: O1 | D24: O2 | E24: Any food waste/organics diversion goals? Or should these be based on what we think is achievable?
B25: Commercial | C25: 0 | D25: 1
B26: Residential | C26: 1 | D26: 1
B28: Expected Diversion (tons)
B29: Organic Waste | C29: Scenario
C30: O1 | D30: O2
B31: Organics (Food) | C31: =$C$25*E16+$C$26*D16 -> 15289.236 | D31: =$D$25*G16+$D$26*F16 -> 32127.736
B32: Organics (Other) | C32: =$C$25*E17+$C$26*D17 -> 7644.618 | D32: =$D$25*G17+$D$26*F17 -> 7644.618
B33: Compostable Paper | C33: =$C$25*E18+$C$26*D18 -> 7644.618 | D33: =$D$25*G18+$D$26*F18 -> 7644.618
B34: TOTAL | C34: =SUM(C31:C33) -> 30578.472 | D34: =SUM(D31:D33) -> 47416.972
A37: 2) ANAEROBIC DIGESTION COSTS
B39: AD Facility Assumptions
C40: O1 | D40: O2
B41: Parameter | C41: Value | D41: Value | E41: Units | F41: Notes
B42: Capacity (Organic Feedstock) | C42: =1.2*D20 -> 36694.166 | D42: =1.2*F20 -> 56900.366 | E42: Tons/year | F42: 120% of maximum expected throughput
B43: Maximum Throughput | C43: =D20 -> 30578.472 | D43: =F20 -> 47416.972 | E43: Tons/year | F43: Based on baseline year
B44: CAPEX | C44: 600 | D44: 600 | E44: $/ton | F44: NREL (2013) - https://www.nrel.gov/docs/fy13osti/57082.pdf
B45: OPEX | C45: 70 | D45: 70 | E45: $/ton/year | F45: Olivard (2017) - Feasibility study of running an anerobic digestion plant coupled with a combined heat and power plant near Paris, France processing 50,000 tons of food waste per year (https://pdfs.semanticscholar.org/b1c6/d3969e79ace2df77b38f0a8da5bb59e19579.pdf)
B46: Mass Fraction Rejected | C46: 0.2 | D46: 0.2 | F46: Cecchi et al. (2011) - Mass and Energy Balances around full scale plants for food waste anaerobic digestion (http://www.valorgas.soton.ac.uk/Pub_docs/IWA%20Vienna%202011/Presentation%203%20Bolzonella%20Mass%20&%20Energy%20balance%20VALORGAS%20ADSWEC%20Vienna%202011.pdf)
B47: Mass Fraction to Residual | C47: 0.3 | D47: 0.3 | F47: NREL (2013) - https://www.nrel.gov/docs/fy13osti/57082.pdf
B48: Energy Production | C48: 220 | D48: 220 | E48: kWh/ton-input | F48: NREL (2013) - https://www.nrel.gov/docs/fy13osti/57082.pdf
B49: Energy Production | C49: =C48*C43 -> 6727263.8 | D49: =D48*D43 -> 10431734 | E49: kWh
B50: Personnel requirements | C50: 0.1 | D50: 0.1 | E50: ppl/ton/day | F50: Olivard (2017) - Feasibility study of running an anerobic digestion plant coupled with a combined heat and power plant near Paris, France processing 50,000 tons of food waste per year (https://pdfs.semanticscholar.org/b1c6/d3969e79ace2df77b38f0a8da5bb59e19579.pdf)
B51: Supervisor | C51: 1 | D51: 1
B52: Land requirements | C52: =10/35000 -> 0.00028571429 | D52: =10/35000 -> 0.00028571429 | E52: acres/annual capacity | F52: USEPA (2010) - https://archive.epa.gov/region02/webinars/web/pdf/3-24-10_1.pdf
B53: Land requirements | C53: =ROUND(C52*C42,0) -> 10 | D53: =ROUND(D52*D42,0) -> 16 | E53: acres
B55: Capital Costs
B56: Scenario | C56: Units | D56: Unit Cost | E56: Quantity | F56: Total Cost | G56: Notes
B57: O1 | C57: Ton | D57: =C44 -> 600 | E57: =C42 -> 36694.166 | F57: =E57*D57 -> 22016500
B58: O2 | C58: Ton | D58: =C44 -> 600 | E58: =D42 -> 56900.366 | F58: =E58*D58 -> 34140220
B60: Item | C60: Allocation | D60: Recurrence | E60: O1 | F60: O2 | G60: Notes
B61: Upfront Capital | C61: 1 | D61: =C4 -> 0 | E61: =C61*$F$57 -> 22016500 | F61: =C61*$F$58 -> 34140220
B62: Annual Capital Items | C62: 0.075 | D62: 1 | E62: =C62*$F$57 -> 1651237.5 | F62: =C62*$F$58 -> 2560516.5
B63: 3-year Capital Items | C63: 0.2 | D63: 3 | E63: =C63*$F$57 -> 4403300 | F63: =C63*$F$58 -> 6828044
B64: 5-year Capital Items | C64: 0.15 | D64: 5 | E64: =C64*$F$57 -> 3302475 | F64: =C64*$F$58 -> 5121033
B65: 10-year Capital Items | C65: 0.075 | D65: 10 | E65: =C65*$F$57 -> 1651237.5 | F65: =C65*$F$58 -> 2560516.5
B67: TOTAL | E67: =SUM(E61:E65) -> 33024750 | F67: =SUM(F61:F65) -> 51210330
B69: Operating Costs
E70: O1 | G70: O2 | I70: Notes
B71: Item | C71: Units | D71: Unit Cost | E71: Quantity | F71: Total Cost | G71: Quantity | H71: Total Cost
B72: OPEX | C72: Tons | D72: =C45 -> 70 | E72: =C43 -> 30578.472 | F72: =E72*D72 -> 2140493 | G72: =D43 -> 47416.972 | H72: =G72*D72 -> 3319188
B73: Disposal Costs | C73: Tons | D73: 67.5 | E73: =(C47+C46)*C43 -> 15289.236 | F73: =E73*D73 -> 1032023.4 | G73: =(D47+D46)*D43 -> 23708.486 | H73: =G73*D73 -> 1600322.8
B75: TOTAL | F75: =SUM(F72:F73) -> 3172516.5 | H75: =SUM(H72:H73) -> 4919510.8
B77: Total Estimated Costs
B78: Item | C78: O1 | D78: O2 | E78: Units | F78: Notes
B79: CAPEX | C79: =F57 -> 22016500 | D79: =F58 -> 34140220 | E79: Total
B80: OPEX | C80: =F75 -> 3172516.5 | D80: =H75 -> 4919510.8 | E80: per year
A83: 3) BENEFITS
B85: Revenue (Sale of Electricity)
B86: Scenario | C86: Unit | D86: Unit Revenue | E86: Quantity | F86: Total Revenue | G86: Notes
B87: O1 | C87: kWh | D87: 0.1 | E87: =C49 -> 6727263.8 | F87: =E87*D87 -> 672726.38 | G87: http://www.npr.org/sections/money/2011/10/27/141766341/the-price-of-electricity-in-your-state
B88: O2 | C88: kWh | D88: 0.1 | E88: =D49 -> 10431734 | F88: =E88*D88 -> 1043173.4
B90: Job Creation
B91: Scenario | C91: Change in Jobs | D91: Change in Labor Hours | E91: Change in Wages | F91: Notes
B92: O1 | C92: =ROUNDUP(C43*C50/365+C51,0) -> 10 | D92: =C92*40*52 -> 20800 | F92: • These estimates account for employment at composting facilities. This estimate does not include employment associated with changes in waste collection. This estimate does not include job losses at landfills or incinerators due to reductions in waste volume.
B93: O2 | C93: =ROUNDUP(D43*D50/365+D51,0) -> 14 | D93: =C93*40*52 -> 29120
B95: Airspace
B96: Scenario | C96: Diversion | D96: Tip Fee | E96: Total | F96: Notes
B97: O1 | C97: =C34 -> 30578.472 | D97: 67.5 | E97: =D97*C97 -> 2064046.9 | F97: •This represents the value of the airspace at QRL saved by reducing food wastage in the City
B98: O2 | C98: =D34 -> 47416.972 | D98: 67.5 | E98: =D98*C98 -> 3200645.6
B100: Indirect Benefits
B101: 1) Potential to reduce trash pickup to biweekly
B102: 2) Support the local demand for compost by providing a steady and reliable source of compost
A108: 4) CHALLENGES TO IMPLEMENTATION
B109: 1) Promoting participation in the program: educating residents on how to recycle organics and avoid contamination
B110: 2) Enforcing participation - is this a mandatory program? Voluntary?
B111: 3) Increased labor needs/collection costs due to increased collection frequency and/or larger fleet
B112: 4) Constructing and/or locating a facility to accept organic material - where will facilities be located?
B113: 5) Managing composting facilities - public/private partnership or county/town-owned and operated? Do the counties/towns have the experience to manage their own composting facilities?
A116: 5) EXPERIENCE
B117: 1) municipalities already have experience collecting trash and recyclables from SFH
B118: 2) municipalities already has most of the collection equipment and staff required to implement this program
B119: 3) DPW has experience leading education campaigns to promote recycling
A124: 6) TIMING
C126: Residential | D126: Commercial | E126: Units | F126: Notes
B127: Expected Timeframe | C127: 20 | D127: 20 | E127: years | F127: Chosen based on performance of the Portland, OR program https://www.portlandoregon.gov/bps/article/683962
B128: x0 | C128: =C127/2 -> 10 | D128: =D127/2 -> 10 | E128: years | F128: timeframe/2. Using a logistic function to estimate diversion
B129: k | C129: =9.2/C127 -> 0.46 | D129: =9.2/D127 -> 0.46 | F129: calibrated so that 1% at t = 0, 99% at t = timeframe
C131: O1 | G131: O2
B132: Year | C132: Food Waste | D132: Other Organics | E132: Comp. Paper | F132: Total | G132: Food Waste | H132: Other Organics | I132: Comp. Paper | J132: Total
C133: (tons) | D133: (tons) | E133: (tons) | F133: (tons) | G133: (tons) | H133: (tons) | I133: (tons) | J133: (tons)
...

Sheet Summary
A1: Summary of GHG Emissions
A2: Option | B2: Description | C2: GHG Emissions - Transportation (MTCO2e) | D2: GHG Emissions - Disposal/Processing (MTCO2e) | E2: GHG Emissions - Total (MTCO2e)
A3: 1 | B3: Baseline | C3: ='1.Baseline'!$P$42 -> 293.97592 | D3: ='1.Baseline'!$II$28 -> 5358.33 | E3: =SUM(C3:D3) -> 5652.3059
A4: 2 | B4: YTS Rail Transfer | C4: ='2. YTS Rail'!$S$42 -> 2587.7169 | D4: ='2. YTS Rail'!$IL$27 -> 1197.1689 | E4: =SUM(C4:D4) -> 3784.8858
A5: 3 | B5: UCRTS Rail Transfer | C5: ='3. UCRTS Rail'!$S$42 -> 2603.9334 | D5: ='3. UCRTS Rail'!$IL$27 -> 1197.1689 | E5: =SUM(C5:D5) -> 3801.1023
A6: 4 | B6: YTS and UCRTS Rail Transfer | C6: ='4. YTS and UCRTS Rail'!$S$42 -> 2536.7246 | D6: ='4. YTS and UCRTS Rail'!$IL$27 -> 1197.1689 | E6: =SUM(C6:D6) -> 3733.8936
A7: 5 | B7: YTS and UCRTS + Backyard Compost | C7: ='5. YTS UCRTS+Backyard Compost'!$S$42 -> 1828.595 | D7: ='5. YTS UCRTS+Backyard Compost'!$IL$27 -> -6079.9215 | E7: =SUM(C7:D7) -> -4251.3266
A8: 6 | B8: YTS and UCRTS + Decentralized Compost | C8: ='6. YTS UCRTS+Decentral Compost'!$U$42 -> 1879.7577 | D8: ='6. YTS UCRTS+Decentral Compost'!$IN$27 -> -6079.9215 | E8: =SUM(C8:D8) -> -4200.1638

Sheet 1.Baseline
A1: Year of Interest | B1: 2025
A3: Waste Flow | L3: Transportation (ton-miles) | P3: GHG Emissions (MTCO2e) - Transportation | U3: Total Waste Composition (tons) | AL3: Fraction Source Reduced | BC3: Fraction Recycled | BT3: Fraction Landfilled | CK3: Fraction Combusted - WTE | DB3: Fraction Composted | DS3: Fraction Anaerobically Digested | EJ3: Source Reduced (tons) | FA3: Recycled (tons) | FR3: Landfilled (tons) | GI3: Combusted (tons) | GZ3: Composted (tons) | HQ3: Anaerobic Digestion (tons) | IH3: WARM Input (tons)
A4: Municipality | B4: MSW Disposal tons | C4: Disposal Facility | D4: Transfer Facility 1 | E4: Transfer Facility 2 | F4: Distance to Transfer Facility 1 | G4: Transportation to TS1 | H4: Distance to Transfer Facility 2 | I4: Transportation to TS2 | J4: Distance to Disposal Facility | K4: Transportation to Disposal | L4: Garbage Truck | M4: Transfer Truck | N4: Barge | O4: Rail | P4: Garbage Truck | Q4: Transfer Truck | R4: Barge | S4: Rail | U4: Corrugated Containers | V4: Mixed Paper (primarily residential) | W4: Food Waste | X4: Yard Trimmings | Y4: HDPE | Z4: PET | AA4: PS | AB4: Mixed Plastics | AC4: Mixed Electronics | AD4: Aluminum Cans | AE4: Mixed Metals | AF4: Glass | AG4: Concrete | AH4: Tires | AI4: Mixed Recyclables | AJ4: Mixed MSW | AL4: Corrugated Containers | AM4: Mixed Paper (primarily residential) | AN4: Food Waste | AO4: Yard Trimmings | AP4: HDPE | AQ4: PET | AR4: PS | AS4: Mixed Plastics | AT4: Mixed Electronics | AU4: Aluminum Cans | AV4: Mixed Metals | AW4: Glass | AX4: Concrete | AY4: Tires | AZ4: Mixed Recyclables | BA4: Mixed MSW | BC4: Corrugated Containers | BD4: Mixed Paper (primarily residential) | BE4: Food Waste | BF4: Yard Trimmings | BG4: HDPE | BH4: PET | BI4: PS | BJ4: Mixed Plastics | BK4: Mixed Electronics | BL4: Aluminum Cans | BM4: Mixed Metals | BN4: Glass | BO4: Concrete | BP4: Tires | BQ4: Mixed Recyclables | BR4: Mixed MSW | BT4: Corrugated Containers | BU4: Mixed Paper (primarily residential) | BV4: Food Waste | BW4: Yard Trimmings | BX4: HDPE | BY4: PET | BZ4: PS | CA4: Mixed Plastics | CB4: Mixed Electronics | CC4: Aluminum Cans | CD4: Mixed Metals | CE4: Glass | CF4: Concrete | CG4: Tires | CH4: Mixed Recyclables | CI4: Mixed MSW | CK4: Corrugated Containers | CL4: Mixed Paper (primarily residential) | CM4: Food Waste | CN4: Yard Trimmings | CO4: HDPE | CP4: PET | CQ4: PS | CR4: Mixed Plastics | CS4: Mixed Electronics | CT4: Aluminum Cans | CU4: Mixed Metals | CV4: Glass | CW4: Concrete | CX4: Tires | CY4: Mixed Recyclables | CZ4: Mixed MSW | DB4: Corrugated Containers | DC4: Mixed Paper (primarily residential) | DD4: Food Waste | DE4: Yard Trimmings | DF4: HDPE | DG4: PET | DH4: PS | DI4: Mixed Plastics | DJ4: Mixed Electronics | DK4: Aluminum Cans | DL4: Mixed Metals | DM4: Glass | DN4: Concrete | DO4: Tires | DP4: Mixed Recyclables | DQ4: Mixed MSW | DS4: Corrugated Containers | DT4: Mixed Paper (primarily residential) | DU4: Food Waste | DV4: Yard Trimmings | DW4: HDPE | DX4: PET | DY4: PS | DZ4: Mixed Plastics | EA4: Mixed Electronics | EB4: Aluminum Cans | EC4: Mixed Metals | ED4: Glass | EE4: Concrete | EF4: Tires | EG4: Mixed Recyclables | EH4: Mixed MSW | EJ4: Corrugated Containers | EK4: Mixed Paper (primarily residential) | EL4: Food Waste | EM4: Yard Trimmings | EN4: HDPE | EO4: PET | EP4: PS | EQ4: Mixed Plastics | ER4: Mixed Electronics | ES4: Aluminum Cans | ET4: Mixed Metals | EU4: Glass | EV4: Concrete | EW4: Tires | EX4: Mixed Recyclables | EY4: Mixed MSW | FA4: Corrugated Containers | FB4: Mixed Paper (primarily residential) | FC4: Food Waste | FD4: Yard Trimmings | FE4: HDPE | FF4: PET | FG4: PS | FH4: Mixed Plastics | FI4: Mixed Electronics | FJ4: Aluminum Cans | FK4: Mixed Metals | FL4: Glass | FM4: Concrete | FN4: Tires | FO4: Mixed Recyclables | FP4: Mixed MSW | FR4: Corrugated Containers | FS4: Mixed Paper (primarily residential) | FT4: Food Waste | FU4: Yard Trimmings | FV4: HDPE | FW4: PET | FX4: PS | FY4: Mixed Plastics | FZ4: Mixed Electronics | GA4: Aluminum Cans | GB4: Mixed Metals | GC4: Glass | GD4: Concrete | GE4: Tires | GF4: Mixed Recyclables | GG4: Mixed MSW | GI4: Corrugated Containers | GJ4: Mixed Paper (primarily residential) | GK4: Food Waste | GL4: Yard Trimmings | GM4: HDPE | GN4: PET | GO4: PS | GP4: Mixed Plastics | GQ4: Mixed Electronics | GR4: Aluminum Cans | GS4: Mixed Metals | GT4: Glass | GU4: Concrete | GV4: Tires | GW4: Mixed Recyclables | GX4: Mixed MSW | GZ4: Corrugated Containers | HA4: Mixed Paper (primarily residential) | HB4: Food Waste | HC4: Yard Trimmings | HD4: HDPE | HE4: PET | HF4: PS | HG4: Mixed Plastics | HH4: Mixed Electronics | HI4: Aluminum Cans | HJ4: Mixed Metals | HK4: Glass | HL4: Concrete | HM4: Tires | HN4: Mixed Recyclables | HO4: Mixed MSW | HQ4: Corrugated Containers | HR4: Mixed Paper (primarily residential) | HS4: Food Waste | HT4: Yard Trimmings | HU4: HDPE | HV4: PET | HW4: PS | HX4: Mixed Plastics | HY4: Mixed Electronics | HZ4: Aluminum Cans | IA4: Mixed Metals | IB4: Glass | IC4: Concrete | ID4: Tires | IE4: Mixed Recyclables | IF4: Mixed MSW | IH4: WARM Category | II4: Source Reduced | IJ4: Recycled | IK4: Landfilled | IL4: Combusted | IM4: Composted | IN4: Co-Composted1 | IP4: Landfilled - Flare IWSM | IQ4: Landfilled - LFGTE
A5: Barnstable | B5: =INDEX('Waste Projections'!$H7:$AL7,MATCH('1.Baseline'!$B$1,'Waste Projections'!$H$6:$AL$6,0)) -> 8674.74 | C5: Crapo Hill Landfill | D5: N/A | E5: N/A | F5: 0 | G5: N/A | H5: 0 | I5: =IF(E5="N/A","N/A","Transfer Truck") -> N/A | J5: 55.2 | K5: Transfer Truck | L5: =(IF($G5=L$4,$F5,0)+IF($I5=L$4,$H5,0)+IF($K5=L$4,$J5,0))*$B5 -> 0 | M5: =(IF($G5=M$4,$F5,0)+IF($I5=M$4,$H5,0)+IF($K5=M$4,$J5,0))*$B5 -> 478845.65 | N5: =(IF($G5=N$4,$F5,0)+IF($I5=N$4,$H5,0)+IF($K5=N$4,$J5,0))*$B5 -> 0 | O5: =(IF($G5=O$4,$F5,0)+IF($I5=O$4,$H5,0)+IF($K5=O$4,$J5,0))*$B5 -> 0 | P5: =INDEX('Transportation GHG'!$B$21:$B$24,MATCH('1.Baseline'!P$4,'Transportation GHG'!$A$21:$A$24,0))*L5 -> 0 | Q5: =INDEX('Transportation GHG'!$B$21:$B$24,MATCH('1.Baseline'!Q$4,'Transportation GHG'!$A$21:$A$24,0))*M5 -> 42.956138 | R5: =INDEX('Transportation GHG'!$B$21:$B$24,MATCH('1.Baseline'!R$4,'Transportation GHG'!$A$21:$A$24,0))*N5 -> 0 | S5: =INDEX('Transportation GHG'!$B$21:$B$24,MATCH('1.Baseline'!S$4,'Transportation GHG'!$A$21:$A$24,0))*O5 -> 0 | U5: =INDEX('Waste Composition'!$P$5:$P$20,MATCH('1.Baseline'!U$4,'Waste Composition'!$O$5:$O$20,0))*$B5 -> 346.9896 | V5: =INDEX('Waste Composition'!$P$5:$P$20,MATCH('1.Baseline'!V$4,'Waste Composition'!$O$5:$O$20,0))*$B5 -> 1474.7058 | W5: =INDEX('Waste Composition'!$P$5:$P$20,MATCH('1.Baseline'!W$4,'Waste Composition'!$O$5:$O$20,0))*$B5 -> 1561.4532 | X5: =INDEX('Waste Composition'!$P$5:$P$20,MATCH('1.Baseline'!X$4,'Waste Composition'!$O$5:$O$20,0))*$B5 -> 780.7266 | Y5: =INDEX('Waste Composition'!$P$5:$P$20,MATCH('1.Baseline'!Y$4,'Waste Composition'!$O$5:$O$20,0))*$B5 -> 130.1211 | Z5: =INDEX('Waste Composition'!$P$5:$P$20,MATCH('1.Baseline'!Z$4,'Waste Composition'!$O$5:$O$20,0))*$B5 -> 216.8685 | AA5: =INDEX('Waste Composition'!$P$5:$P$20,MATCH('1.Baseline'!AA$4,'Waste Composition'!$O$5:$O$20,0))*$B5 -> 43.3737 | AB5: =INDEX('Waste Composition'!$P$5:$P$20,MATCH('1.Baseline'!AB$4,'Waste Composition'!$O$5:$O$20,0))*$B5 -> 650.6055 | ... AJ5: =INDEX('Waste Composition'!$P$5:$P$20,MATCH('1.Baseline'!AJ$4,'Waste Composition'!$O$5:$O$20,0))*$B5 -> 693.9792 | AL5: 0 | AM5: 0 | AN5: 0 | AO5: 0 | AP5: 0 | AQ5: 0 | AR5: 0 | AS5: 0 | AT5: 0 | AU5: 0 | AV5: 0 | AW5: 0 | AX5: 0 | AY5: 0 | AZ5: 0 | BA5: 0 | BC5: 0 | BD5: 0 | BE5: 0 | BF5: 0 | BG5: 0 | BH5: 0 | BI5: 0 | BJ5: 0 | BK5: 0 | BL5: 0 | BM5: 0 | BN5: 0 | BO5: 0 | BP5: 0 | BQ5: 0 | BR5: 0 | BT5: 1 | BU5: 1 | BV5: 1 | BW5: 1 | BX5: 1 | BY5: 1 | BZ5: 1 | CA5: 1 | CB5: 1 | CC5: 1 | CD5: 1 | CE5: 1 | CF5: 1 | CG5: 1 | CH5: 1 | CI5: 1 | CK5: 0 | CL5: 0 | CM5: 0 | CN5: 0 | CO5: 0 | CP5: 0 | CQ5: 0 | CR5: 0 | CS5: 0 | CT5: 0 | CU5: 0 | CV5: 0 | CW5: 0 | CX5: 0 | CY5: 0 | CZ5: 0 | DB5: 0 | DC5: 0 | DD5: 0 | DE5: 0 | DF5: 0 | DG5: 0 | DH5: 0 | DI5: 0 | DJ5: 0 | DK5: 0 | DL5: 0 | DM5: 0 | DN5: 0 | DO5: 0 | DP5: 0 | DQ5: 0 | DS5: 0 | DT5: 0 | DU5: 0 | DV5: 0 | DW5: 0 | DX5: 0 | DY5: 0 | DZ5: 0 | EA5: 0 | EB5: 0 | EC5: 0 | ED5: 0 | EE5: 0 | EF5: 0 | EG5: 0 | EH5: 0 | EJ5: =$U$5*AL5 -> 0 | EK5: =$V$5*AM5 -> 0 | EL5: =$W$5*AN5 -> 0 | EM5: =$X$5*AO5 -> 0 | EN5: =$Y$5*AP5 -> 0 | EO5: =$Z$5*AQ5 -> 0 | EP5: =$AA$5*AR5 -> 0 | EQ5: =$AB$5*AS5 -> 0 | ER5: =$AC$5*AT5 -> 0 | ES5: =$AD$5*AU5 -> 0 | ET5: =$AE$5*AV5 -> 0 | EU5: =$AF$5*AW5 -> 0 | EV5: =$AG$5*AX5 -> 0 | EW5: =$AH$5*AY5 -> 0 | EX5: =$AI$5*AZ5 -> 0 | EY5: =$AJ$5*BA5 -> 0 | FA5: =$U$5*BC5 -> 0 | FB5: =$V$5*BD5 -> 0 | FC5: =$W$5*BE5 -> 0 | FD5: =$X$5*BF5 -> 0 | FE5: =$Y$5*BG5 -> 0 | FF5: =$Z$5*BH5 -> 0 | FG5: =$AA$5*BI5 -> 0 | FH5: =$AB$5*BJ5 -> 0 | FI5: =$AC$5*BK5 -> 0 | FJ5: =$AD$5*BL5 -> 0 | FK5: =$AE$5*BM5 -> 0 | FL5: =$AF$5*BN5 -> 0 | FM5: =$AG$5*BO5 -> 0 | FN5: =$AH$5*BP5 -> 0 | FO5: =$AI$5*BQ5 -> 0 | FP5: =$AJ$5*BR5 -> 0 | FR5: =$U$5*BT5 -> 346.9896 | FS5: =$V$5*BU5 -> 1474.7058 | FT5: =$W$5*BV5 -> 1561.4532 | FU5: =$X$5*BW5 -> 780.7266 | FV5: =$Y$5*BX5 -> 130.1211 | FW5: =$Z$5*BY5 -> 216.8685 | FX5: =$AA$5*BZ5 -> 43.3737 | FY5: =$AB$5*CA5 -> 650.6055 | FZ5: =$AC$5*CB5 -> 86.7474 | GA5: =$AD$5*CC5 -> 86.7474 | GB5: =$AE$5*CD5 -> 216.8685 | GC5: =$AF$5*CE5 -> 260.2422 | GD5: =$AG$5*CF5 -> 1040.9688 | GE5: =$AH$5*CG5 -> 43.3737 | GF5: =$AI$5*CH5 -> 1040.9688 | GG5: =$AJ$5*CI5 -> 693.9792 | GI5: =$U$5*CK5 -> 0 | GJ5: =$V$5*CL5 -> 0 | GK5: =$W$5*CM5 -> 0 | GL5: =$X$5*CN5 -> 0 | GM5: =$Y$5*CO5 -> 0 | GN5: =$Z$5*CP5 -> 0 | GO5: =$AA$5*CQ5 -> 0 | GP5: =$AB$5*CR5 -> 0 | GQ5: =$AC$5*CS5 -> 0 | GR5: =$AD$5*CT5 -> 0 | GS5: =$AE$5*CU5 -> 0 | GT5: =$AF$5*CV5 -> 0 | GU5: =$AG$5*CW5 -> 0 | GV5: =$AH$5*CX5 -> 0 | GW5: =$AI$5*CY5 -> 0 | GX5: =$AJ$5*CZ5 -> 0 | GZ5: =$U$5*DB5 -> 0 | HA5: =$V$5*DC5 -> 0 | HB5: =$W$5*DD5 -> 0 | HC5: =$X$5*DE5 -> 0 | HD5: =$Y$5*DF5 -> 0 | HE5: =$Z$5*DG5 -> 0 | HF5: =$AA$5*DH5 -> 0 | HG5: =$AB$5*DI5 -> 0 | HH5: =$AC$5*DJ5 -> 0 | HI5: =$AD$5*DK5 -> 0 | HJ5: =$AE$5*DL5 -> 0 | HK5: =$AF$5*DM5 -> 0 | HL5: =$AG$5*DN5 -> 0 | HM5: =$AH$5*DO5 -> 0 | HN5: =$AI$5*DP5 -> 0 | HO5: =$AJ$5*DQ5 -> 0 | HQ5: =$U$5*DS5 -> 0 | HR5: =$V$5*DT5 -> 0 | HS5: =$W$5*DU5 -> 0 | HT5: =$X$5*DV5 -> 0 | HU5: =$Y$5*DW5 -> 0 | HV5: =$Z$5*DX5 -> 0 | HW5: =$AA$5*DY5 -> 0 | HX5: =$AB$5*DZ5 -> 0 | HY5: =$AC$5*EA5 -> 0 | HZ5: =$AD$5*EB5 -> 0 | IA5: =$AE$5*EC5 -> 0 | IB5: =$AF$5*ED5 -> 0 | IC5: =$AG$5*EE5 -> 0 | ID5: =$AH$5*EF5 -> 0 | IE5: =$AI$5*EG5 -> 0 | IF5: =$AJ$5*EH5 -> 0 | IH5: Corrugated Containers | II5: =INDEX($EJ$39:$EY$39,MATCH($IH5,$EJ$4:$EY$4,0)) -> 0 | IJ5: =INDEX($FA$39:$FP$39,MATCH($IH5,$FA$4:$FP$4,0)) -> 0 | IK5: =INDEX($FR$39:$GG$39,MATCH($IH5,$FR$4:$GG$4,0)) -> 1566.2623 | IL5: =INDEX($GI$39:$GX$39,MATCH($IH5,$GI$4:$GX$4,0)) -> 1375.4348 | IM5: =INDEX($GZ$39:$HO$39,MATCH($IH5,$GZ$4:$HO$4,0)) -> 0 | IN5: =INDEX($HQ$39:$IF$39,MATCH($IH5,$HQ$4:$IF$4,0)) -> 0 | IP5: =INDEX($FR$6:$GG$6,MATCH(IH5,$FR$4:$GG$4,0))+INDEX($FR$12:$GG$12,MATCH(IH5,$FR$4:$GG$4,0)) -> 573.9072 | IQ5: =IK5-IP5 -> 992.35513
A6: Bourne | B6: =INDEX('Waste Projections'!$H8:$AL8,MATCH('1.Baseline'!$B$1,'Waste Projections'!$H$6:$AL$6,0)) -> 2837.35 | C6: ISWM Facility | D6: Bourne IWMS | E6: N/A | F6: 3.5 | G6: Garbage Truck | H6: 0 | I6: =IF(E6="N/A","N/A","Transfer Truck") -> N/A | J6: 0 | K6: =IF(D6="N/A","Garbage Truck","Transfer Truck") -> Transfer Truck | L6: =(IF($G6=L$4,$F6,0)+IF($I6=L$4,$H6,0)+IF($K6=L$4,$J6,0))*$B6 -> 9930.725 | M6: =(IF($G6=M$4,$F6,0)+IF($I6=M$4,$H6,0)+IF($K6=M$4,$J6,0))*$B6 -> 0 | N6: =(IF($G6=N$4,$F6,0)+IF($I6=N$4,$H6,0)+IF($K6=N$4,$J6,0))*$B6 -> 0 | O6: =(IF($G6=O$4,$F6,0)+IF($I6=O$4,$H6,0)+IF($K6=O$4,$J6,0))*$B6 -> 0 | P6: =INDEX('Transportation GHG'!$B$21:$B$24,MATCH('1.Baseline'!P$4,'Transportation GHG'!$A$21:$A$24,0))*L6 -> 1.7817248 | Q6: =INDEX('Transportation GHG'!$B$21:$B$24,MATCH('1.Baseline'!Q$4,'Transportation GHG'!$A$21:$A$24,0))*M6 -> 0 | R6: =INDEX('Transportation GHG'!$B$21:$B$24,MATCH('1.Baseline'!R$4,'Transportation GHG'!$A$21:$A$24,0))*N6 -> 0 | S6: =INDEX('Transportation GHG'!$B$21:$B$24,MATCH('1.Baseline'!S$4,'Transportation GHG'!$A$21:$A$24,0))*O6 -> 0 | U6: =INDEX('Waste Composition'!$P$5:$P$20,MATCH('1.Baseline'!U$4,'Waste Composition'!$O$5:$O$20,0))*$B6 -> 113.494 | V6: =INDEX('Waste Composition'!$P$5:$P$20,MATCH('1.Baseline'!V$4,'Waste Composition'!$O$5:$O$20,0))*$B6 -> 482.3495 | W6: =INDEX('Waste Composition'!$P$5:$P$20,MATCH('1.Baseline'!W$4,'Waste Composition'!$O$5:$O$20,0))*$B6 -> 510.723 | X6: =INDEX('Waste Composition'!$P$5:$P$20,MATCH('1.Baseline'!X$4,'Waste Composition'!$O$5:$O$20,0))*$B6 -> 255.3615 | Y6: =INDEX('Waste Composition'!$P$5:$P$20,MATCH('1.Baseline'!Y$4,'Waste Composition'!$O$5:$O$20,0))*$B6 -> 42.56025 | Z6: =INDEX('Waste Composition'!$P$5:$P$20,MATCH('1.Baseline'!Z$4,'Waste Composition'!$O$5:$O$20,0))*$B6 -> 70.93375 | AA6: =INDEX('Waste Composition'!$P$5:$P$20,MATCH('1.Baseline'!AA$4,'Waste Composition'!$O$5:$O$20,0))*$B6 -> 14.18675 | AB6: =INDEX('Waste Composition'!$P$5:$P$20,MATCH('1.Baseline'!AB$4,'Waste Composition'!$O$5:$O$20,0))*$B6 -> 212.80125 | ... AJ6: =INDEX('Waste Composition'!$P$5:$P$20,MATCH('1.Baseline'!AJ$4,'Waste Composition'!$O$5:$O$20,0))*$B6 -> 226.988 | AL6: 0 | AM6: 0 | AN6: 0 | AO6: 0 | AP6: 0 | AQ6: 0 | AR6: 0 | AS6: 0 | AT6: 0 | AU6: 0 | AV6: 0 | AW6: 0 | AX6: 0 | AY6: 0 | AZ6: 0 | BA6: 0 | BC6: 0 | BD6: 0 | BE6: 0 | BF6: 0 | BG6: 0 | BH6: 0 | BI6: 0 | BJ6: 0 | BK6: 0 | BL6: 0 | BM6: 0 | BN6: 0 | BO6: 0 | BP6: 0 | BQ6: 0 | BR6: 0 | BT6: 1 | BU6: 1 | BV6: 1 | BW6: 1 | BX6: 1 | BY6: 1 | BZ6: 1 | CA6: 1 | CB6: 1 | CC6: 1 | CD6: 1 | CE6: 1 | CF6: 1 | CG6: 1 | CH6: 1 | CI6: 1 | CK6: 0 | CL6: 0 | CM6: 0 | CN6: 0 | CO6: 0 | CP6: 0 | CQ6: 0 | CR6: 0 | CS6: 0 | CT6: 0 | CU6: 0 | CV6: 0 | CW6: 0 | CX6: 0 | CY6: 0 | CZ6: 0 | DB6: 0 | DC6: 0 | DD6: 0 | DE6: 0 | DF6: 0 | DG6: 0 | DH6: 0 | DI6: 0 | DJ6: 0 | DK6: 0 | DL6: 0 | DM6: 0 | DN6: 0 | DO6: 0 | DP6: 0 | DQ6: 0 | DS6: 0 | DT6: 0 | DU6: 0 | DV6: 0 | DW6: 0 | DX6: 0 | DY6: 0 | DZ6: 0 | EA6: 0 | EB6: 0 | EC6: 0 | ED6: 0 | EE6: 0 | EF6: 0 | EG6: 0 | EH6: 0 | EJ6: =$U$6*AL6 -> 0 | EK6: =$V$6*AM6 -> 0 | EL6: =$W$6*AN6 -> 0 | EM6: =$X$6*AO6 -> 0 | EN6: =$Y$6*AP6 -> 0 | EO6: =$Z$6*AQ6 -> 0 | EP6: =$AA$6*AR6 -> 0 | EQ6: =$AB$6*AS6 -> 0 | ER6: =$AC$6*AT6 -> 0 | ES6: =$AD$6*AU6 -> 0 | ET6: =$AE$6*AV6 -> 0 | EU6: =$AF$6*AW6 -> 0 | EV6: =$AG$6*AX6 -> 0 | EW6: =$AH$6*AY6 -> 0 | EX6: =$AI$6*AZ6 -> 0 | EY6: =$AJ$6*BA6 -> 0 | FA6: =$U$6*BC6 -> 0 | FB6: =$V$6*BD6 -> 0 | FC6: =$W$6*BE6 -> 0 | FD6: =$X$6*BF6 -> 0 | FE6: =$Y$6*BG6 -> 0 | FF6: =$Z$6*BH6 -> 0 | FG6: =$AA$6*BI6 -> 0 | FH6: =$AB$6*BJ6 -> 0 | FI6: =$AC$6*BK6 -> 0 | FJ6: =$AD$6*BL6 -> 0 | FK6: =$AE$6*BM6 -> 0 | FL6: =$AF$6*BN6 -> 0 | FM6: =$AG$6*BO6 -> 0 | FN6: =$AH$6*BP6 -> 0 | FO6: =$AI$6*BQ6 -> 0 | FP6: =$AJ$6*BR6 -> 0 | FR6: =$U$6*BT6 -> 113.494 | FS6: =$V$6*BU6 -> 482.3495 | FT6: =$W$6*BV6 -> 510.723 | FU6: =$X$6*BW6 -> 255.3615 | FV6: =$Y$6*BX6 -> 42.56025 | FW6: =$Z$6*BY6 -> 70.93375 | FX6: =$AA$6*BZ6 -> 14.18675 | FY6: =$AB$6*CA6 -> 212.80125 | FZ6: =$AC$6*CB6 -> 28.3735 | GA6: =$AD$6*CC6 -> 28.3735 | GB6: =$AE$6*CD6 -> 70.93375 | GC6: =$AF$6*CE6 -> 85.1205 | GD6: =$AG$6*CF6 -> 340.482 | GE6: =$AH$6*CG6 -> 14.18675 | GF6: =$AI$6*CH6 -> 340.482 | GG6: =$AJ$6*CI6 -> 226.988 | GI6: =$U$6*CK6 -> 0 | GJ6: =$V$6*CL6 -> 0 | GK6: =$W$6*CM6 -> 0 | GL6: =$X$6*CN6 -> 0 | GM6: =$Y$6*CO6 -> 0 | GN6: =$Z$6*CP6 -> 0 | GO6: =$AA$6*CQ6 -> 0 | GP6: =$AB$6*CR6 -> 0 | GQ6: =$AC$6*CS6 -> 0 | GR6: =$AD$6*CT6 -> 0 | GS6: =$AE$6*CU6 -> 0 | GT6: =$AF$6*CV6 -> 0 | GU6: =$AG$6*CW6 -> 0 | GV6: =$AH$6*CX6 -> 0 | GW6: =$AI$6*CY6 -> 0 | GX6: =$AJ$6*CZ6 -> 0 | GZ6: =$U$6*DB6 -> 0 | HA6: =$V$6*DC6 -> 0 | HB6: =$W$6*DD6 -> 0 | HC6: =$X$6*DE6 -> 0 | HD6: =$Y$6*DF6 -> 0 | HE6: =$Z$6*DG6 -> 0 | HF6: =$AA$6*DH6 -> 0 | HG6: =$AB$6*DI6 -> 0 | HH6: =$AC$6*DJ6 -> 0 | HI6: =$AD$6*DK6 -> 0 | HJ6: =$AE$6*DL6 -> 0 | HK6: =$AF$6*DM6 -> 0 | HL6: =$AG$6*DN6 -> 0 | HM6: =$AH$6*DO6 -> 0 | HN6: =$AI$6*DP6 -> 0 | HO6: =$AJ$6*DQ6 -> 0 | HQ6: =$U$6*DS6 -> 0 | HR6: =$V$6*DT6 -> 0 | HS6: =$W$6*DU6 -> 0 | HT6: =$X$6*DV6 -> 0 | HU6: =$Y$6*DW6 -> 0 | HV6: =$Z$6*DX6 -> 0 | HW6: =$AA$6*DY6 -> 0 | HX6: =$AB$6*DZ6 -> 0 | HY6: =$AC$6*EA6 -> 0 | HZ6: =$AD$6*EB6 -> 0 | IA6: =$AE$6*EC6 -> 0 | IB6: =$AF$6*ED6 -> 0 | IC6: =$AG$6*EE6 -> 0 | ID6: =$AH$6*EF6 -> 0 | IE6: =$AI$6*EG6 -> 0 | IF6: =$AJ$6*EH6 -> 0 | IH6: Mixed Paper (primarily residential) | II6: =INDEX($EJ$39:$EY$39,MATCH($IH6,$EJ$4:$EY$4,0)) -> 0 | IJ6: =INDEX($FA$39:$FP$39,MATCH($IH6,$FA$4:$FP$4,0)) -> 0 | IK6: =INDEX($FR$39:$GG$39,MATCH($IH6,$FR$4:$GG$4,0)) -> 6656.6149 | IL6: =INDEX($GI$39:$GX$39,MATCH($IH6,$GI$4:$GX$4,0)) -> 5845.5979 | IM6: =INDEX($GZ$39:$HO$39,MATCH($IH6,$GZ$4:$HO$4,0)) -> 0 | IN6: =INDEX($HQ$39:$IF$39,MATCH($IH6,$HQ$4:$IF$4,0)) -> 1025.7995 | IP6: =INDEX($FR$6:$GG$6,MATCH(IH6,$FR$4:$GG$4,0))+INDEX($FR$12:$GG$12,MATCH(IH6,$FR$4:$GG$4,0)) -> 2439.1056 | IQ6: =IK6-IP6 -> 4217.5093
B7: =INDEX('Waste Projections'!$H9:$AL9,MATCH('1.Baseline'!$B$1,'Waste Projections'!$H$6:$AL$6,0)) -> 2837.35 | C7: SEMASS | D7: Bourne IWMS | E7: N/A | F7: 3.5 | G7: Garbage Truck | H7: 0 | I7: =IF(E7="N/A","N/A","Transfer Truck") -> N/A | J7: 15.7 | K7: =IF(D7="N/A","Garbage Truck","Transfer Truck") -> Transfer Truck | L7: =(IF($G7=L$4,$F7,0)+IF($I7=L$4,$H7,0)+IF($K7=L$4,$J7,0))*$B7 -> 9930.725 | M7: =(IF($G7=M$4,$F7,0)+IF($I7=M$4,$H7,0)+IF($K7=M$4,$J7,0))*$B7 -> 44546.395 | N7: =(IF($G7=N$4,$F7,0)+IF($I7=N$4,$H7,0)+IF($K7=N$4,$J7,0))*$B7 -> 0 | O7: =(IF($G7=O$4,$F7,0)+IF($I7=O$4,$H7,0)+IF($K7=O$4,$J7,0))*$B7 -> 0 | P7: =INDEX('Transportation GHG'!$B$21:$B$24,MATCH('1.Baseline'!P$4,'Transportation GHG'!$A$21:$A$24,0))*L7 -> 1.7817248 | Q7: =INDEX('Transportation GHG'!$B$21:$B$24,MATCH('1.Baseline'!Q$4,'Transportation GHG'!$A$21:$A$24,0))*M7 -> 3.9961543 | R7: =INDEX('Transportation GHG'!$B$21:$B$24,MATCH('1.Baseline'!R$4,'Transportation GHG'!$A$21:$A$24,0))*N7 -> 0 | S7: =INDEX('Transportation GHG'!$B$21:$B$24,MATCH('1.Baseline'!S$4,'Transportation GHG'!$A$21:$A$24,0))*O7 -> 0 | U7: =INDEX('Waste Composition'!$P$5:$P$20,MATCH('1.Baseline'!U$4,'Waste Composition'!$O$5:$O$20,0))*$B7 -> 113.494 | V7: =INDEX('Waste Composition'!$P$5:$P$20,MATCH('1.Baseline'!V$4,'Waste Composition'!$O$5:$O$20,0))*$B7 -> 482.3495 | W7: =INDEX('Waste Composition'!$P$5:$P$20,MATCH('1.Baseline'!W$4,'Waste Composition'!$O$5:$O$20,0))*$B7 -> 510.723 | X7: =INDEX('Waste Composition'!$P$5:$P$20,MATCH('1.Baseline'!X$4,'Waste Composition'!$O$5:$O$20,0))*$B7 -> 255.3615 | Y7: =INDEX('Waste Composition'!$P$5:$P$20,MATCH('1.Baseline'!Y$4,'Waste Composition'!$O$5:$O$20,0))*$B7 -> 42.56025 | Z7: =INDEX('Waste Composition'!$P$5:$P$20,MATCH('1.Baseline'!Z$4,'Waste Composition'!$O$5:$O$20,0))*$B7 -> 70.93375 | AA7: =INDEX('Waste Composition'!$P$5:$P$20,MATCH('1.Baseline'!AA$4,'Waste Composition'!$O$5:$O$20,0))*$B7 -> 14.18675 | AB7: =INDEX('Waste Composition'!$P$5:$P$20,MATCH('1.Baseline'!AB$4,'Waste Composition'!$O$5:$O$20,0))*$B7 -> 212.80125 | ... AJ7: =INDEX('Waste Composition'!$P$5:$P$20,MATCH('1.Baseline'!AJ$4,'Waste Composition'!$O$5:$O$20,0))*$B7 -> 226.988 | AL7: 0 | AM7: 0 | AN7: 0 | AO7: 0 | AP7: 0 | AQ7: 0 | AR7: 0 | AS7: 0 | AT7: 0 | AU7: 0 | AV7: 0 | AW7: 0 | AX7: 0 | AY7: 0 | AZ7: 0 | BA7: 0 | BC7: 0 | BD7: 0 | BE7: 0 | BF7: 0 | BG7: 0 | BH7: 0 | BI7: 0 | BJ7: 0 | BK7: 0 | BL7: 0 | BM7: 0 | BN7: 0 | BO7: 0 | BP7: 0 | BQ7: 0 | BR7: 0 | BT7: 0 | BU7: 0 | BV7: 0 | BW7: 0 | BX7: 0 | BY7: 0 | BZ7: 0 | CA7: 0 | CB7: 0 | CC7: 0 | CD7: 0 | CE7: 0 | CF7: 0 | CG7: 0 | CH7: 0 | CI7: 0 | CK7: 1 | CL7: 1 | CM7: 1 | CN7: 1 | CO7: 1 | CP7: 1 | CQ7: 1 | CR7: 1 | CS7: 1 | CT7: 1 | CU7: 1 | CV7: 1 | CW7: 1 | CX7: 1 | CY7: 1 | CZ7: 1 | DB7: 0 | DC7: 0 | DD7: 0 | DE7: 0 | DF7: 0 | DG7: 0 | DH7: 0 | DI7: 0 | DJ7: 0 | DK7: 0 | DL7: 0 | DM7: 0 | DN7: 0 | DO7: 0 | DP7: 0 | DQ7: 0 | DS7: 0 | DT7: 0 | DU7: 0 | DV7: 0 | DW7: 0 | DX7: 0 | DY7: 0 | DZ7: 0 | EA7: 0 | EB7: 0 | EC7: 0 | ED7: 0 | EE7: 0 | EF7: 0 | EG7: 0 | EH7: 0 | EJ7: =$U$7*AL7 -> 0 | EK7: =$V$7*AM7 -> 0 | EL7: =$W$7*AN7 -> 0 | EM7: =$X$7*AO7 -> 0 | EN7: =$Y$7*AP7 -> 0 | EO7: =$Z$7*AQ7 -> 0 | EP7: =$AA$7*AR7 -> 0 | EQ7: =$AB$7*AS7 -> 0 | ER7: =$AC$7*AT7 -> 0 | ES7: =$AD$7*AU7 -> 0 | ET7: =$AE$7*AV7 -> 0 | EU7: =$AF$7*AW7 -> 0 | EV7: =$AG$7*AX7 -> 0 | EW7: =$AH$7*AY7 -> 0 | EX7: =$AI$7*AZ7 -> 0 | EY7: =$AJ$7*BA7 -> 0 | FA7: =$U$7*BC7 -> 0 | FB7: =$V$7*BD7 -> 0 | FC7: =$W$7*BE7 -> 0 | FD7: =$X$7*BF7 -> 0 | FE7: =$Y$7*BG7 -> 0 | FF7: =$Z$7*BH7 -> 0 | FG7: =$AA$7*BI7 -> 0 | FH7: =$AB$7*BJ7 -> 0 | FI7: =$AC$7*BK7 -> 0 | FJ7: =$AD$7*BL7 -> 0 | FK7: =$AE$7*BM7 -> 0 | FL7: =$AF$7*BN7 -> 0 | FM7: =$AG$7*BO7 -> 0 | FN7: =$AH$7*BP7 -> 0 | FO7: =$AI$7*BQ7 -> 0 | FP7: =$AJ$7*BR7 -> 0 | FR7: =$U$7*BT7 -> 0 | FS7: =$V$7*BU7 -> 0 | FT7: =$W$7*BV7 -> 0 | FU7: =$X$7*BW7 -> 0 | FV7: =$Y$7*BX7 -> 0 | FW7: =$Z$7*BY7 -> 0 | FX7: =$AA$7*BZ7 -> 0 | FY7: =$AB$7*CA7 -> 0 | FZ7: =$AC$7*CB7 -> 0 | GA7: =$AD$7*CC7 -> 0 | GB7: =$AE$7*CD7 -> 0 | GC7: =$AF$7*CE7 -> 0 | GD7: =$AG$7*CF7 -> 0 | GE7: =$AH$7*CG7 -> 0 | GF7: =$AI$7*CH7 -> 0 | GG7: =$AJ$7*CI7 -> 0 | GI7: =$U$7*CK7 -> 113.494 | GJ7: =$V$7*CL7 -> 482.3495 | GK7: =$W$7*CM7 -> 510.723 | GL7: =$X$7*CN7 -> 255.3615 | GM7: =$Y$7*CO7 -> 42.56025 | GN7: =$Z$7*CP7 -> 70.93375 | GO7: =$AA$7*CQ7 -> 14.18675 | GP7: =$AB$7*CR7 -> 212.80125 | GQ7: =$AC$7*CS7 -> 28.3735 | GR7: =$AD$7*CT7 -> 28.3735 | GS7: =$AE$7*CU7 -> 70.93375 | GT7: =$AF$7*CV7 -> 85.1205 | GU7: =$AG$7*CW7 -> 340.482 | GV7: =$AH$7*CX7 -> 14.18675 | GW7: =$AI$7*CY7 -> 340.482 | GX7: =$AJ$7*CZ7 -> 226.988 | GZ7: =$U$7*DB7 -> 0 | HA7: =$V$7*DC7 -> 0 | HB7: =$W$7*DD7 -> 0 | HC7: =$X$7*DE7 -> 0 | HD7: =$Y$7*DF7 -> 0 | HE7: =$Z$7*DG7 -> 0 | HF7: =$AA$7*DH7 -> 0 | HG7: =$AB$7*DI7 -> 0 | HH7: =$AC$7*DJ7 -> 0 | HI7: =$AD$7*DK7 -> 0 | HJ7: =$AE$7*DL7 -> 0 | HK7: =$AF$7*DM7 -> 0 | HL7: =$AG$7*DN7 -> 0 | HM7: =$AH$7*DO7 -> 0 | HN7: =$AI$7*DP7 -> 0 | HO7: =$AJ$7*DQ7 -> 0 | HQ7: =$U$7*DS7 -> 0 | HR7: =$V$7*DT7 -> 0 | HS7: =$W$7*DU7 -> 0 | HT7: =$X$7*DV7 -> 0 | HU7: =$Y$7*DW7 -> 0 | HV7: =$Z$7*DX7 -> 0 | HW7: =$AA$7*DY7 -> 0 | HX7: =$AB$7*DZ7 -> 0 | HY7: =$AC$7*EA7 -> 0 | HZ7: =$AD$7*EB7 -> 0 | IA7: =$AE$7*EC7 -> 0 | IB7: =$AF$7*ED7 -> 0 | IC7: =$AG$7*EE7 -> 0 | ID7: =$AH$7*EF7 -> 0 | IE7: =$AI$7*EG7 -> 0 | IF7: =$AJ$7*EH7 -> 0 | IH7: Food Waste | II7: =INDEX($EJ$39:$EY$39,MATCH($IH7,$EJ$4:$EY$4,0)) -> 0 | IJ7: =INDEX($FA$39:$FP$39,MATCH($IH7,$FA$4:$FP$4,0)) -> 0 | IK7: =INDEX($FR$39:$GG$39,MATCH($IH7,$FR$4:$GG$4,0)) -> 7048.1805 | IL7: =INDEX($GI$39:$GX$39,MATCH($IH7,$GI$4:$GX$4,0)) -> 6189.4566 | IM7: =INDEX($GZ$39:$HO$39,MATCH($IH7,$GZ$4:$HO$4,0)) -> 0 | IN7: =INDEX($HQ$39:$IF$39,MATCH($IH7,$HQ$4:$IF$4,0)) -> 2051.5989 | IP7: =INDEX($FR$6:$GG$6,MATCH(IH7,$FR$4:$GG$4,0))+INDEX($FR$12:$GG$12,MATCH(IH7,$FR$4:$GG$4,0)) -> 2582.5824 | IQ7: =IK7-IP7 -> 4465.5981
A8: Brewster | B8: =INDEX('Waste Projections'!$H10:$AL10,MATCH('1.Baseline'!$B$1,'Waste Projections'!$H$6:$AL$6,0)) -> 1130.62 | C8: SEMASS | D8: N/A | E8: N/A | F8: 0 | G8: N/A | H8: 0 | I8: =IF(E8="N/A","N/A","Transfer Truck") -> N/A | J8: 49.5 | K8: Transfer Truck | L8: =(IF($G8=L$4,$F8,0)+IF($I8=L$4,$H8,0)+IF($K8=L$4,$J8,0))*$B8 -> 0 | M8: =(IF($G8=M$4,$F8,0)+IF($I8=M$4,$H8,0)+IF($K8=M$4,$J8,0))*$B8 -> 55965.69 | N8: =(IF($G8=N$4,$F8,0)+IF($I8=N$4,$H8,0)+IF($K8=N$4,$J8,0))*$B8 -> 0 | O8: =(IF($G8=O$4,$F8,0)+IF($I8=O$4,$H8,0)+IF($K8=O$4,$J8,0))*$B8 -> 0 | P8: =INDEX('Transportation GHG'!$B$21:$B$24,MATCH('1.Baseline'!P$4,'Transportation GHG'!$A$21:$A$24,0))*L8 -> 0 | Q8: =INDEX('Transportation GHG'!$B$21:$B$24,MATCH('1.Baseline'!Q$4,'Transportation GHG'!$A$21:$A$24,0))*M8 -> 5.0205529 | R8: =INDEX('Transportation GHG'!$B$21:$B$24,MATCH('1.Baseline'!R$4,'Transportation GHG'!$A$21:$A$24,0))*N8 -> 0 | S8: =INDEX('Transportation GHG'!$B$21:$B$24,MATCH('1.Baseline'!S$4,'Transportation GHG'!$A$21:$A$24,0))*O8 -> 0 | U8: =INDEX('Waste Composition'!$P$5:$P$20,MATCH('1.Baseline'!U$4,'Waste Composition'!$O$5:$O$20,0))*$B8 -> 45.2248 | V8: =INDEX('Waste Composition'!$P$5:$P$20,MATCH('1.Baseline'!V$4,'Waste Composition'!$O$5:$O$20,0))*$B8 -> 192.2054 | W8: =INDEX('Waste Composition'!$P$5:$P$20,MATCH('1.Baseline'!W$4,'Waste Composition'!$O$5:$O$20,0))*$B8 -> 203.5116 | X8: =INDEX('Waste Composition'!$P$5:$P$20,MATCH('1.Baseline'!X$4,'Waste Composition'!$O$5:$O$20,0))*$B8 -> 101.7558 | Y8: =INDEX('Waste Composition'!$P$5:$P$20,MATCH('1.Baseline'!Y$4,'Waste Composition'!$O$5:$O$20,0))*$B8 -> 16.9593 | Z8: =INDEX('Waste Composition'!$P$5:$P$20,MATCH('1.Baseline'!Z$4,'Waste Composition'!$O$5:$O$20,0))*$B8 -> 28.2655 | AA8: =INDEX('Waste Composition'!$P$5:$P$20,MATCH('1.Baseline'!AA$4,'Waste Composition'!$O$5:$O$20,0))*$B8 -> 5.6531 | AB8: =INDEX('Waste Composition'!$P$5:$P$20,MATCH('1.Baseline'!AB$4,'Waste Composition'!$O$5:$O$20,0))*$B8 -> 84.7965 | ... AJ8: =INDEX('Waste Composition'!$P$5:$P$20,MATCH('1.Baseline'!AJ$4,'Waste Composition'!$O$5:$O$20,0))*$B8 -> 90.4496 | AL8: 0 | AM8: 0 | AN8: 0 | AO8: 0 | AP8: 0 | AQ8: 0 | AR8: 0 | AS8: 0 | AT8: 0 | AU8: 0 | AV8: 0 | AW8: 0 | AX8: 0 | AY8: 0 | AZ8: 0 | BA8: 0 | BC8: 0 | BD8: 0 | BE8: 0 | BF8: 0 | BG8: 0 | BH8: 0 | BI8: 0 | BJ8: 0 | BK8: 0 | BL8: 0 | BM8: 0 | BN8: 0 | BO8: 0 | BP8: 0 | BQ8: 0 | BR8: 0 | BT8: 0 | BU8: 0 | BV8: 0 | BW8: 0 | BX8: 0 | BY8: 0 | BZ8: 0 | CA8: 0 | CB8: 0 | CC8: 0 | CD8: 0 | CE8: 0 | CF8: 0 | CG8: 0 | CH8: 0 | CI8: 0 | CK8: 1 | CL8: 1 | CM8: 1 | CN8: 1 | CO8: 1 | CP8: 1 | CQ8: 1 | CR8: 1 | CS8: 1 | CT8: 1 | CU8: 1 | CV8: 1 | CW8: 1 | CX8: 1 | CY8: 1 | CZ8: 1 | DB8: 0 | DC8: 0 | DD8: 0 | DE8: 0 | DF8: 0 | DG8: 0 | DH8: 0 | DI8: 0 | DJ8: 0 | DK8: 0 | DL8: 0 | DM8: 0 | DN8: 0 | DO8: 0 | DP8: 0 | DQ8: 0 | DS8: 0 | DT8: 0 | DU8: 0 | DV8: 0 | DW8: 0 | DX8: 0 | DY8: 0 | DZ8: 0 | EA8: 0 | EB8: 0 | EC8: 0 | ED8: 0 | EE8: 0 | EF8: 0 | EG8: 0 | EH8: 0 | EJ8: =$U$8*AL8 -> 0 | EK8: =$V$8*AM8 -> 0 | EL8: =$W$8*AN8 -> 0 | EM8: =$X$8*AO8 -> 0 | EN8: =$Y$8*AP8 -> 0 | EO8: =$Z$8*AQ8 -> 0 | EP8: =$AA$8*AR8 -> 0 | EQ8: =$AB$8*AS8 -> 0 | ER8: =$AC$8*AT8 -> 0 | ES8: =$AD$8*AU8 -> 0 | ET8: =$AE$8*AV8 -> 0 | EU8: =$AF$8*AW8 -> 0 | EV8: =$AG$8*AX8 -> 0 | EW8: =$AH$8*AY8 -> 0 | EX8: =$AI$8*AZ8 -> 0 | EY8: =$AJ$8*BA8 -> 0 | FA8: =$U$8*BC8 -> 0 | FB8: =$V$8*BD8 -> 0 | FC8: =$W$8*BE8 -> 0 | FD8: =$X$8*BF8 -> 0 | FE8: =$Y$8*BG8 -> 0 | FF8: =$Z$8*BH8 -> 0 | FG8: =$AA$8*BI8 -> 0 | FH8: =$AB$8*BJ8 -> 0 | FI8: =$AC$8*BK8 -> 0 | FJ8: =$AD$8*BL8 -> 0 | FK8: =$AE$8*BM8 -> 0 | FL8: =$AF$8*BN8 -> 0 | FM8: =$AG$8*BO8 -> 0 | FN8: =$AH$8*BP8 -> 0 | FO8: =$AI$8*BQ8 -> 0 | FP8: =$AJ$8*BR8 -> 0 | FR8: =$U$8*BT8 -> 0 | FS8: =$V$8*BU8 -> 0 | FT8: =$W$8*BV8 -> 0 | FU8: =$X$8*BW8 -> 0 | FV8: =$Y$8*BX8 -> 0 | FW8: =$Z$8*BY8 -> 0 | FX8: =$AA$8*BZ8 -> 0 | FY8: =$AB$8*CA8 -> 0 | FZ8: =$AC$8*CB8 -> 0 | GA8: =$AD$8*CC8 -> 0 | GB8: =$AE$8*CD8 -> 0 | GC8: =$AF$8*CE8 -> 0 | GD8: =$AG$8*CF8 -> 0 | GE8: =$AH$8*CG8 -> 0 | GF8: =$AI$8*CH8 -> 0 | GG8: =$AJ$8*CI8 -> 0 | GI8: =$U$8*CK8 -> 45.2248 | GJ8: =$V$8*CL8 -> 192.2054 | GK8: =$W$8*CM8 -> 203.5116 | GL8: =$X$8*CN8 -> 101.7558 | GM8: =$Y$8*CO8 -> 16.9593 | GN8: =$Z$8*CP8 -> 28.2655 | GO8: =$AA$8*CQ8 -> 5.6531 | GP8: =$AB$8*CR8 -> 84.7965 | GQ8: =$AC$8*CS8 -> 11.3062 | GR8: =$AD$8*CT8 -> 11.3062 | GS8: =$AE$8*CU8 -> 28.2655 | GT8: =$AF$8*CV8 -> 33.9186 | GU8: =$AG$8*CW8 -> 135.6744 | GV8: =$AH$8*CX8 -> 5.6531 | GW8: =$AI$8*CY8 -> 135.6744 | GX8: =$AJ$8*CZ8 -> 90.4496 | GZ8: =$U$8*DB8 -> 0 | HA8: =$V$8*DC8 -> 0 | HB8: =$W$8*DD8 -> 0 | HC8: =$X$8*DE8 -> 0 | HD8: =$Y$8*DF8 -> 0 | HE8: =$Z$8*DG8 -> 0 | HF8: =$AA$8*DH8 -> 0 | HG8: =$AB$8*DI8 -> 0 | HH8: =$AC$8*DJ8 -> 0 | HI8: =$AD$8*DK8 -> 0 | HJ8: =$AE$8*DL8 -> 0 | HK8: =$AF$8*DM8 -> 0 | HL8: =$AG$8*DN8 -> 0 | HM8: =$AH$8*DO8 -> 0 | HN8: =$AI$8*DP8 -> 0 | HO8: =$AJ$8*DQ8 -> 0 | HQ8: =$U$8*DS8 -> 0 | HR8: =$V$8*DT8 -> 0 | HS8: =$W$8*DU8 -> 0 | HT8: =$X$8*DV8 -> 0 | HU8: =$Y$8*DW8 -> 0 | HV8: =$Z$8*DX8 -> 0 | HW8: =$AA$8*DY8 -> 0 | HX8: =$AB$8*DZ8 -> 0 | HY8: =$AC$8*EA8 -> 0 | HZ8: =$AD$8*EB8 -> 0 | IA8: =$AE$8*EC8 -> 0 | IB8: =$AF$8*ED8 -> 0 | IC8: =$AG$8*EE8 -> 0 | ID8: =$AH$8*EF8 -> 0 | IE8: =$AI$8*EG8 -> 0 | IF8: =$AJ$8*EH8 -> 0 | IH8: Yard Trimmings | II8: =INDEX($EJ$39:$EY$39,MATCH($IH8,$EJ$4:$EY$4,0)) -> 0 | IJ8: =INDEX($FA$39:$FP$39,MATCH($IH8,$FA$4:$FP$4,0)) -> 0 | IK8: =INDEX($FR$39:$GG$39,MATCH($IH8,$FR$4:$GG$4,0)) -> 3524.0902 | IL8: =INDEX($GI$39:$GX$39,MATCH($IH8,$GI$4:$GX$4,0)) -> 3094.7283 | IM8: =INDEX($GZ$39:$HO$39,MATCH($IH8,$GZ$4:$HO$4,0)) -> 0 | IN8: =INDEX($HQ$39:$IF$39,MATCH($IH8,$HQ$4:$IF$4,0)) -> 1025.7995 | IP8: =INDEX($FR$6:$GG$6,MATCH(IH8,$FR$4:$GG$4,0))+INDEX($FR$12:$GG$12,MATCH(IH8,$FR$4:$GG$4,0)) -> 1291.2912 | IQ8: =IK8-IP8 -> 2232.799
A9: Chatham | B9: =INDEX('Waste Projections'!$H11:$AL11,MATCH('1.Baseline'!$B$1,'Waste Projections'!$H$6:$AL$6,0)) -> 5139.54 | C9: SEMASS | D9: N/A | E9: N/A | F9: 0 | G9: N/A | H9: 0 | I9: =IF(E9="N/A","N/A","Transfer Truck") -> N/A | J9: 52.6 | K9: Transfer Truck | L9: =(IF($G9=L$4,$F9,0)+IF($I9=L$4,$H9,0)+IF($K9=L$4,$J9,0))*$B9 -> 0 | M9: =(IF($G9=M$4,$F9,0)+IF($I9=M$4,$H9,0)+IF($K9=M$4,$J9,0))*$B9 -> 270339.8 | N9: =(IF($G9=N$4,$F9,0)+IF($I9=N$4,$H9,0)+IF($K9=N$4,$J9,0))*$B9 -> 0 | O9: =(IF($G9=O$4,$F9,0)+IF($I9=O$4,$H9,0)+IF($K9=O$4,$J9,0))*$B9 -> 0 | P9: =INDEX('Transportation GHG'!$B$21:$B$24,MATCH('1.Baseline'!P$4,'Transportation GHG'!$A$21:$A$24,0))*L9 -> 0 | Q9: =INDEX('Transportation GHG'!$B$21:$B$24,MATCH('1.Baseline'!Q$4,'Transportation GHG'!$A$21:$A$24,0))*M9 -> 24.25156 | R9: =INDEX('Transportation GHG'!$B$21:$B$24,MATCH('1.Baseline'!R$4,'Transportation GHG'!$A$21:$A$24,0))*N9 -> 0 | S9: =INDEX('Transportation GHG'!$B$21:$B$24,MATCH('1.Baseline'!S$4,'Transportation GHG'!$A$21:$A$24,0))*O9 -> 0 | U9: =INDEX('Waste Composition'!$P$5:$P$20,MATCH('1.Baseline'!U$4,'Waste Composition'!$O$5:$O$20,0))*$B9 -> 205.5816 | V9: =INDEX('Waste Composition'!$P$5:$P$20,MATCH('1.Baseline'!V$4,'Waste Composition'!$O$5:$O$20,0))*$B9 -> 873.7218 | W9: =INDEX('Waste Composition'!$P$5:$P$20,MATCH('1.Baseline'!W$4,'Waste Composition'!$O$5:$O$20,0))*$B9 -> 925.1172 | X9: =INDEX('Waste Composition'!$P$5:$P$20,MATCH('1.Baseline'!X$4,'Waste Composition'!$O$5:$O$20,0))*$B9 -> 462.5586 | Y9: =INDEX('Waste Composition'!$P$5:$P$20,MATCH('1.Baseline'!Y$4,'Waste Composition'!$O$5:$O$20,0))*$B9 -> 77.0931 | Z9: =INDEX('Waste Composition'!$P$5:$P$20,MATCH('1.Baseline'!Z$4,'Waste Composition'!$O$5:$O$20,0))*$B9 -> 128.4885 | AA9: =INDEX('Waste Composition'!$P$5:$P$20,MATCH('1.Baseline'!AA$4,'Waste Composition'!$O$5:$O$20,0))*$B9 -> 25.6977 | AB9: =INDEX('Waste Composition'!$P$5:$P$20,MATCH('1.Baseline'!AB$4,'Waste Composition'!$O$5:$O$20,0))*$B9 -> 385.4655 | ... AJ9: =INDEX('Waste Composition'!$P$5:$P$20,MATCH('1.Baseline'!AJ$4,'Waste Composition'!$O$5:$O$20,0))*$B9 -> 411.1632 | AL9: 0 | AM9: 0 | AN9: 0 | AO9: 0 | AP9: 0 | AQ9: 0 | AR9: 0 | AS9: 0 | AT9: 0 | AU9: 0 | AV9: 0 | AW9: 0 | AX9: 0 | AY9: 0 | AZ9: 0 | BA9: 0 | BC9: 0 | BD9: 0 | BE9: 0 | BF9: 0 | BG9: 0 | BH9: 0 | BI9: 0 | BJ9: 0 | BK9: 0 | BL9: 0 | BM9: 0 | BN9: 0 | BO9: 0 | BP9: 0 | BQ9: 0 | BR9: 0 | BT9: 0 | BU9: 0 | BV9: 0 | BW9: 0 | BX9: 0 | BY9: 0 | BZ9: 0 | CA9: 0 | CB9: 0 | CC9: 0 | CD9: 0 | CE9: 0 | CF9: 0 | CG9: 0 | CH9: 0 | CI9: 0 | CK9: 1 | CL9: 1 | CM9: 1 | CN9: 1 | CO9: 1 | CP9: 1 | CQ9: 1 | CR9: 1 | CS9: 1 | CT9: 1 | CU9: 1 | CV9: 1 | CW9: 1 | CX9: 1 | CY9: 1 | CZ9: 1 | DB9: 0 | DC9: 0 | DD9: 0 | DE9: 0 | DF9: 0 | DG9: 0 | DH9: 0 | DI9: 0 | DJ9: 0 | DK9: 0 | DL9: 0 | DM9: 0 | DN9: 0 | DO9: 0 | DP9: 0 | DQ9: 0 | DS9: 0 | DT9: 0 | DU9: 0 | DV9: 0 | DW9: 0 | DX9: 0 | DY9: 0 | DZ9: 0 | EA9: 0 | EB9: 0 | EC9: 0 | ED9: 0 | EE9: 0 | EF9: 0 | EG9: 0 | EH9: 0 | EJ9: =$U$9*AL9 -> 0 | EK9: =$V$9*AM9 -> 0 | EL9: =$W$9*AN9 -> 0 | EM9: =$X$9*AO9 -> 0 | EN9: =$Y$9*AP9 -> 0 | EO9: =$Z$9*AQ9 -> 0 | EP9: =$AA$9*AR9 -> 0 | EQ9: =$AB$9*AS9 -> 0 | ER9: =$AC$9*AT9 -> 0 | ES9: =$AD$9*AU9 -> 0 | ET9: =$AE$9*AV9 -> 0 | EU9: =$AF$9*AW9 -> 0 | EV9: =$AG$9*AX9 -> 0 | EW9: =$AH$9*AY9 -> 0 | EX9: =$AI$9*AZ9 -> 0 | EY9: =$AJ$9*BA9 -> 0 | FA9: =$U$9*BC9 -> 0 | FB9: =$V$9*BD9 -> 0 | FC9: =$W$9*BE9 -> 0 | FD9: =$X$9*BF9 -> 0 | FE9: =$Y$9*BG9 -> 0 | FF9: =$Z$9*BH9 -> 0 | FG9: =$AA$9*BI9 -> 0 | FH9: =$AB$9*BJ9 -> 0 | FI9: =$AC$9*BK9 -> 0 | FJ9: =$AD$9*BL9 -> 0 | FK9: =$AE$9*BM9 -> 0 | FL9: =$AF$9*BN9 -> 0 | FM9: =$AG$9*BO9 -> 0 | FN9: =$AH$9*BP9 -> 0 | FO9: =$AI$9*BQ9 -> 0 | FP9: =$AJ$9*BR9 -> 0 | FR9: =$U$9*BT9 -> 0 | FS9: =$V$9*BU9 -> 0 | FT9: =$W$9*BV9 -> 0 | FU9: =$X$9*BW9 -> 0 | FV9: =$Y$9*BX9 -> 0 | FW9: =$Z$9*BY9 -> 0 | FX9: =$AA$9*BZ9 -> 0 | FY9: =$AB$9*CA9 -> 0 | FZ9: =$AC$9*CB9 -> 0 | GA9: =$AD$9*CC9 -> 0 | GB9: =$AE$9*CD9 -> 0 | GC9: =$AF$9*CE9 -> 0 | GD9: =$AG$9*CF9 -> 0 | GE9: =$AH$9*CG9 -> 0 | GF9: =$AI$9*CH9 -> 0 | GG9: =$AJ$9*CI9 -> 0 | GI9: =$U$9*CK9 -> 205.5816 | GJ9: =$V$9*CL9 -> 873.7218 | GK9: =$W$9*CM9 -> 925.1172 | GL9: =$X$9*CN9 -> 462.5586 | GM9: =$Y$9*CO9 -> 77.0931 | GN9: =$Z$9*CP9 -> 128.4885 | GO9: =$AA$9*CQ9 -> 25.6977 | GP9: =$AB$9*CR9 -> 385.4655 | GQ9: =$AC$9*CS9 -> 51.3954 | GR9: =$AD$9*CT9 -> 51.3954 | GS9: =$AE$9*CU9 -> 128.4885 | GT9: =$AF$9*CV9 -> 154.1862 | GU9: =$AG$9*CW9 -> 616.7448 | GV9: =$AH$9*CX9 -> 25.6977 | GW9: =$AI$9*CY9 -> 616.7448 | GX9: =$AJ$9*CZ9 -> 411.1632 | GZ9: =$U$9*DB9 -> 0 | HA9: =$V$9*DC9 -> 0 | HB9: =$W$9*DD9 -> 0 | HC9: =$X$9*DE9 -> 0 | HD9: =$Y$9*DF9 -> 0 | HE9: =$Z$9*DG9 -> 0 | HF9: =$AA$9*DH9 -> 0 | HG9: =$AB$9*DI9 -> 0 | HH9: =$AC$9*DJ9 -> 0 | HI9: =$AD$9*DK9 -> 0 | HJ9: =$AE$9*DL9 -> 0 | HK9: =$AF$9*DM9 -> 0 | HL9: =$AG$9*DN9 -> 0 | HM9: =$AH$9*DO9 -> 0 | HN9: =$AI$9*DP9 -> 0 | HO9: =$AJ$9*DQ9 -> 0 | HQ9: =$U$9*DS9 -> 0 | HR9: =$V$9*DT9 -> 0 | HS9: =$W$9*DU9 -> 0 | HT9: =$X$9*DV9 -> 0 | HU9: =$Y$9*DW9 -> 0 | HV9: =$Z$9*DX9 -> 0 | HW9: =$AA$9*DY9 -> 0 | HX9: =$AB$9*DZ9 -> 0 | HY9: =$AC$9*EA9 -> 0 | HZ9: =$AD$9*EB9 -> 0 | IA9: =$AE$9*EC9 -> 0 | IB9: =$AF$9*ED9 -> 0 | IC9: =$AG$9*EE9 -> 0 | ID9: =$AH$9*EF9 -> 0 | IE9: =$AI$9*EG9 -> 0 | IF9: =$AJ$9*EH9 -> 0 | IH9: HDPE | II9: =INDEX($EJ$39:$EY$39,MATCH($IH9,$EJ$4:$EY$4,0)) -> 0 | IJ9: =INDEX($FA$39:$FP$39,MATCH($IH9,$FA$4:$FP$4,0)) -> 0 | IK9: =INDEX($FR$39:$GG$39,MATCH($IH9,$FR$4:$GG$4,0)) -> 587.34837 | IL9: =INDEX($GI$39:$GX$39,MATCH($IH9,$GI$4:$GX$4,0)) -> 515.78805 | IM9: =INDEX($GZ$39:$HO$39,MATCH($IH9,$GZ$4:$HO$4,0)) -> 0 | IN9: =INDEX($HQ$39:$IF$39,MATCH($IH9,$HQ$4:$IF$4,0)) -> 0 | IP9: =INDEX($FR$6:$GG$6,MATCH(IH9,$FR$4:$GG$4,0))+INDEX($FR$12:$GG$12,MATCH(IH9,$FR$4:$GG$4,0)) -> 215.2152 | IQ9: =IK9-IP9 -> 372.13317
A10: Dennis | B10: =INDEX('Waste Projections'!$H12:$AL12,MATCH('1.Baseline'!$B$1,'Waste Projections'!$H$6:$AL$6,0)) -> 3769 | C10: SEMASS | D10: Yarmouth RTS | E10: N/A | F10: 5.3 | G10: Transfer Truck | H10: 0 | I10: =IF(E10="N/A","N/A","Transfer Truck") -> N/A | J10: 39.2 | K10: Rail | L10: =(IF($G10=L$4,$F10,0)+IF($I10=L$4,$H10,0)+IF($K10=L$4,$J10,0))*$B10 -> 0 | M10: =(IF($G10=M$4,$F10,0)+IF($I10=M$4,$H10,0)+IF($K10=M$4,$J10,0))*$B10 -> 19975.7 | N10: =(IF($G10=N$4,$F10,0)+IF($I10=N$4,$H10,0)+IF($K10=N$4,$J10,0))*$B10 -> 0 | O10: =(IF($G10=O$4,$F10,0)+IF($I10=O$4,$H10,0)+IF($K10=O$4,$J10,0))*$B10 -> 147744.8 | P10: =INDEX('Transportation GHG'!$B$21:$B$24,MATCH('1.Baseline'!P$4,'Transportation GHG'!$A$21:$A$24,0))*L10 -> 0 | Q10: =INDEX('Transportation GHG'!$B$21:$B$24,MATCH('1.Baseline'!Q$4,'Transportation GHG'!$A$21:$A$24,0))*M10 -> 1.7919739 | R10: =INDEX('Transportation GHG'!$B$21:$B$24,MATCH('1.Baseline'!R$4,'Transportation GHG'!$A$21:$A$24,0))*N10 -> 0 | S10: =INDEX('Transportation GHG'!$B$21:$B$24,MATCH('1.Baseline'!S$4,'Transportation GHG'!$A$21:$A$24,0))*O10 -> 3.5020322 | U10: =INDEX('Waste Composition'!$P$5:$P$20,MATCH('1.Baseline'!U$4,'Waste Composition'!$O$5:$O$20,0))*$B10 -> 150.76 | V10: =INDEX('Waste Composition'!$P$5:$P$20,MATCH('1.Baseline'!V$4,'Waste Composition'!$O$5:$O$20,0))*$B10 -> 640.73 | W10: =INDEX('Waste Composition'!$P$5:$P$20,MATCH('1.Baseline'!W$4,'Waste Composition'!$O$5:$O$20,0))*$B10 -> 678.42 | X10: =INDEX('Waste Composition'!$P$5:$P$20,MATCH('1.Baseline'!X$4,'Waste Composition'!$O$5:$O$20,0))*$B10 -> 339.21 | Y10: =INDEX('Waste Composition'!$P$5:$P$20,MATCH('1.Baseline'!Y$4,'Waste Composition'!$O$5:$O$20,0))*$B10 -> 56.535 | Z10: =INDEX('Waste Composition'!$P$5:$P$20,MATCH('1.Baseline'!Z$4,'Waste Composition'!$O$5:$O$20,0))*$B10 -> 94.225 | AA10: =INDEX('Waste Composition'!$P$5:$P$20,MATCH('1.Baseline'!AA$4,'Waste Composition'!$O$5:$O$20,0))*$B10 -> 18.845 | AB10: =INDEX('Waste Composition'!$P$5:$P$20,MATCH('1.Baseline'!AB$4,'Waste Composition'!$O$5:$O$20,0))*$B10 -> 282.675 | ... AJ10: =INDEX('Waste Composition'!$P$5:$P$20,MATCH('1.Baseline'!AJ$4,'Waste Composition'!$O$5:$O$20,0))*$B10 -> 301.52 | AL10: 0 | AM10: 0 | AN10: 0 | AO10: 0 | AP10: 0 | AQ10: 0 | AR10: 0 | AS10: 0 | AT10: 0 | AU10: 0 | AV10: 0 | AW10: 0 | AX10: 0 | AY10: 0 | AZ10: 0 | BA10: 0 | BC10: 0 | BD10: 0 | BE10: 0 | BF10: 0 | BG10: 0 | BH10: 0 | BI10: 0 | BJ10: 0 | BK10: 0 | BL10: 0 | BM10: 0 | BN10: 0 | BO10: 0 | BP10: 0 | BQ10: 0 | BR10: 0 | BT10: 0 | BU10: 0 | BV10: 0 | BW10: 0 | BX10: 0 | BY10: 0 | BZ10: 0 | CA10: 0 | CB10: 0 | CC10: 0 | CD10: 0 | CE10: 0 | CF10: 0 | CG10: 0 | CH10: 0 | CI10: 0 | CK10: 1 | CL10: 1 | CM10: 1 | CN10: 1 | CO10: 1 | CP10: 1 | CQ10: 1 | CR10: 1 | CS10: 1 | CT10: 1 | CU10: 1 | CV10: 1 | CW10: 1 | CX10: 1 | CY10: 1 | CZ10: 1 | DB10: 0 | DC10: 0 | DD10: 0 | DE10: 0 | DF10: 0 | DG10: 0 | DH10: 0 | DI10: 0 | DJ10: 0 | DK10: 0 | DL10: 0 | DM10: 0 | DN10: 0 | DO10: 0 | DP10: 0 | DQ10: 0 | DS10: 0 | DT10: 0 | DU10: 0 | DV10: 0 | DW10: 0 | DX10: 0 | DY10: 0 | DZ10: 0 | EA10: 0 | EB10: 0 | EC10: 0 | ED10: 0 | EE10: 0 | EF10: 0 | EG10: 0 | EH10: 0 | EJ10: =$U$10*AL10 -> 0 | EK10: =$V$10*AM10 -> 0 | EL10: =$W$10*AN10 -> 0 | EM10: =$X$10*AO10 -> 0 | EN10: =$Y$10*AP10 -> 0 | EO10: =$Z$10*AQ10 -> 0 | EP10: =$AA$10*AR10 -> 0 | EQ10: =$AB$10*AS10 -> 0 | ER10: =$AC$10*AT10 -> 0 | ES10: =$AD$10*AU10 -> 0 | ET10: =$AE$10*AV10 -> 0 | EU10: =$AF$10*AW10 -> 0 | EV10: =$AG$10*AX10 -> 0 | EW10: =$AH$10*AY10 -> 0 | EX10: =$AI$10*AZ10 -> 0 | EY10: =$AJ$10*BA10 -> 0 | FA10: =$U$10*BC10 -> 0 | FB10: =$V$10*BD10 -> 0 | FC10: =$W$10*BE10 -> 0 | FD10: =$X$10*BF10 -> 0 | FE10: =$Y$10*BG10 -> 0 | FF10: =$Z$10*BH10 -> 0 | FG10: =$AA$10*BI10 -> 0 | FH10: =$AB$10*BJ10 -> 0 | FI10: =$AC$10*BK10 -> 0 | FJ10: =$AD$10*BL10 -> 0 | FK10: =$AE$10*BM10 -> 0 | FL10: =$AF$10*BN10 -> 0 | FM10: =$AG$10*BO10 -> 0 | FN10: =$AH$10*BP10 -> 0 | FO10: =$AI$10*BQ10 -> 0 | FP10: =$AJ$10*BR10 -> 0 | FR10: =$U$10*BT10 -> 0 | FS10: =$V$10*BU10 -> 0 | FT10: =$W$10*BV10 -> 0 | FU10: =$X$10*BW10 -> 0 | FV10: =$Y$10*BX10 -> 0 | FW10: =$Z$10*BY10 -> 0 | FX10: =$AA$10*BZ10 -> 0 | FY10: =$AB$10*CA10 -> 0 | FZ10: =$AC$10*CB10 -> 0 | GA10: =$AD$10*CC10 -> 0 | GB10: =$AE$10*CD10 -> 0 | GC10: =$AF$10*CE10 -> 0 | GD10: =$AG$10*CF10 -> 0 | GE10: =$AH$10*CG10 -> 0 | GF10: =$AI$10*CH10 -> 0 | GG10: =$AJ$10*CI10 -> 0 | GI10: =$U$10*CK10 -> 150.76 | GJ10: =$V$10*CL10 -> 640.73 | GK10: =$W$10*CM10 -> 678.42 | GL10: =$X$10*CN10 -> 339.21 | GM10: =$Y$10*CO10 -> 56.535 | GN10: =$Z$10*CP10 -> 94.225 | GO10: =$AA$10*CQ10 -> 18.845 | GP10: =$AB$10*CR10 -> 282.675 | GQ10: =$AC$10*CS10 -> 37.69 | GR10: =$AD$10*CT10 -> 37.69 | GS10: =$AE$10*CU10 -> 94.225 | GT10: =$AF$10*CV10 -> 113.07 | GU10: =$AG$10*CW10 -> 452.28 | GV10: =$AH$10*CX10 -> 18.845 | GW10: =$AI$10*CY10 -> 452.28 | GX10: =$AJ$10*CZ10 -> 301.52 | GZ10: =$U$10*DB10 -> 0 | HA10: =$V$10*DC10 -> 0 | HB10: =$W$10*DD10 -> 0 | HC10: =$X$10*DE10 -> 0 | HD10: =$Y$10*DF10 -> 0 | HE10: =$Z$10*DG10 -> 0 | HF10: =$AA$10*DH10 -> 0 | HG10: =$AB$10*DI10 -> 0 | HH10: =$AC$10*DJ10 -> 0 | HI10: =$AD$10*DK10 -> 0 | HJ10: =$AE$10*DL10 -> 0 | HK10: =$AF$10*DM10 -> 0 | HL10: =$AG$10*DN10 -> 0 | HM10: =$AH$10*DO10 -> 0 | HN10: =$AI$10*DP10 -> 0 | HO10: =$AJ$10*DQ10 -> 0 | HQ10: =$U$10*DS10 -> 0 | HR10: =$V$10*DT10 -> 0 | HS10: =$W$10*DU10 -> 0 | HT10: =$X$10*DV10 -> 0 | HU10: =$Y$10*DW10 -> 0 | HV10: =$Z$10*DX10 -> 0 | HW10: =$AA$10*DY10 -> 0 | HX10: =$AB$10*DZ10 -> 0 | HY10: =$AC$10*EA10 -> 0 | HZ10: =$AD$10*EB10 -> 0 | IA10: =$AE$10*EC10 -> 0 | IB10: =$AF$10*ED10 -> 0 | IC10: =$AG$10*EE10 -> 0 | ID10: =$AH$10*EF10 -> 0 | IE10: =$AI$10*EG10 -> 0 | IF10: =$AJ$10*EH10 -> 0 | IH10: PET | II10: =INDEX($EJ$39:$EY$39,MATCH($IH10,$EJ$4:$EY$4,0)) -> 0 | IJ10: =INDEX($FA$39:$FP$39,MATCH($IH10,$FA$4:$FP$4,0)) -> 0 | IK10: =INDEX($FR$39:$GG$39,MATCH($IH10,$FR$4:$GG$4,0)) -> 978.91396 | IL10: =INDEX($GI$39:$GX$39,MATCH($IH10,$GI$4:$GX$4,0)) -> 859.64675 | IM10: =INDEX($GZ$39:$HO$39,MATCH($IH10,$GZ$4:$HO$4,0)) -> 0 | IN10: =INDEX($HQ$39:$IF$39,MATCH($IH10,$HQ$4:$IF$4,0)) -> 0 | IP10: =INDEX($FR$6:$GG$6,MATCH(IH10,$FR$4:$GG$4,0))+INDEX($FR$12:$GG$12,MATCH(IH10,$FR$4:$GG$4,0)) -> 358.692 | IQ10: =IK10-IP10 -> 620.22196
A11: Eastham | B11: =INDEX('Waste Projections'!$H13:$AL13,MATCH('1.Baseline'!$B$1,'Waste Projections'!$H$6:$AL$6,0)) -> 3570.38 | C11: SEMASS | D11: N/A | E11: N/A | F11: 0 | G11: N/A | H11: 0 | I11: =IF(E11="N/A","N/A","Transfer Truck") -> N/A | J11: 56.9 | K11: Transfer Truck | L11: =(IF($G11=L$4,$F11,0)+IF($I11=L$4,$H11,0)+IF($K11=L$4,$J11,0))*$B11 -> 0 | M11: =(IF($G11=M$4,$F11,0)+IF($I11=M$4,$H11,0)+IF($K11=M$4,$J11,0))*$B11 -> 203154.62 | N11: =(IF($G11=N$4,$F11,0)+IF($I11=N$4,$H11,0)+IF($K11=N$4,$J11,0))*$B11 -> 0 | O11: =(IF($G11=O$4,$F11,0)+IF($I11=O$4,$H11,0)+IF($K11=O$4,$J11,0))*$B11 -> 0 | P11: =INDEX('Transportation GHG'!$B$21:$B$24,MATCH('1.Baseline'!P$4,'Transportation GHG'!$A$21:$A$24,0))*L11 -> 0 | Q11: =INDEX('Transportation GHG'!$B$21:$B$24,MATCH('1.Baseline'!Q$4,'Transportation GHG'!$A$21:$A$24,0))*M11 -> 18.224532 | R11: =INDEX('Transportation GHG'!$B$21:$B$24,MATCH('1.Baseline'!R$4,'Transportation GHG'!$A$21:$A$24,0))*N11 -> 0 | S11: =INDEX('Transportation GHG'!$B$21:$B$24,MATCH('1.Baseline'!S$4,'Transportation GHG'!$A$21:$A$24,0))*O11 -> 0 | U11: =INDEX('Waste Composition'!$P$5:$P$20,MATCH('1.Baseline'!U$4,'Waste Composition'!$O$5:$O$20,0))*$B11 -> 142.8152 | V11: =INDEX('Waste Composition'!$P$5:$P$20,MATCH('1.Baseline'!V$4,'Waste Composition'!$O$5:$O$20,0))*$B11 -> 606.9646 | W11: =INDEX('Waste Composition'!$P$5:$P$20,MATCH('1.Baseline'!W$4,'Waste Composition'!$O$5:$O$20,0))*$B11 -> 642.6684 | X11: =INDEX('Waste Composition'!$P$5:$P$20,MATCH('1.Baseline'!X$4,'Waste Composition'!$O$5:$O$20,0))*$B11 -> 321.3342 | Y11: =INDEX('Waste Composition'!$P$5:$P$20,MATCH('1.Baseline'!Y$4,'Waste Composition'!$O$5:$O$20,0))*$B11 -> 53.5557 | Z11: =INDEX('Waste Composition'!$P$5:$P$20,MATCH('1.Baseline'!Z$4,'Waste Composition'!$O$5:$O$20,0))*$B11 -> 89.2595 | AA11: =INDEX('Waste Composition'!$P$5:$P$20,MATCH('1.Baseline'!AA$4,'Waste Composition'!$O$5:$O$20,0))*$B11 -> 17.8519 | AB11: =INDEX('Waste Composition'!$P$5:$P$20,MATCH('1.Baseline'!AB$4,'Waste Composition'!$O$5:$O$20,0))*$B11 -> 267.7785 | ... AJ11: =INDEX('Waste Composition'!$P$5:$P$20,MATCH('1.Baseline'!AJ$4,'Waste Composition'!$O$5:$O$20,0))*$B11 -> 285.6304 | AL11: 0 | AM11: 0 | AN11: 0 | AO11: 0 | AP11: 0 | AQ11: 0 | AR11: 0 | AS11: 0 | AT11: 0 | AU11: 0 | AV11: 0 | AW11: 0 | AX11: 0 | AY11: 0 | AZ11: 0 | BA11: 0 | BC11: 0 | BD11: 0 | BE11: 0 | BF11: 0 | BG11: 0 | BH11: 0 | BI11: 0 | BJ11: 0 | BK11: 0 | BL11: 0 | BM11: 0 | BN11: 0 | BO11: 0 | BP11: 0 | BQ11: 0 | BR11: 0 | BT11: 0 | BU11: 0 | BV11: 0 | BW11: 0 | BX11: 0 | BY11: 0 | BZ11: 0 | CA11: 0 | CB11: 0 | CC11: 0 | CD11: 0 | CE11: 0 | CF11: 0 | CG11: 0 | CH11: 0 | CI11: 0 | CK11: 1 | CL11: 1 | CM11: 1 | CN11: 1 | CO11: 1 | CP11: 1 | CQ11: 1 | CR11: 1 | CS11: 1 | CT11: 1 | CU11: 1 | CV11: 1 | CW11: 1 | CX11: 1 | CY11: 1 | CZ11: 1 | DB11: 0 | DC11: 0 | DD11: 0 | DE11: 0 | DF11: 0 | DG11: 0 | DH11: 0 | DI11: 0 | DJ11: 0 | DK11: 0 | DL11: 0 | DM11: 0 | DN11: 0 | DO11: 0 | DP11: 0 | DQ11: 0 | DS11: 0 | DT11: 0 | DU11: 0 | DV11: 0 | DW11: 0 | DX11: 0 | DY11: 0 | DZ11: 0 | EA11: 0 | EB11: 0 | EC11: 0 | ED11: 0 | EE11: 0 | EF11: 0 | EG11: 0 | EH11: 0 | EJ11: =$U$11*AL11 -> 0 | EK11: =$V$11*AM11 -> 0 | EL11: =$W$11*AN11 -> 0 | EM11: =$X$11*AO11 -> 0 | EN11: =$Y$11*AP11 -> 0 | EO11: =$Z$11*AQ11 -> 0 | EP11: =$AA$11*AR11 -> 0 | EQ11: =$AB$11*AS11 -> 0 | ER11: =$AC$11*AT11 -> 0 | ES11: =$AD$11*AU11 -> 0 | ET11: =$AE$11*AV11 -> 0 | EU11: =$AF$11*AW11 -> 0 | EV11: =$AG$11*AX11 -> 0 | EW11: =$AH$11*AY11 -> 0 | EX11: =$AI$11*AZ11 -> 0 | EY11: =$AJ$11*BA11 -> 0 | FA11: =$U$11*BC11 -> 0 | FB11: =$V$11*BD11 -> 0 | FC11: =$W$11*BE11 -> 0 | FD11: =$X$11*BF11 -> 0 | FE11: =$Y$11*BG11 -> 0 | FF11: =$Z$11*BH11 -> 0 | FG11: =$AA$11*BI11 -> 0 | FH11: =$AB$11*BJ11 -> 0 | FI11: =$AC$11*BK11 -> 0 | FJ11: =$AD$11*BL11 -> 0 | FK11: =$AE$11*BM11 -> 0 | FL11: =$AF$11*BN11 -> 0 | FM11: =$AG$11*BO11 -> 0 | FN11: =$AH$11*BP11 -> 0 | FO11: =$AI$11*BQ11 -> 0 | FP11: =$AJ$11*BR11 -> 0 | FR11: =$U$11*BT11 -> 0 | FS11: =$V$11*BU11 -> 0 | FT11: =$W$11*BV11 -> 0 | FU11: =$X$11*BW11 -> 0 | FV11: =$Y$11*BX11 -> 0 | FW11: =$Z$11*BY11 -> 0 | FX11: =$AA$11*BZ11 -> 0 | FY11: =$AB$11*CA11 -> 0 | FZ11: =$AC$11*CB11 -> 0 | GA11: =$AD$11*CC11 -> 0 | GB11: =$AE$11*CD11 -> 0 | GC11: =$AF$11*CE11 -> 0 | GD11: =$AG$11*CF11 -> 0 | GE11: =$AH$11*CG11 -> 0 | GF11: =$AI$11*CH11 -> 0 | GG11: =$AJ$11*CI11 -> 0 | GI11: =$U$11*CK11 -> 142.8152 | GJ11: =$V$11*CL11 -> 606.9646 | GK11: =$W$11*CM11 -> 642.6684 | GL11: =$X$11*CN11 -> 321.3342 | GM11: =$Y$11*CO11 -> 53.5557 | GN11: =$Z$11*CP11 -> 89.2595 | GO11: =$AA$11*CQ11 -> 17.8519 | GP11: =$AB$11*CR11 -> 267.7785 | GQ11: =$AC$11*CS11 -> 35.7038 | GR11: =$AD$11*CT11 -> 35.7038 | GS11: =$AE$11*CU11 -> 89.2595 | GT11: =$AF$11*CV11 -> 107.1114 | GU11: =$AG$11*CW11 -> 428.4456 | GV11: =$AH$11*CX11 -> 17.8519 | GW11: =$AI$11*CY11 -> 428.4456 | GX11: =$AJ$11*CZ11 -> 285.6304 | GZ11: =$U$11*DB11 -> 0 | HA11: =$V$11*DC11 -> 0 | HB11: =$W$11*DD11 -> 0 | HC11: =$X$11*DE11 -> 0 | HD11: =$Y$11*DF11 -> 0 | HE11: =$Z$11*DG11 -> 0 | HF11: =$AA$11*DH11 -> 0 | HG11: =$AB$11*DI11 -> 0 | HH11: =$AC$11*DJ11 -> 0 | HI11: =$AD$11*DK11 -> 0 | HJ11: =$AE$11*DL11 -> 0 | HK11: =$AF$11*DM11 -> 0 | HL11: =$AG$11*DN11 -> 0 | HM11: =$AH$11*DO11 -> 0 | HN11: =$AI$11*DP11 -> 0 | HO11: =$AJ$11*DQ11 -> 0 | HQ11: =$U$11*DS11 -> 0 | HR11: =$V$11*DT11 -> 0 | HS11: =$W$11*DU11 -> 0 | HT11: =$X$11*DV11 -> 0 | HU11: =$Y$11*DW11 -> 0 | HV11: =$Z$11*DX11 -> 0 | HW11: =$AA$11*DY11 -> 0 | HX11: =$AB$11*DZ11 -> 0 | HY11: =$AC$11*EA11 -> 0 | HZ11: =$AD$11*EB11 -> 0 | IA11: =$AE$11*EC11 -> 0 | IB11: =$AF$11*ED11 -> 0 | IC11: =$AG$11*EE11 -> 0 | ID11: =$AH$11*EF11 -> 0 | IE11: =$AI$11*EG11 -> 0 | IF11: =$AJ$11*EH11 -> 0 | IH11: PS | II11: =INDEX($EJ$39:$EY$39,MATCH($IH11,$EJ$4:$EY$4,0)) -> 0 | IJ11: =INDEX($FA$39:$FP$39,MATCH($IH11,$FA$4:$FP$4,0)) -> 0 | IK11: =INDEX($FR$39:$GG$39,MATCH($IH11,$FR$4:$GG$4,0)) -> 195.78279 | IL11: =INDEX($GI$39:$GX$39,MATCH($IH11,$GI$4:$GX$4,0)) -> 171.92935 | IM11: =INDEX($GZ$39:$HO$39,MATCH($IH11,$GZ$4:$HO$4,0)) -> 0 | IN11: =INDEX($HQ$39:$IF$39,MATCH($IH11,$HQ$4:$IF$4,0)) -> 0 | IP11: =INDEX($FR$6:$GG$6,MATCH(IH11,$FR$4:$GG$4,0))+INDEX($FR$12:$GG$12,MATCH(IH11,$FR$4:$GG$4,0)) -> 71.7384 | IQ11: =IK11-IP11 -> 124.04439
A12: Falmouth | B12: =INDEX('Waste Projections'!$H14:$AL14,MATCH('1.Baseline'!$B$1,'Waste Projections'!$H$6:$AL$6,0)) -> 11510.33 | C12: Bourne IWMS | D12: N/A | E12: N/A | F12: 0 | G12: N/A | H12: 0 | I12: =IF(E12="N/A","N/A","Transfer Truck") -> N/A | J12: 14 | K12: =IF(D12="N/A","Garbage Truck","Transfer Truck") -> Garbage Truck | L12: =(IF($G12=L$4,$F12,0)+IF($I12=L$4,$H12,0)+IF($K12=L$4,$J12,0))*$B12 -> 161144.62 | M12: =(IF($G12=M$4,$F12,0)+IF($I12=M$4,$H12,0)+IF($K12=M$4,$J12,0))*$B12 -> 0 | N12: =(IF($G12=N$4,$F12,0)+IF($I12=N$4,$H12,0)+IF($K12=N$4,$J12,0))*$B12 -> 0 | O12: =(IF($G12=O$4,$F12,0)+IF($I12=O$4,$H12,0)+IF($K12=O$4,$J12,0))*$B12 -> 0 | P12: =INDEX('Transportation GHG'!$B$21:$B$24,MATCH('1.Baseline'!P$4,'Transportation GHG'!$A$21:$A$24,0))*L12 -> 28.911824 | Q12: =INDEX('Transportation GHG'!$B$21:$B$24,MATCH('1.Baseline'!Q$4,'Transportation GHG'!$A$21:$A$24,0))*M12 -> 0 | R12: =INDEX('Transportation GHG'!$B$21:$B$24,MATCH('1.Baseline'!R$4,'Transportation GHG'!$A$21:$A$24,0))*N12 -> 0 | S12: =INDEX('Transportation GHG'!$B$21:$B$24,MATCH('1.Baseline'!S$4,'Transportation GHG'!$A$21:$A$24,0))*O12 -> 0 | U12: =INDEX('Waste Composition'!$P$5:$P$20,MATCH('1.Baseline'!U$4,'Waste Composition'!$O$5:$O$20,0))*$B12 -> 460.4132 | V12: =INDEX('Waste Composition'!$P$5:$P$20,MATCH('1.Baseline'!V$4,'Waste Composition'!$O$5:$O$20,0))*$B12 -> 1956.7561 | W12: =INDEX('Waste Composition'!$P$5:$P$20,MATCH('1.Baseline'!W$4,'Waste Composition'!$O$5:$O$20,0))*$B12 -> 2071.8594 | X12: =INDEX('Waste Composition'!$P$5:$P$20,MATCH('1.Baseline'!X$4,'Waste Composition'!$O$5:$O$20,0))*$B12 -> 1035.9297 | Y12: =INDEX('Waste Composition'!$P$5:$P$20,MATCH('1.Baseline'!Y$4,'Waste Composition'!$O$5:$O$20,0))*$B12 -> 172.65495 | Z12: =INDEX('Waste Composition'!$P$5:$P$20,MATCH('1.Baseline'!Z$4,'Waste Composition'!$O$5:$O$20,0))*$B12 -> 287.75825 | AA12: =INDEX('Waste Composition'!$P$5:$P$20,MATCH('1.Baseline'!AA$4,'Waste Composition'!$O$5:$O$20,0))*$B12 -> 57.55165 | AB12: =INDEX('Waste Composition'!$P$5:$P$20,MATCH('1.Baseline'!AB$4,'Waste Composition'!$O$5:$O$20,0))*$B12 -> 863.27475 | ... AJ12: =INDEX('Waste Composition'!$P$5:$P$20,MATCH('1.Baseline'!AJ$4,'Waste Composition'!$O$5:$O$20,0))*$B12 -> 920.8264 | AL12: 0 | AM12: 0 | AN12: 0 | AO12: 0 | AP12: 0 | AQ12: 0 | AR12: 0 | AS12: 0 | AT12: 0 | AU12: 0 | AV12: 0 | AW12: 0 | AX12: 0 | AY12: 0 | AZ12: 0 | BA12: 0 | BC12: 0 | BD12: 0 | BE12: 0 | BF12: 0 | BG12: 0 | BH12: 0 | BI12: 0 | BJ12: 0 | BK12: 0 | BL12: 0 | BM12: 0 | BN12: 0 | BO12: 0 | BP12: 0 | BQ12: 0 | BR12: 0 | BT12: 1 | BU12: 1 | BV12: 1 | BW12: 1 | BX12: 1 | BY12: 1 | BZ12: 1 | CA12: 1 | CB12: 1 | CC12: 1 | CD12: 1 | CE12: 1 | CF12: 1 | CG12: 1 | CH12: 1 | CI12: 1 | CK12: 0 | CL12: 0 | CM12: 0 | CN12: 0 | CO12: 0 | CP12: 0 | CQ12: 0 | CR12: 0 | CS12: 0 | CT12: 0 | CU12: 0 | CV12: 0 | CW12: 0 | CX12: 0 | CY12: 0 | CZ12: 0 | DB12: 0 | DC12: 0 | DD12: 0 | DE12: 0 | DF12: 0 | DG12: 0 | DH12: 0 | DI12: 0 | DJ12: 0 | DK12: 0 | DL12: 0 | DM12: 0 | DN12: 0 | DO12: 0 | DP12: 0 | DQ12: 0 | DS12: 0 | DT12: 0 | DU12: 0 | DV12: 0 | DW12: 0 | DX12: 0 | DY12: 0 | DZ12: 0 | EA12: 0 | EB12: 0 | EC12: 0 | ED12: 0 | EE12: 0 | EF12: 0 | EG12: 0 | EH12: 0 | EJ12: =$U$12*AL12 -> 0 | EK12: =$V$12*AM12 -> 0 | EL12: =$W$12*AN12 -> 0 | EM12: =$X$12*AO12 -> 0 | EN12: =$Y$12*AP12 -> 0 | EO12: =$Z$12*AQ12 -> 0 | EP12: =$AA$12*AR12 -> 0 | EQ12: =$AB$12*AS12 -> 0 | ER12: =$AC$12*AT12 -> 0 | ES12: =$AD$12*AU12 -> 0 | ET12: =$AE$12*AV12 -> 0 | EU12: =$AF$12*AW12 -> 0 | EV12: =$AG$12*AX12 -> 0 | EW12: =$AH$12*AY12 -> 0 | EX12: =$AI$12*AZ12 -> 0 | EY12: =$AJ$12*BA12 -> 0 | FA12: =$U$12*BC12 -> 0 | FB12: =$V$12*BD12 -> 0 | FC12: =$W$12*BE12 -> 0 | FD12: =$X$12*BF12 -> 0 | FE12: =$Y$12*BG12 -> 0 | FF12: =$Z$12*BH12 -> 0 | FG12: =$AA$12*BI12 -> 0 | FH12: =$AB$12*BJ12 -> 0 | FI12: =$AC$12*BK12 -> 0 | FJ12: =$AD$12*BL12 -> 0 | FK12: =$AE$12*BM12 -> 0 | FL12: =$AF$12*BN12 -> 0 | FM12: =$AG$12*BO12 -> 0 | FN12: =$AH$12*BP12 -> 0 | FO12: =$AI$12*BQ12 -> 0 | FP12: =$AJ$12*BR12 -> 0 | FR12: =$U$12*BT12 -> 460.4132 | FS12: =$V$12*BU12 -> 1956.7561 | FT12: =$W$12*BV12 -> 2071.8594 | FU12: =$X$12*BW12 -> 1035.9297 | FV12: =$Y$12*BX12 -> 172.65495 | FW12: =$Z$12*BY12 -> 287.75825 | FX12: =$AA$12*BZ12 -> 57.55165 | FY12: =$AB$12*CA12 -> 863.27475 | FZ12: =$AC$12*CB12 -> 115.1033 | GA12: =$AD$12*CC12 -> 115.1033 | GB12: =$AE$12*CD12 -> 287.75825 | GC12: =$AF$12*CE12 -> 345.3099 | GD12: =$AG$12*CF12 -> 1381.2396 | GE12: =$AH$12*CG12 -> 57.55165 | GF12: =$AI$12*CH12 -> 1381.2396 | GG12: =$AJ$12*CI12 -> 920.8264 | GI12: =$U$12*CK12 -> 0 | GJ12: =$V$12*CL12 -> 0 | GK12: =$W$12*CM12 -> 0 | GL12: =$X$12*CN12 -> 0 | GM12: =$Y$12*CO12 -> 0 | GN12: =$Z$12*CP12 -> 0 | GO12: =$AA$12*CQ12 -> 0 | GP12: =$AB$12*CR12 -> 0 | GQ12: =$AC$12*CS12 -> 0 | GR12: =$AD$12*CT12 -> 0 | GS12: =$AE$12*CU12 -> 0 | GT12: =$AF$12*CV12 -> 0 | GU12: =$AG$12*CW12 -> 0 | GV12: =$AH$12*CX12 -> 0 | GW12: =$AI$12*CY12 -> 0 | GX12: =$AJ$12*CZ12 -> 0 | GZ12: =$U$12*DB12 -> 0 | HA12: =$V$12*DC12 -> 0 | HB12: =$W$12*DD12 -> 0 | HC12: =$X$12*DE12 -> 0 | HD12: =$Y$12*DF12 -> 0 | HE12: =$Z$12*DG12 -> 0 | HF12: =$AA$12*DH12 -> 0 | HG12: =$AB$12*DI12 -> 0 | HH12: =$AC$12*DJ12 -> 0 | HI12: =$AD$12*DK12 -> 0 | HJ12: =$AE$12*DL12 -> 0 | HK12: =$AF$12*DM12 -> 0 | HL12: =$AG$12*DN12 -> 0 | HM12: =$AH$12*DO12 -> 0 | HN12: =$AI$12*DP12 -> 0 | HO12: =$AJ$12*DQ12 -> 0 | HQ12: =$U$12*DS12 -> 0 | HR12: =$V$12*DT12 -> 0 | HS12: =$W$12*DU12 -> 0 | HT12: =$X$12*DV12 -> 0 | HU12: =$Y$12*DW12 -> 0 | HV12: =$Z$12*DX12 -> 0 | HW12: =$AA$12*DY12 -> 0 | HX12: =$AB$12*DZ12 -> 0 | HY12: =$AC$12*EA12 -> 0 | HZ12: =$AD$12*EB12 -> 0 | IA12: =$AE$12*EC12 -> 0 | IB12: =$AF$12*ED12 -> 0 | IC12: =$AG$12*EE12 -> 0 | ID12: =$AH$12*EF12 -> 0 | IE12: =$AI$12*EG12 -> 0 | IF12: =$AJ$12*EH12 -> 0 | IH12: Mixed Plastics | II12: =INDEX($EJ$39:$EY$39,MATCH($IH12,$EJ$4:$EY$4,0)) -> 0 | IJ12: =INDEX($FA$39:$FP$39,MATCH($IH12,$FA$4:$FP$4,0)) -> 0 | IK12: =INDEX($FR$39:$GG$39,MATCH($IH12,$FR$4:$GG$4,0)) -> 2936.7419 | IL12: =INDEX($GI$39:$GX$39,MATCH($IH12,$GI$4:$GX$4,0)) -> 2578.9402 | IM12: =INDEX($GZ$39:$HO$39,MATCH($IH12,$GZ$4:$HO$4,0)) -> 0 | IN12: =INDEX($HQ$39:$IF$39,MATCH($IH12,$HQ$4:$IF$4,0)) -> 0 | IP12: =INDEX($FR$6:$GG$6,MATCH(IH12,$FR$4:$GG$4,0))+INDEX($FR$12:$GG$12,MATCH(IH12,$FR$4:$GG$4,0)) -> 1076.076 | IQ12: =IK12-IP12 -> 1860.6659
A13: Harwich | B13: =INDEX('Waste Projections'!$H15:$AL15,MATCH('1.Baseline'!$B$1,'Waste Projections'!$H$6:$AL$6,0)) -> 2245 | C13: Middleboro Landfill | D13: N/A | E13: N/A | F13: 0 | G13: N/A | H13: 0 | I13: =IF(E13="N/A","N/A","Transfer Truck") -> N/A | J13: 40.8 | K13: Transfer Truck | L13: =(IF($G13=L$4,$F13,0)+IF($I13=L$4,$H13,0)+IF($K13=L$4,$J13,0))*$B13 -> 0 | M13: =(IF($G13=M$4,$F13,0)+IF($I13=M$4,$H13,0)+IF($K13=M$4,$J13,0))*$B13 -> 91596 | N13: =(IF($G13=N$4,$F13,0)+IF($I13=N$4,$H13,0)+IF($K13=N$4,$J13,0))*$B13 -> 0 | O13: =(IF($G13=O$4,$F13,0)+IF($I13=O$4,$H13,0)+IF($K13=O$4,$J13,0))*$B13 -> 0 | P13: =INDEX('Transportation GHG'!$B$21:$B$24,MATCH('1.Baseline'!P$4,'Transportation GHG'!$A$21:$A$24,0))*L13 -> 0 | Q13: =INDEX('Transportation GHG'!$B$21:$B$24,MATCH('1.Baseline'!Q$4,'Transportation GHG'!$A$21:$A$24,0))*M13 -> 8.2168658 | R13: =INDEX('Transportation GHG'!$B$21:$B$24,MATCH('1.Baseline'!R$4,'Transportation GHG'!$A$21:$A$24,0))*N13 -> 0 | S13: =INDEX('Transportation GHG'!$B$21:$B$24,MATCH('1.Baseline'!S$4,'Transportation GHG'!$A$21:$A$24,0))*O13 -> 0 | U13: =INDEX('Waste Composition'!$P$5:$P$20,MATCH('1.Baseline'!U$4,'Waste Composition'!$O$5:$O$20,0))*$B13 -> 89.8 | V13: =INDEX('Waste Composition'!$P$5:$P$20,MATCH('1.Baseline'!V$4,'Waste Composition'!$O$5:$O$20,0))*$B13 -> 381.65 | W13: =INDEX('Waste Composition'!$P$5:$P$20,MATCH('1.Baseline'!W$4,'Waste Composition'!$O$5:$O$20,0))*$B13 -> 404.1 | X13: =INDEX('Waste Composition'!$P$5:$P$20,MATCH('1.Baseline'!X$4,'Waste Composition'!$O$5:$O$20,0))*$B13 -> 202.05 | Y13: =INDEX('Waste Composition'!$P$5:$P$20,MATCH('1.Baseline'!Y$4,'Waste Composition'!$O$5:$O$20,0))*$B13 -> 33.675 | Z13: =INDEX('Waste Composition'!$P$5:$P$20,MATCH('1.Baseline'!Z$4,'Waste Composition'!$O$5:$O$20,0))*$B13 -> 56.125 | AA13: =INDEX('Waste Composition'!$P$5:$P$20,MATCH('1.Baseline'!AA$4,'Waste Composition'!$O$5:$O$20,0))*$B13 -> 11.225 | AB13: =INDEX('Waste Composition'!$P$5:$P$20,MATCH('1.Baseline'!AB$4,'Waste Composition'!$O$5:$O$20,0))*$B13 -> 168.375 | ... AJ13: =INDEX('Waste Composition'!$P$5:$P$20,MATCH('1.Baseline'!AJ$4,'Waste Composition'!$O$5:$O$20,0))*$B13 -> 179.6 | AL13: 0 | AM13: 0 | AN13: 0 | AO13: 0 | AP13: 0 | AQ13: 0 | AR13: 0 | AS13: 0 | AT13: 0 | AU13: 0 | AV13: 0 | AW13: 0 | AX13: 0 | AY13: 0 | AZ13: 0 | BA13: 0 | BC13: 0 | BD13: 0 | BE13: 0 | BF13: 0 | BG13: 0 | BH13: 0 | BI13: 0 | BJ13: 0 | BK13: 0 | BL13: 0 | BM13: 0 | BN13: 0 | BO13: 0 | BP13: 0 | BQ13: 0 | BR13: 0 | BT13: 1 | BU13: 1 | BV13: 1 | BW13: 1 | BX13: 1 | BY13: 1 | BZ13: 1 | CA13: 1 | CB13: 1 | CC13: 1 | CD13: 1 | CE13: 1 | CF13: 1 | CG13: 1 | CH13: 1 | CI13: 1 | CK13: 0 | CL13: 0 | CM13: 0 | CN13: 0 | CO13: 0 | CP13: 0 | CQ13: 0 | CR13: 0 | CS13: 0 | CT13: 0 | CU13: 0 | CV13: 0 | CW13: 0 | CX13: 0 | CY13: 0 | CZ13: 0 | DB13: 0 | DC13: 0 | DD13: 0 | DE13: 0 | DF13: 0 | DG13: 0 | DH13: 0 | DI13: 0 | DJ13: 0 | DK13: 0 | DL13: 0 | DM13: 0 | DN13: 0 | DO13: 0 | DP13: 0 | DQ13: 0 | DS13: 0 | DT13: 0 | DU13: 0 | DV13: 0 | DW13: 0 | DX13: 0 | DY13: 0 | DZ13: 0 | EA13: 0 | EB13: 0 | EC13: 0 | ED13: 0 | EE13: 0 | EF13: 0 | EG13: 0 | EH13: 0 | EJ13: =$U$13*AL13 -> 0 | EK13: =$V$13*AM13 -> 0 | EL13: =$W$13*AN13 -> 0 | EM13: =$X$13*AO13 -> 0 | EN13: =$Y$13*AP13 -> 0 | EO13: =$Z$13*AQ13 -> 0 | EP13: =$AA$13*AR13 -> 0 | EQ13: =$AB$13*AS13 -> 0 | ER13: =$AC$13*AT13 -> 0 | ES13: =$AD$13*AU13 -> 0 | ET13: =$AE$13*AV13 -> 0 | EU13: =$AF$13*AW13 -> 0 | EV13: =$AG$13*AX13 -> 0 | EW13: =$AH$13*AY13 -> 0 | EX13: =$AI$13*AZ13 -> 0 | EY13: =$AJ$13*BA13 -> 0 | FA13: =$U$13*BC13 -> 0 | FB13: =$V$13*BD13 -> 0 | FC13: =$W$13*BE13 -> 0 | FD13: =$X$13*BF13 -> 0 | FE13: =$Y$13*BG13 -> 0 | FF13: =$Z$13*BH13 -> 0 | FG13: =$AA$13*BI13 -> 0 | FH13: =$AB$13*BJ13 -> 0 | FI13: =$AC$13*BK13 -> 0 | FJ13: =$AD$13*BL13 -> 0 | FK13: =$AE$13*BM13 -> 0 | FL13: =$AF$13*BN13 -> 0 | FM13: =$AG$13*BO13 -> 0 | FN13: =$AH$13*BP13 -> 0 | FO13: =$AI$13*BQ13 -> 0 | FP13: =$AJ$13*BR13 -> 0 | FR13: =$U$13*BT13 -> 89.8 | FS13: =$V$13*BU13 -> 381.65 | FT13: =$W$13*BV13 -> 404.1 | FU13: =$X$13*BW13 -> 202.05 | FV13: =$Y$13*BX13 -> 33.675 | FW13: =$Z$13*BY13 -> 56.125 | FX13: =$AA$13*BZ13 -> 11.225 | FY13: =$AB$13*CA13 -> 168.375 | FZ13: =$AC$13*CB13 -> 22.45 | GA13: =$AD$13*CC13 -> 22.45 | GB13: =$AE$13*CD13 -> 56.125 | GC13: =$AF$13*CE13 -> 67.35 | GD13: =$AG$13*CF13 -> 269.4 | GE13: =$AH$13*CG13 -> 11.225 | GF13: =$AI$13*CH13 -> 269.4 | GG13: =$AJ$13*CI13 -> 179.6 | GI13: =$U$13*CK13 -> 0 | GJ13: =$V$13*CL13 -> 0 | GK13: =$W$13*CM13 -> 0 | GL13: =$X$13*CN13 -> 0 | GM13: =$Y$13*CO13 -> 0 | GN13: =$Z$13*CP13 -> 0 | GO13: =$AA$13*CQ13 -> 0 | GP13: =$AB$13*CR13 -> 0 | GQ13: =$AC$13*CS13 -> 0 | GR13: =$AD$13*CT13 -> 0 | GS13: =$AE$13*CU13 -> 0 | GT13: =$AF$13*CV13 -> 0 | GU13: =$AG$13*CW13 -> 0 | GV13: =$AH$13*CX13 -> 0 | GW13: =$AI$13*CY13 -> 0 | GX13: =$AJ$13*CZ13 -> 0 | GZ13: =$U$13*DB13 -> 0 | HA13: =$V$13*DC13 -> 0 | HB13: =$W$13*DD13 -> 0 | HC13: =$X$13*DE13 -> 0 | HD13: =$Y$13*DF13 -> 0 | HE13: =$Z$13*DG13 -> 0 | HF13: =$AA$13*DH13 -> 0 | HG13: =$AB$13*DI13 -> 0 | HH13: =$AC$13*DJ13 -> 0 | HI13: =$AD$13*DK13 -> 0 | HJ13: =$AE$13*DL13 -> 0 | HK13: =$AF$13*DM13 -> 0 | HL13: =$AG$13*DN13 -> 0 | HM13: =$AH$13*DO13 -> 0 | HN13: =$AI$13*DP13 -> 0 | HO13: =$AJ$13*DQ13 -> 0 | HQ13: =$U$13*DS13 -> 0 | HR13: =$V$13*DT13 -> 0 | HS13: =$W$13*DU13 -> 0 | HT13: =$X$13*DV13 -> 0 | HU13: =$Y$13*DW13 -> 0 | HV13: =$Z$13*DX13 -> 0 | HW13: =$AA$13*DY13 -> 0 | HX13: =$AB$13*DZ13 -> 0 | HY13: =$AC$13*EA13 -> 0 | HZ13: =$AD$13*EB13 -> 0 | IA13: =$AE$13*EC13 -> 0 | IB13: =$AF$13*ED13 -> 0 | IC13: =$AG$13*EE13 -> 0 | ID13: =$AH$13*EF13 -> 0 | IE13: =$AI$13*EG13 -> 0 | IF13: =$AJ$13*EH13 -> 0 | IH13: Mixed Electronics | II13: =INDEX($EJ$39:$EY$39,MATCH($IH13,$EJ$4:$EY$4,0)) -> 0 | IJ13: =INDEX($FA$39:$FP$39,MATCH($IH13,$FA$4:$FP$4,0)) -> 0 | IK13: =INDEX($FR$39:$GG$39,MATCH($IH13,$FR$4:$GG$4,0)) -> 391.56558 | IL13: =INDEX($GI$39:$GX$39,MATCH($IH13,$GI$4:$GX$4,0)) -> 343.8587 | IM13: =INDEX($GZ$39:$HO$39,MATCH($IH13,$GZ$4:$HO$4,0)) -> 0 | IN13: =INDEX($HQ$39:$IF$39,MATCH($IH13,$HQ$4:$IF$4,0)) -> 0 | IP13: =INDEX($FR$6:$GG$6,MATCH(IH13,$FR$4:$GG$4,0))+INDEX($FR$12:$GG$12,MATCH(IH13,$FR$4:$GG$4,0)) -> 143.4768 | IQ13: =IK13-IP13 -> 248.08878
B14: =INDEX('Waste Projections'!$H16:$AL16,MATCH('1.Baseline'!$B$1,'Waste Projections'!$H$6:$AL$6,0)) -> 2245 | C14: SEMASS | D14: N/A | E14: N/A | F14: 0 | G14: N/A | H14: 0 | I14: =IF(E14="N/A","N/A","Transfer Truck") -> N/A | J14: 48.7 | K14: Transfer Truck | L14: =(IF($G14=L$4,$F14,0)+IF($I14=L$4,$H14,0)+IF($K14=L$4,$J14,0))*$B14 -> 0 | M14: =(IF($G14=M$4,$F14,0)+IF($I14=M$4,$H14,0)+IF($K14=M$4,$J14,0))*$B14 -> 109331.5 | N14: =(IF($G14=N$4,$F14,0)+IF($I14=N$4,$H14,0)+IF($K14=N$4,$J14,0))*$B14 -> 0 | O14: =(IF($G14=O$4,$F14,0)+IF($I14=O$4,$H14,0)+IF($K14=O$4,$J14,0))*$B14 -> 0 | P14: =INDEX('Transportation GHG'!$B$21:$B$24,MATCH('1.Baseline'!P$4,'Transportation GHG'!$A$21:$A$24,0))*L14 -> 0 | Q14: =INDEX('Transportation GHG'!$B$21:$B$24,MATCH('1.Baseline'!Q$4,'Transportation GHG'!$A$21:$A$24,0))*M14 -> 9.8078766 | R14: =INDEX('Transportation GHG'!$B$21:$B$24,MATCH('1.Baseline'!R$4,'Transportation GHG'!$A$21:$A$24,0))*N14 -> 0 | S14: =INDEX('Transportation GHG'!$B$21:$B$24,MATCH('1.Baseline'!S$4,'Transportation GHG'!$A$21:$A$24,0))*O14 -> 0 | U14: =INDEX('Waste Composition'!$P$5:$P$20,MATCH('1.Baseline'!U$4,'Waste Composition'!$O$5:$O$20,0))*$B14 -> 89.8 | V14: =INDEX('Waste Composition'!$P$5:$P$20,MATCH('1.Baseline'!V$4,'Waste Composition'!$O$5:$O$20,0))*$B14 -> 381.65 | W14: =INDEX('Waste Composition'!$P$5:$P$20,MATCH('1.Baseline'!W$4,'Waste Composition'!$O$5:$O$20,0))*$B14 -> 404.1 | X14: =INDEX('Waste Composition'!$P$5:$P$20,MATCH('1.Baseline'!X$4,'Waste Composition'!$O$5:$O$20,0))*$B14 -> 202.05 | Y14: =INDEX('Waste Composition'!$P$5:$P$20,MATCH('1.Baseline'!Y$4,'Waste Composition'!$O$5:$O$20,0))*$B14 -> 33.675 | Z14: =INDEX('Waste Composition'!$P$5:$P$20,MATCH('1.Baseline'!Z$4,'Waste Composition'!$O$5:$O$20,0))*$B14 -> 56.125 | AA14: =INDEX('Waste Composition'!$P$5:$P$20,MATCH('1.Baseline'!AA$4,'Waste Composition'!$O$5:$O$20,0))*$B14 -> 11.225 | AB14: =INDEX('Waste Composition'!$P$5:$P$20,MATCH('1.Baseline'!AB$4,'Waste Composition'!$O$5:$O$20,0))*$B14 -> 168.375 | ... AJ14: =INDEX('Waste Composition'!$P$5:$P$20,MATCH('1.Baseline'!AJ$4,'Waste Composition'!$O$5:$O$20,0))*$B14 -> 179.6 | AL14: 0 | AM14: 0 | AN14: 0 | AO14: 0 | AP14: 0 | AQ14: 0 | AR14: 0 | AS14: 0 | AT14: 0 | AU14: 0 | AV14: 0 | AW14: 0 | AX14: 0 | AY14: 0 | AZ14: 0 | BA14: 0 | BC14: 0 | BD14: 0 | BE14: 0 | BF14: 0 | BG14: 0 | BH14: 0 | BI14: 0 | BJ14: 0 | BK14: 0 | BL14: 0 | BM14: 0 | BN14: 0 | BO14: 0 | BP14: 0 | BQ14: 0 | BR14: 0 | BT14: 0 | BU14: 0 | BV14: 0 | BW14: 0 | BX14: 0 | BY14: 0 | BZ14: 0 | CA14: 0 | CB14: 0 | CC14: 0 | CD14: 0 | CE14: 0 | CF14: 0 | CG14: 0 | CH14: 0 | CI14: 0 | CK14: 1 | CL14: 1 | CM14: 1 | CN14: 1 | CO14: 1 | CP14: 1 | CQ14: 1 | CR14: 1 | CS14: 1 | CT14: 1 | CU14: 1 | CV14: 1 | CW14: 1 | CX14: 1 | CY14: 1 | CZ14: 1 | DB14: 0 | DC14: 0 | DD14: 0 | DE14: 0 | DF14: 0 | DG14: 0 | DH14: 0 | DI14: 0 | DJ14: 0 | DK14: 0 | DL14: 0 | DM14: 0 | DN14: 0 | DO14: 0 | DP14: 0 | DQ14: 0 | DS14: 0 | DT14: 0 | DU14: 0 | DV14: 0 | DW14: 0 | DX14: 0 | DY14: 0 | DZ14: 0 | EA14: 0 | EB14: 0 | EC14: 0 | ED14: 0 | EE14: 0 | EF14: 0 | EG14: 0 | EH14: 0 | EJ14: =$U$14*AL14 -> 0 | EK14: =$V$14*AM14 -> 0 | EL14: =$W$14*AN14 -> 0 | EM14: =$X$14*AO14 -> 0 | EN14: =$Y$14*AP14 -> 0 | EO14: =$Z$14*AQ14 -> 0 | EP14: =$AA$14*AR14 -> 0 | EQ14: =$AB$14*AS14 -> 0 | ER14: =$AC$14*AT14 -> 0 | ES14: =$AD$14*AU14 -> 0 | ET14: =$AE$14*AV14 -> 0 | EU14: =$AF$14*AW14 -> 0 | EV14: =$AG$14*AX14 -> 0 | EW14: =$AH$14*AY14 -> 0 | EX14: =$AI$14*AZ14 -> 0 | EY14: =$AJ$14*BA14 -> 0 | FA14: =$U$14*BC14 -> 0 | FB14: =$V$14*BD14 -> 0 | FC14: =$W$14*BE14 -> 0 | FD14: =$X$14*BF14 -> 0 | FE14: =$Y$14*BG14 -> 0 | FF14: =$Z$14*BH14 -> 0 | FG14: =$AA$14*BI14 -> 0 | FH14: =$AB$14*BJ14 -> 0 | FI14: =$AC$14*BK14 -> 0 | FJ14: =$AD$14*BL14 -> 0 | FK14: =$AE$14*BM14 -> 0 | FL14: =$AF$14*BN14 -> 0 | FM14: =$AG$14*BO14 -> 0 | FN14: =$AH$14*BP14 -> 0 | FO14: =$AI$14*BQ14 -> 0 | FP14: =$AJ$14*BR14 -> 0 | FR14: =$U$14*BT14 -> 0 | FS14: =$V$14*BU14 -> 0 | FT14: =$W$14*BV14 -> 0 | FU14: =$X$14*BW14 -> 0 | FV14: =$Y$14*BX14 -> 0 | FW14: =$Z$14*BY14 -> 0 | FX14: =$AA$14*BZ14 -> 0 | FY14: =$AB$14*CA14 -> 0 | FZ14: =$AC$14*CB14 -> 0 | GA14: =$AD$14*CC14 -> 0 | GB14: =$AE$14*CD14 -> 0 | GC14: =$AF$14*CE14 -> 0 | GD14: =$AG$14*CF14 -> 0 | GE14: =$AH$14*CG14 -> 0 | GF14: =$AI$14*CH14 -> 0 | GG14: =$AJ$14*CI14 -> 0 | GI14: =$U$14*CK14 -> 89.8 | GJ14: =$V$14*CL14 -> 381.65 | GK14: =$W$14*CM14 -> 404.1 | GL14: =$X$14*CN14 -> 202.05 | GM14: =$Y$14*CO14 -> 33.675 | GN14: =$Z$14*CP14 -> 56.125 | GO14: =$AA$14*CQ14 -> 11.225 | GP14: =$AB$14*CR14 -> 168.375 | GQ14: =$AC$14*CS14 -> 22.45 | GR14: =$AD$14*CT14 -> 22.45 | GS14: =$AE$14*CU14 -> 56.125 | GT14: =$AF$14*CV14 -> 67.35 | GU14: =$AG$14*CW14 -> 269.4 | GV14: =$AH$14*CX14 -> 11.225 | GW14: =$AI$14*CY14 -> 269.4 | GX14: =$AJ$14*CZ14 -> 179.6 | GZ14: =$U$14*DB14 -> 0 | HA14: =$V$14*DC14 -> 0 | HB14: =$W$14*DD14 -> 0 | HC14: =$X$14*DE14 -> 0 | HD14: =$Y$14*DF14 -> 0 | HE14: =$Z$14*DG14 -> 0 | HF14: =$AA$14*DH14 -> 0 | HG14: =$AB$14*DI14 -> 0 | HH14: =$AC$14*DJ14 -> 0 | HI14: =$AD$14*DK14 -> 0 | HJ14: =$AE$14*DL14 -> 0 | HK14: =$AF$14*DM14 -> 0 | HL14: =$AG$14*DN14 -> 0 | HM14: =$AH$14*DO14 -> 0 | HN14: =$AI$14*DP14 -> 0 | HO14: =$AJ$14*DQ14 -> 0 | HQ14: =$U$14*DS14 -> 0 | HR14: =$V$14*DT14 -> 0 | HS14: =$W$14*DU14 -> 0 | HT14: =$X$14*DV14 -> 0 | HU14: =$Y$14*DW14 -> 0 | HV14: =$Z$14*DX14 -> 0 | HW14: =$AA$14*DY14 -> 0 | HX14: =$AB$14*DZ14 -> 0 | HY14: =$AC$14*EA14 -> 0 | HZ14: =$AD$14*EB14 -> 0 | IA14: =$AE$14*EC14 -> 0 | IB14: =$AF$14*ED14 -> 0 | IC14: =$AG$14*EE14 -> 0 | ID14: =$AH$14*EF14 -> 0 | IE14: =$AI$14*EG14 -> 0 | IF14: =$AJ$14*EH14 -> 0 | IH14: Aluminum Cans | II14: =INDEX($EJ$39:$EY$39,MATCH($IH14,$EJ$4:$EY$4,0)) -> 0 | IJ14: =INDEX($FA$39:$FP$39,MATCH($IH14,$FA$4:$FP$4,0)) -> 0 | IK14: =INDEX($FR$39:$GG$39,MATCH($IH14,$FR$4:$GG$4,0)) -> 391.56558 | IL14: =INDEX($GI$39:$GX$39,MATCH($IH14,$GI$4:$GX$4,0)) -> 343.8587 | IM14: =INDEX($GZ$39:$HO$39,MATCH($IH14,$GZ$4:$HO$4,0)) -> 0 | IN14: =INDEX($HQ$39:$IF$39,MATCH($IH14,$HQ$4:$IF$4,0)) -> 0 | IP14: =INDEX($FR$6:$GG$6,MATCH(IH14,$FR$4:$GG$4,0))+INDEX($FR$12:$GG$12,MATCH(IH14,$FR$4:$GG$4,0)) -> 143.4768 | IQ14: =IK14-IP14 -> 248.08878
A15: Mashpee | B15: =INDEX('Waste Projections'!$H17:$AL17,MATCH('1.Baseline'!$B$1,'Waste Projections'!$H$6:$AL$6,0)) -> 3517 | C15: Crapo Hill Landfill | D15: N/A | E15: N/A | F15: 0 | G15: N/A | H15: 0 | I15: =IF(E15="N/A","N/A","Transfer Truck") -> N/A | J15: 50.1 | K15: Transfer Truck | L15: =(IF($G15=L$4,$F15,0)+IF($I15=L$4,$H15,0)+IF($K15=L$4,$J15,0))*$B15 -> 0 | M15: =(IF($G15=M$4,$F15,0)+IF($I15=M$4,$H15,0)+IF($K15=M$4,$J15,0))*$B15 -> 176201.7 | N15: =(IF($G15=N$4,$F15,0)+IF($I15=N$4,$H15,0)+IF($K15=N$4,$J15,0))*$B15 -> 0 | O15: =(IF($G15=O$4,$F15,0)+IF($I15=O$4,$H15,0)+IF($K15=O$4,$J15,0))*$B15 -> 0 | P15: =INDEX('Transportation GHG'!$B$21:$B$24,MATCH('1.Baseline'!P$4,'Transportation GHG'!$A$21:$A$24,0))*L15 -> 0 | Q15: =INDEX('Transportation GHG'!$B$21:$B$24,MATCH('1.Baseline'!Q$4,'Transportation GHG'!$A$21:$A$24,0))*M15 -> 15.806648 | R15: =INDEX('Transportation GHG'!$B$21:$B$24,MATCH('1.Baseline'!R$4,'Transportation GHG'!$A$21:$A$24,0))*N15 -> 0 | S15: =INDEX('Transportation GHG'!$B$21:$B$24,MATCH('1.Baseline'!S$4,'Transportation GHG'!$A$21:$A$24,0))*O15 -> 0 | U15: =INDEX('Waste Composition'!$P$5:$P$20,MATCH('1.Baseline'!U$4,'Waste Composition'!$O$5:$O$20,0))*$B15 -> 140.68 | V15: =INDEX('Waste Composition'!$P$5:$P$20,MATCH('1.Baseline'!V$4,'Waste Composition'!$O$5:$O$20,0))*$B15 -> 597.89 | W15: =INDEX('Waste Composition'!$P$5:$P$20,MATCH('1.Baseline'!W$4,'Waste Composition'!$O$5:$O$20,0))*$B15 -> 633.06 | X15: =INDEX('Waste Composition'!$P$5:$P$20,MATCH('1.Baseline'!X$4,'Waste Composition'!$O$5:$O$20,0))*$B15 -> 316.53 | Y15: =INDEX('Waste Composition'!$P$5:$P$20,MATCH('1.Baseline'!Y$4,'Waste Composition'!$O$5:$O$20,0))*$B15 -> 52.755 | Z15: =INDEX('Waste Composition'!$P$5:$P$20,MATCH('1.Baseline'!Z$4,'Waste Composition'!$O$5:$O$20,0))*$B15 -> 87.925 | AA15: =INDEX('Waste Composition'!$P$5:$P$20,MATCH('1.Baseline'!AA$4,'Waste Composition'!$O$5:$O$20,0))*$B15 -> 17.585 | AB15: =INDEX('Waste Composition'!$P$5:$P$20,MATCH('1.Baseline'!AB$4,'Waste Composition'!$O$5:$O$20,0))*$B15 -> 263.775 | ... AJ15: =INDEX('Waste Composition'!$P$5:$P$20,MATCH('1.Baseline'!AJ$4,'Waste Composition'!$O$5:$O$20,0))*$B15 -> 281.36 | AL15: 0 | AM15: 0 | AN15: 0 | AO15: 0 | AP15: 0 | AQ15: 0 | AR15: 0 | AS15: 0 | AT15: 0 | AU15: 0 | AV15: 0 | AW15: 0 | AX15: 0 | AY15: 0 | AZ15: 0 | BA15: 0 | BC15: 0 | BD15: 0 | BE15: 0 | BF15: 0 | BG15: 0 | BH15: 0 | BI15: 0 | BJ15: 0 | BK15: 0 | BL15: 0 | BM15: 0 | BN15: 0 | BO15: 0 | BP15: 0 | BQ15: 0 | BR15: 0 | BT15: 1 | BU15: 1 | BV15: 1 | BW15: 1 | BX15: 1 | BY15: 1 | BZ15: 1 | CA15: 1 | CB15: 1 | CC15: 1 | CD15: 1 | CE15: 1 | CF15: 1 | CG15: 1 | CH15: 1 | CI15: 1 | CK15: 0 | CL15: 0 | CM15: 0 | CN15: 0 | CO15: 0 | CP15: 0 | CQ15: 0 | CR15: 0 | CS15: 0 | CT15: 0 | CU15: 0 | CV15: 0 | CW15: 0 | CX15: 0 | CY15: 0 | CZ15: 0 | DB15: 0 | DC15: 0 | DD15: 0 | DE15: 0 | DF15: 0 | DG15: 0 | DH15: 0 | DI15: 0 | DJ15: 0 | DK15: 0 | DL15: 0 | DM15: 0 | DN15: 0 | DO15: 0 | DP15: 0 | DQ15: 0 | DS15: 0 | DT15: 0 | DU15: 0 | DV15: 0 | DW15: 0 | DX15: 0 | DY15: 0 | DZ15: 0 | EA15: 0 | EB15: 0 | EC15: 0 | ED15: 0 | EE15: 0 | EF15: 0 | EG15: 0 | EH15: 0 | EJ15: =$U$15*AL15 -> 0 | EK15: =$V$15*AM15 -> 0 | EL15: =$W$15*AN15 -> 0 | EM15: =$X$15*AO15 -> 0 | EN15: =$Y$15*AP15 -> 0 | EO15: =$Z$15*AQ15 -> 0 | EP15: =$AA$15*AR15 -> 0 | EQ15: =$AB$15*AS15 -> 0 | ER15: =$AC$15*AT15 -> 0 | ES15: =$AD$15*AU15 -> 0 | ET15: =$AE$15*AV15 -> 0 | EU15: =$AF$15*AW15 -> 0 | EV15: =$AG$15*AX15 -> 0 | EW15: =$AH$15*AY15 -> 0 | EX15: =$AI$15*AZ15 -> 0 | EY15: =$AJ$15*BA15 -> 0 | FA15: =$U$15*BC15 -> 0 | FB15: =$V$15*BD15 -> 0 | FC15: =$W$15*BE15 -> 0 | FD15: =$X$15*BF15 -> 0 | FE15: =$Y$15*BG15 -> 0 | FF15: =$Z$15*BH15 -> 0 | FG15: =$AA$15*BI15 -> 0 | FH15: =$AB$15*BJ15 -> 0 | FI15: =$AC$15*BK15 -> 0 | FJ15: =$AD$15*BL15 -> 0 | FK15: =$AE$15*BM15 -> 0 | FL15: =$AF$15*BN15 -> 0 | FM15: =$AG$15*BO15 -> 0 | FN15: =$AH$15*BP15 -> 0 | FO15: =$AI$15*BQ15 -> 0 | FP15: =$AJ$15*BR15 -> 0 | FR15: =$U$15*BT15 -> 140.68 | FS15: =$V$15*BU15 -> 597.89 | FT15: =$W$15*BV15 -> 633.06 | FU15: =$X$15*BW15 -> 316.53 | FV15: =$Y$15*BX15 -> 52.755 | FW15: =$Z$15*BY15 -> 87.925 | FX15: =$AA$15*BZ15 -> 17.585 | FY15: =$AB$15*CA15 -> 263.775 | FZ15: =$AC$15*CB15 -> 35.17 | GA15: =$AD$15*CC15 -> 35.17 | GB15: =$AE$15*CD15 -> 87.925 | GC15: =$AF$15*CE15 -> 105.51 | GD15: =$AG$15*CF15 -> 422.04 | GE15: =$AH$15*CG15 -> 17.585 | GF15: =$AI$15*CH15 -> 422.04 | GG15: =$AJ$15*CI15 -> 281.36 | GI15: =$U$15*CK15 -> 0 | GJ15: =$V$15*CL15 -> 0 | GK15: =$W$15*CM15 -> 0 | GL15: =$X$15*CN15 -> 0 | GM15: =$Y$15*CO15 -> 0 | GN15: =$Z$15*CP15 -> 0 | GO15: =$AA$15*CQ15 -> 0 | GP15: =$AB$15*CR15 -> 0 | GQ15: =$AC$15*CS15 -> 0 | GR15: =$AD$15*CT15 -> 0 | GS15: =$AE$15*CU15 -> 0 | GT15: =$AF$15*CV15 -> 0 | GU15: =$AG$15*CW15 -> 0 | GV15: =$AH$15*CX15 -> 0 | GW15: =$AI$15*CY15 -> 0 | GX15: =$AJ$15*CZ15 -> 0 | GZ15: =$U$15*DB15 -> 0 | HA15: =$V$15*DC15 -> 0 | HB15: =$W$15*DD15 -> 0 | HC15: =$X$15*DE15 -> 0 | HD15: =$Y$15*DF15 -> 0 | HE15: =$Z$15*DG15 -> 0 | HF15: =$AA$15*DH15 -> 0 | HG15: =$AB$15*DI15 -> 0 | HH15: =$AC$15*DJ15 -> 0 | HI15: =$AD$15*DK15 -> 0 | HJ15: =$AE$15*DL15 -> 0 | HK15: =$AF$15*DM15 -> 0 | HL15: =$AG$15*DN15 -> 0 | HM15: =$AH$15*DO15 -> 0 | HN15: =$AI$15*DP15 -> 0 | HO15: =$AJ$15*DQ15 -> 0 | HQ15: =$U$15*DS15 -> 0 | HR15: =$V$15*DT15 -> 0 | HS15: =$W$15*DU15 -> 0 | HT15: =$X$15*DV15 -> 0 | HU15: =$Y$15*DW15 -> 0 | HV15: =$Z$15*DX15 -> 0 | HW15: =$AA$15*DY15 -> 0 | HX15: =$AB$15*DZ15 -> 0 | HY15: =$AC$15*EA15 -> 0 | HZ15: =$AD$15*EB15 -> 0 | IA15: =$AE$15*EC15 -> 0 | IB15: =$AF$15*ED15 -> 0 | IC15: =$AG$15*EE15 -> 0 | ID15: =$AH$15*EF15 -> 0 | IE15: =$AI$15*EG15 -> 0 | IF15: =$AJ$15*EH15 -> 0 | IH15: Mixed Metals | II15: =INDEX($EJ$39:$EY$39,MATCH($IH15,$EJ$4:$EY$4,0)) -> 0 | IJ15: =INDEX($FA$39:$FP$39,MATCH($IH15,$FA$4:$FP$4,0)) -> 0 | IK15: =INDEX($FR$39:$GG$39,MATCH($IH15,$FR$4:$GG$4,0)) -> 978.91396 | IL15: =INDEX($GI$39:$GX$39,MATCH($IH15,$GI$4:$GX$4,0)) -> 859.64675 | IM15: =INDEX($GZ$39:$HO$39,MATCH($IH15,$GZ$4:$HO$4,0)) -> 0 | IN15: =INDEX($HQ$39:$IF$39,MATCH($IH15,$HQ$4:$IF$4,0)) -> 0 | IP15: =INDEX($FR$6:$GG$6,MATCH(IH15,$FR$4:$GG$4,0))+INDEX($FR$12:$GG$12,MATCH(IH15,$FR$4:$GG$4,0)) -> 358.692 | IQ15: =IK15-IP15 -> 620.22196
A16: Orleans | B16: =INDEX('Waste Projections'!$H18:$AL18,MATCH('1.Baseline'!$B$1,'Waste Projections'!$H$6:$AL$6,0)) -> 2476 | C16: Crapo Hill Landfill | D16: N/A | E16: N/A | F16: 0 | G16: N/A | H16: 0 | I16: =IF(E16="N/A","N/A","Transfer Truck") -> N/A | J16: 73.9 | K16: Transfer Truck | L16: =(IF($G16=L$4,$F16,0)+IF($I16=L$4,$H16,0)+IF($K16=L$4,$J16,0))*$B16 -> 0 | M16: =(IF($G16=M$4,$F16,0)+IF($I16=M$4,$H16,0)+IF($K16=M$4,$J16,0))*$B16 -> 182976.4 | N16: =(IF($G16=N$4,$F16,0)+IF($I16=N$4,$H16,0)+IF($K16=N$4,$J16,0))*$B16 -> 0 | O16: =(IF($G16=O$4,$F16,0)+IF($I16=O$4,$H16,0)+IF($K16=O$4,$J16,0))*$B16 -> 0 | P16: =INDEX('Transportation GHG'!$B$21:$B$24,MATCH('1.Baseline'!P$4,'Transportation GHG'!$A$21:$A$24,0))*L16 -> 0 | Q16: =INDEX('Transportation GHG'!$B$21:$B$24,MATCH('1.Baseline'!Q$4,'Transportation GHG'!$A$21:$A$24,0))*M16 -> 16.414391 | R16: =INDEX('Transportation GHG'!$B$21:$B$24,MATCH('1.Baseline'!R$4,'Transportation GHG'!$A$21:$A$24,0))*N16 -> 0 | S16: =INDEX('Transportation GHG'!$B$21:$B$24,MATCH('1.Baseline'!S$4,'Transportation GHG'!$A$21:$A$24,0))*O16 -> 0 | U16: =INDEX('Waste Composition'!$P$5:$P$20,MATCH('1.Baseline'!U$4,'Waste Composition'!$O$5:$O$20,0))*$B16 -> 99.04 | V16: =INDEX('Waste Composition'!$P$5:$P$20,MATCH('1.Baseline'!V$4,'Waste Composition'!$O$5:$O$20,0))*$B16 -> 420.92 | W16: =INDEX('Waste Composition'!$P$5:$P$20,MATCH('1.Baseline'!W$4,'Waste Composition'!$O$5:$O$20,0))*$B16 -> 445.68 | X16: =INDEX('Waste Composition'!$P$5:$P$20,MATCH('1.Baseline'!X$4,'Waste Composition'!$O$5:$O$20,0))*$B16 -> 222.84 | Y16: =INDEX('Waste Composition'!$P$5:$P$20,MATCH('1.Baseline'!Y$4,'Waste Composition'!$O$5:$O$20,0))*$B16 -> 37.14 | Z16: =INDEX('Waste Composition'!$P$5:$P$20,MATCH('1.Baseline'!Z$4,'Waste Composition'!$O$5:$O$20,0))*$B16 -> 61.9 | AA16: =INDEX('Waste Composition'!$P$5:$P$20,MATCH('1.Baseline'!AA$4,'Waste Composition'!$O$5:$O$20,0))*$B16 -> 12.38 | AB16: =INDEX('Waste Composition'!$P$5:$P$20,MATCH('1.Baseline'!AB$4,'Waste Composition'!$O$5:$O$20,0))*$B16 -> 185.7 | ... AJ16: =INDEX('Waste Composition'!$P$5:$P$20,MATCH('1.Baseline'!AJ$4,'Waste Composition'!$O$5:$O$20,0))*$B16 -> 198.08 | AL16: 0 | AM16: 0 | AN16: 0 | AO16: 0 | AP16: 0 | AQ16: 0 | AR16: 0 | AS16: 0 | AT16: 0 | AU16: 0 | AV16: 0 | AW16: 0 | AX16: 0 | AY16: 0 | AZ16: 0 | BA16: 0 | BC16: 0 | BD16: 0 | BE16: 0 | BF16: 0 | BG16: 0 | BH16: 0 | BI16: 0 | BJ16: 0 | BK16: 0 | BL16: 0 | BM16: 0 | BN16: 0 | BO16: 0 | BP16: 0 | BQ16: 0 | BR16: 0 | BT16: 1 | BU16: 1 | BV16: 1 | BW16: 1 | BX16: 1 | BY16: 1 | BZ16: 1 | CA16: 1 | CB16: 1 | CC16: 1 | CD16: 1 | CE16: 1 | CF16: 1 | CG16: 1 | CH16: 1 | CI16: 1 | CK16: 0 | CL16: 0 | CM16: 0 | CN16: 0 | CO16: 0 | CP16: 0 | CQ16: 0 | CR16: 0 | CS16: 0 | CT16: 0 | CU16: 0 | CV16: 0 | CW16: 0 | CX16: 0 | CY16: 0 | CZ16: 0 | DB16: 0 | DC16: 0 | DD16: 0 | DE16: 0 | DF16: 0 | DG16: 0 | DH16: 0 | DI16: 0 | DJ16: 0 | DK16: 0 | DL16: 0 | DM16: 0 | DN16: 0 | DO16: 0 | DP16: 0 | DQ16: 0 | DS16: 0 | DT16: 0 | DU16: 0 | DV16: 0 | DW16: 0 | DX16: 0 | DY16: 0 | DZ16: 0 | EA16: 0 | EB16: 0 | EC16: 0 | ED16: 0 | EE16: 0 | EF16: 0 | EG16: 0 | EH16: 0 | EJ16: =$U$16*AL16 -> 0 | EK16: =$V$16*AM16 -> 0 | EL16: =$W$16*AN16 -> 0 | EM16: =$X$16*AO16 -> 0 | EN16: =$Y$16*AP16 -> 0 | EO16: =$Z$16*AQ16 -> 0 | EP16: =$AA$16*AR16 -> 0 | EQ16: =$AB$16*AS16 -> 0 | ER16: =$AC$16*AT16 -> 0 | ES16: =$AD$16*AU16 -> 0 | ET16: =$AE$16*AV16 -> 0 | EU16: =$AF$16*AW16 -> 0 | EV16: =$AG$16*AX16 -> 0 | EW16: =$AH$16*AY16 -> 0 | EX16: =$AI$16*AZ16 -> 0 | EY16: =$AJ$16*BA16 -> 0 | FA16: =$U$16*BC16 -> 0 | FB16: =$V$16*BD16 -> 0 | FC16: =$W$16*BE16 -> 0 | FD16: =$X$16*BF16 -> 0 | FE16: =$Y$16*BG16 -> 0 | FF16: =$Z$16*BH16 -> 0 | FG16: =$AA$16*BI16 -> 0 | FH16: =$AB$16*BJ16 -> 0 | FI16: =$AC$16*BK16 -> 0 | FJ16: =$AD$16*BL16 -> 0 | FK16: =$AE$16*BM16 -> 0 | FL16: =$AF$16*BN16 -> 0 | FM16: =$AG$16*BO16 -> 0 | FN16: =$AH$16*BP16 -> 0 | FO16: =$AI$16*BQ16 -> 0 | FP16: =$AJ$16*BR16 -> 0 | FR16: =$U$16*BT16 -> 99.04 | FS16: =$V$16*BU16 -> 420.92 | FT16: =$W$16*BV16 -> 445.68 | FU16: =$X$16*BW16 -> 222.84 | FV16: =$Y$16*BX16 -> 37.14 | FW16: =$Z$16*BY16 -> 61.9 | FX16: =$AA$16*BZ16 -> 12.38 | FY16: =$AB$16*CA16 -> 185.7 | FZ16: =$AC$16*CB16 -> 24.76 | GA16: =$AD$16*CC16 -> 24.76 | GB16: =$AE$16*CD16 -> 61.9 | GC16: =$AF$16*CE16 -> 74.28 | GD16: =$AG$16*CF16 -> 297.12 | GE16: =$AH$16*CG16 -> 12.38 | GF16: =$AI$16*CH16 -> 297.12 | GG16: =$AJ$16*CI16 -> 198.08 | GI16: =$U$16*CK16 -> 0 | GJ16: =$V$16*CL16 -> 0 | GK16: =$W$16*CM16 -> 0 | GL16: =$X$16*CN16 -> 0 | GM16: =$Y$16*CO16 -> 0 | GN16: =$Z$16*CP16 -> 0 | GO16: =$AA$16*CQ16 -> 0 | GP16: =$AB$16*CR16 -> 0 | GQ16: =$AC$16*CS16 -> 0 | GR16: =$AD$16*CT16 -> 0 | GS16: =$AE$16*CU16 -> 0 | GT16: =$AF$16*CV16 -> 0 | GU16: =$AG$16*CW16 -> 0 | GV16: =$AH$16*CX16 -> 0 | GW16: =$AI$16*CY16 -> 0 | GX16: =$AJ$16*CZ16 -> 0 | GZ16: =$U$16*DB16 -> 0 | HA16: =$V$16*DC16 -> 0 | HB16: =$W$16*DD16 -> 0 | HC16: =$X$16*DE16 -> 0 | HD16: =$Y$16*DF16 -> 0 | HE16: =$Z$16*DG16 -> 0 | HF16: =$AA$16*DH16 -> 0 | HG16: =$AB$16*DI16 -> 0 | HH16: =$AC$16*DJ16 -> 0 | HI16: =$AD$16*DK16 -> 0 | HJ16: =$AE$16*DL16 -> 0 | HK16: =$AF$16*DM16 -> 0 | HL16: =$AG$16*DN16 -> 0 | HM16: =$AH$16*DO16 -> 0 | HN16: =$AI$16*DP16 -> 0 | HO16: =$AJ$16*DQ16 -> 0 | HQ16: =$U$16*DS16 -> 0 | HR16: =$V$16*DT16 -> 0 | HS16: =$W$16*DU16 -> 0 | HT16: =$X$16*DV16 -> 0 | HU16: =$Y$16*DW16 -> 0 | HV16: =$Z$16*DX16 -> 0 | HW16: =$AA$16*DY16 -> 0 | HX16: =$AB$16*DZ16 -> 0 | HY16: =$AC$16*EA16 -> 0 | HZ16: =$AD$16*EB16 -> 0 | IA16: =$AE$16*EC16 -> 0 | IB16: =$AF$16*ED16 -> 0 | IC16: =$AG$16*EE16 -> 0 | ID16: =$AH$16*EF16 -> 0 | IE16: =$AI$16*EG16 -> 0 | IF16: =$AJ$16*EH16 -> 0 | IH16: Glass | II16: =INDEX($EJ$39:$EY$39,MATCH($IH16,$EJ$4:$EY$4,0)) -> 0 | IJ16: =INDEX($FA$39:$FP$39,MATCH($IH16,$FA$4:$FP$4,0)) -> 0 | IK16: =INDEX($FR$39:$GG$39,MATCH($IH16,$FR$4:$GG$4,0)) -> 1174.6967 | IL16: =INDEX($GI$39:$GX$39,MATCH($IH16,$GI$4:$GX$4,0)) -> 1031.5761 | IM16: =INDEX($GZ$39:$HO$39,MATCH($IH16,$GZ$4:$HO$4,0)) -> 0 | IN16: =INDEX($HQ$39:$IF$39,MATCH($IH16,$HQ$4:$IF$4,0)) -> 0 | IP16: =INDEX($FR$6:$GG$6,MATCH(IH16,$FR$4:$GG$4,0))+INDEX($FR$12:$GG$12,MATCH(IH16,$FR$4:$GG$4,0)) -> 430.4304 | IQ16: =IK16-IP16 -> 744.26635
A17: Provincetown | B17: =INDEX('Waste Projections'!$H19:$AL19,MATCH('1.Baseline'!$B$1,'Waste Projections'!$H$6:$AL$6,0)) -> 3025 | C17: Crapo Hill Landfill | D17: N/A | E17: N/A | F17: 0 | G17: N/A | H17: 0 | I17: =IF(E17="N/A","N/A","Transfer Truck") -> N/A | J17: 100 | K17: =IF(D17="N/A","Garbage Truck","Transfer Truck") -> Garbage Truck | L17: =(IF($G17=L$4,$F17,0)+IF($I17=L$4,$H17,0)+IF($K17=L$4,$J17,0))*$B17 -> 302500 | M17: =(IF($G17=M$4,$F17,0)+IF($I17=M$4,$H17,0)+IF($K17=M$4,$J17,0))*$B17 -> 0 | N17: =(IF($G17=N$4,$F17,0)+IF($I17=N$4,$H17,0)+IF($K17=N$4,$J17,0))*$B17 -> 0 | O17: =(IF($G17=O$4,$F17,0)+IF($I17=O$4,$H17,0)+IF($K17=O$4,$J17,0))*$B17 -> 0 | P17: =INDEX('Transportation GHG'!$B$21:$B$24,MATCH('1.Baseline'!P$4,'Transportation GHG'!$A$21:$A$24,0))*L17 -> 54.273154 | Q17: =INDEX('Transportation GHG'!$B$21:$B$24,MATCH('1.Baseline'!Q$4,'Transportation GHG'!$A$21:$A$24,0))*M17 -> 0 | R17: =INDEX('Transportation GHG'!$B$21:$B$24,MATCH('1.Baseline'!R$4,'Transportation GHG'!$A$21:$A$24,0))*N17 -> 0 | S17: =INDEX('Transportation GHG'!$B$21:$B$24,MATCH('1.Baseline'!S$4,'Transportation GHG'!$A$21:$A$24,0))*O17 -> 0 | U17: =INDEX('Waste Composition'!$P$5:$P$20,MATCH('1.Baseline'!U$4,'Waste Composition'!$O$5:$O$20,0))*$B17 -> 121 | V17: =INDEX('Waste Composition'!$P$5:$P$20,MATCH('1.Baseline'!V$4,'Waste Composition'!$O$5:$O$20,0))*$B17 -> 514.25 | W17: =INDEX('Waste Composition'!$P$5:$P$20,MATCH('1.Baseline'!W$4,'Waste Composition'!$O$5:$O$20,0))*$B17 -> 544.5 | X17: =INDEX('Waste Composition'!$P$5:$P$20,MATCH('1.Baseline'!X$4,'Waste Composition'!$O$5:$O$20,0))*$B17 -> 272.25 | Y17: =INDEX('Waste Composition'!$P$5:$P$20,MATCH('1.Baseline'!Y$4,'Waste Composition'!$O$5:$O$20,0))*$B17 -> 45.375 | Z17: =INDEX('Waste Composition'!$P$5:$P$20,MATCH('1.Baseline'!Z$4,'Waste Composition'!$O$5:$O$20,0))*$B17 -> 75.625 | AA17: =INDEX('Waste Composition'!$P$5:$P$20,MATCH('1.Baseline'!AA$4,'Waste Composition'!$O$5:$O$20,0))*$B17 -> 15.125 | AB17: =INDEX('Waste Composition'!$P$5:$P$20,MATCH('1.Baseline'!AB$4,'Waste Composition'!$O$5:$O$20,0))*$B17 -> 226.875 | ... AJ17: =INDEX('Waste Composition'!$P$5:$P$20,MATCH('1.Baseline'!AJ$4,'Waste Composition'!$O$5:$O$20,0))*$B17 -> 242 | AL17: 0 | AM17: 0 | AN17: 0 | AO17: 0 | AP17: 0 | AQ17: 0 | AR17: 0 | AS17: 0 | AT17: 0 | AU17: 0 | AV17: 0 | AW17: 0 | AX17: 0 | AY17: 0 | AZ17: 0 | BA17: 0 | BC17: 0 | BD17: 0 | BE17: 0 | BF17: 0 | BG17: 0 | BH17: 0 | BI17: 0 | BJ17: 0 | BK17: 0 | BL17: 0 | BM17: 0 | BN17: 0 | BO17: 0 | BP17: 0 | BQ17: 0 | BR17: 0 | BT17: 1 | BU17: 1 | BV17: 1 | BW17: 1 | BX17: 1 | BY17: 1 | BZ17: 1 | CA17: 1 | CB17: 1 | CC17: 1 | CD17: 1 | CE17: 1 | CF17: 1 | CG17: 1 | CH17: 1 | CI17: 1 | CK17: 0 | CL17: 0 | CM17: 0 | CN17: 0 | CO17: 0 | CP17: 0 | CQ17: 0 | CR17: 0 | CS17: 0 | CT17: 0 | CU17: 0 | CV17: 0 | CW17: 0 | CX17: 0 | CY17: 0 | CZ17: 0 | DB17: 0 | DC17: 0 | DD17: 0 | DE17: 0 | DF17: 0 | DG17: 0 | DH17: 0 | DI17: 0 | DJ17: 0 | DK17: 0 | DL17: 0 | DM17: 0 | DN17: 0 | DO17: 0 | DP17: 0 | DQ17: 0 | DS17: 0 | DT17: 0 | DU17: 0 | DV17: 0 | DW17: 0 | DX17: 0 | DY17: 0 | DZ17: 0 | EA17: 0 | EB17: 0 | EC17: 0 | ED17: 0 | EE17: 0 | EF17: 0 | EG17: 0 | EH17: 0 | EJ17: =$U$17*AL17 -> 0 | EK17: =$V$17*AM17 -> 0 | EL17: =$W$17*AN17 -> 0 | EM17: =$X$17*AO17 -> 0 | EN17: =$Y$17*AP17 -> 0 | EO17: =$Z$17*AQ17 -> 0 | EP17: =$AA$17*AR17 -> 0 | EQ17: =$AB$17*AS17 -> 0 | ER17: =$AC$17*AT17 -> 0 | ES17: =$AD$17*AU17 -> 0 | ET17: =$AE$17*AV17 -> 0 | EU17: =$AF$17*AW17 -> 0 | EV17: =$AG$17*AX17 -> 0 | EW17: =$AH$17*AY17 -> 0 | EX17: =$AI$17*AZ17 -> 0 | EY17: =$AJ$17*BA17 -> 0 | FA17: =$U$17*BC17 -> 0 | FB17: =$V$17*BD17 -> 0 | FC17: =$W$17*BE17 -> 0 | FD17: =$X$17*BF17 -> 0 | FE17: =$Y$17*BG17 -> 0 | FF17: =$Z$17*BH17 -> 0 | FG17: =$AA$17*BI17 -> 0 | FH17: =$AB$17*BJ17 -> 0 | FI17: =$AC$17*BK17 -> 0 | FJ17: =$AD$17*BL17 -> 0 | FK17: =$AE$17*BM17 -> 0 | FL17: =$AF$17*BN17 -> 0 | FM17: =$AG$17*BO17 -> 0 | FN17: =$AH$17*BP17 -> 0 | FO17: =$AI$17*BQ17 -> 0 | FP17: =$AJ$17*BR17 -> 0 | FR17: =$U$17*BT17 -> 121 | FS17: =$V$17*BU17 -> 514.25 | FT17: =$W$17*BV17 -> 544.5 | FU17: =$X$17*BW17 -> 272.25 | FV17: =$Y$17*BX17 -> 45.375 | FW17: =$Z$17*BY17 -> 75.625 | FX17: =$AA$17*BZ17 -> 15.125 | FY17: =$AB$17*CA17 -> 226.875 | FZ17: =$AC$17*CB17 -> 30.25 | GA17: =$AD$17*CC17 -> 30.25 | GB17: =$AE$17*CD17 -> 75.625 | GC17: =$AF$17*CE17 -> 90.75 | GD17: =$AG$17*CF17 -> 363 | GE17: =$AH$17*CG17 -> 15.125 | GF17: =$AI$17*CH17 -> 363 | GG17: =$AJ$17*CI17 -> 242 | GI17: =$U$17*CK17 -> 0 | GJ17: =$V$17*CL17 -> 0 | GK17: =$W$17*CM17 -> 0 | GL17: =$X$17*CN17 -> 0 | GM17: =$Y$17*CO17 -> 0 | GN17: =$Z$17*CP17 -> 0 | GO17: =$AA$17*CQ17 -> 0 | GP17: =$AB$17*CR17 -> 0 | GQ17: =$AC$17*CS17 -> 0 | GR17: =$AD$17*CT17 -> 0 | GS17: =$AE$17*CU17 -> 0 | GT17: =$AF$17*CV17 -> 0 | GU17: =$AG$17*CW17 -> 0 | GV17: =$AH$17*CX17 -> 0 | GW17: =$AI$17*CY17 -> 0 | GX17: =$AJ$17*CZ17 -> 0 | GZ17: =$U$17*DB17 -> 0 | HA17: =$V$17*DC17 -> 0 | HB17: =$W$17*DD17 -> 0 | HC17: =$X$17*DE17 -> 0 | HD17: =$Y$17*DF17 -> 0 | HE17: =$Z$17*DG17 -> 0 | HF17: =$AA$17*DH17 -> 0 | HG17: =$AB$17*DI17 -> 0 | HH17: =$AC$17*DJ17 -> 0 | HI17: =$AD$17*DK17 -> 0 | HJ17: =$AE$17*DL17 -> 0 | HK17: =$AF$17*DM17 -> 0 | HL17: =$AG$17*DN17 -> 0 | HM17: =$AH$17*DO17 -> 0 | HN17: =$AI$17*DP17 -> 0 | HO17: =$AJ$17*DQ17 -> 0 | HQ17: =$U$17*DS17 -> 0 | HR17: =$V$17*DT17 -> 0 | HS17: =$W$17*DU17 -> 0 | HT17: =$X$17*DV17 -> 0 | HU17: =$Y$17*DW17 -> 0 | HV17: =$Z$17*DX17 -> 0 | HW17: =$AA$17*DY17 -> 0 | HX17: =$AB$17*DZ17 -> 0 | HY17: =$AC$17*EA17 -> 0 | HZ17: =$AD$17*EB17 -> 0 | IA17: =$AE$17*EC17 -> 0 | IB17: =$AF$17*ED17 -> 0 | IC17: =$AG$17*EE17 -> 0 | ID17: =$AH$17*EF17 -> 0 | IE17: =$AI$17*EG17 -> 0 | IF17: =$AJ$17*EH17 -> 0 | IH17: Concrete | II17: =INDEX($EJ$39:$EY$39,MATCH($IH17,$EJ$4:$EY$4,0)) -> 0 | IJ17: =INDEX($FA$39:$FP$39,MATCH($IH17,$FA$4:$FP$4,0)) -> 0 | IK17: =INDEX($FR$39:$GG$39,MATCH($IH17,$FR$4:$GG$4,0)) -> 6066.5196 | IL17: =INDEX($GI$39:$GX$39,MATCH($IH17,$GI$4:$GX$4,0)) -> 4126.3044 | IM17: =INDEX($GZ$39:$HO$39,MATCH($IH17,$GZ$4:$HO$4,0)) -> 0 | IN17: =INDEX($HQ$39:$IF$39,MATCH($IH17,$HQ$4:$IF$4,0)) -> 0 | IP17: =INDEX($FR$6:$GG$6,MATCH(IH17,$FR$4:$GG$4,0))+INDEX($FR$12:$GG$12,MATCH(IH17,$FR$4:$GG$4,0)) -> 1721.7216 | IQ17: =IK17-IP17+IL17 -> 8471.1024
A18: Sandwich | B18: =INDEX('Waste Projections'!$H20:$AL20,MATCH('1.Baseline'!$B$1,'Waste Projections'!$H$6:$AL$6,0)) -> 2783 | C18: SEMASS | D18: N/A | E18: N/A | F18: 0 | G18: N/A | H18: 0 | I18: =IF(E18="N/A","N/A","Transfer Truck") -> N/A | J18: 20.8 | K18: Transfer Truck | L18: =(IF($G18=L$4,$F18,0)+IF($I18=L$4,$H18,0)+IF($K18=L$4,$J18,0))*$B18 -> 0 | M18: =(IF($G18=M$4,$F18,0)+IF($I18=M$4,$H18,0)+IF($K18=M$4,$J18,0))*$B18 -> 57886.4 | N18: =(IF($G18=N$4,$F18,0)+IF($I18=N$4,$H18,0)+IF($K18=N$4,$J18,0))*$B18 -> 0 | O18: =(IF($G18=O$4,$F18,0)+IF($I18=O$4,$H18,0)+IF($K18=O$4,$J18,0))*$B18 -> 0 | P18: =INDEX('Transportation GHG'!$B$21:$B$24,MATCH('1.Baseline'!P$4,'Transportation GHG'!$A$21:$A$24,0))*L18 -> 0 | Q18: =INDEX('Transportation GHG'!$B$21:$B$24,MATCH('1.Baseline'!Q$4,'Transportation GHG'!$A$21:$A$24,0))*M18 -> 5.1928554 | R18: =INDEX('Transportation GHG'!$B$21:$B$24,MATCH('1.Baseline'!R$4,'Transportation GHG'!$A$21:$A$24,0))*N18 -> 0 | S18: =INDEX('Transportation GHG'!$B$21:$B$24,MATCH('1.Baseline'!S$4,'Transportation GHG'!$A$21:$A$24,0))*O18 -> 0 | U18: =INDEX('Waste Composition'!$P$5:$P$20,MATCH('1.Baseline'!U$4,'Waste Composition'!$O$5:$O$20,0))*$B18 -> 111.32 | V18: =INDEX('Waste Composition'!$P$5:$P$20,MATCH('1.Baseline'!V$4,'Waste Composition'!$O$5:$O$20,0))*$B18 -> 473.11 | W18: =INDEX('Waste Composition'!$P$5:$P$20,MATCH('1.Baseline'!W$4,'Waste Composition'!$O$5:$O$20,0))*$B18 -> 500.94 | X18: =INDEX('Waste Composition'!$P$5:$P$20,MATCH('1.Baseline'!X$4,'Waste Composition'!$O$5:$O$20,0))*$B18 -> 250.47 | Y18: =INDEX('Waste Composition'!$P$5:$P$20,MATCH('1.Baseline'!Y$4,'Waste Composition'!$O$5:$O$20,0))*$B18 -> 41.745 | Z18: =INDEX('Waste Composition'!$P$5:$P$20,MATCH('1.Baseline'!Z$4,'Waste Composition'!$O$5:$O$20,0))*$B18 -> 69.575 | AA18: =INDEX('Waste Composition'!$P$5:$P$20,MATCH('1.Baseline'!AA$4,'Waste Composition'!$O$5:$O$20,0))*$B18 -> 13.915 | AB18: =INDEX('Waste Composition'!$P$5:$P$20,MATCH('1.Baseline'!AB$4,'Waste Composition'!$O$5:$O$20,0))*$B18 -> 208.725 | ... AJ18: =INDEX('Waste Composition'!$P$5:$P$20,MATCH('1.Baseline'!AJ$4,'Waste Composition'!$O$5:$O$20,0))*$B18 -> 222.64 | AL18: 0 | AM18: 0 | AN18: 0 | AO18: 0 | AP18: 0 | AQ18: 0 | AR18: 0 | AS18: 0 | AT18: 0 | AU18: 0 | AV18: 0 | AW18: 0 | AX18: 0 | AY18: 0 | AZ18: 0 | BA18: 0 | BC18: 0 | BD18: 0 | BE18: 0 | BF18: 0 | BG18: 0 | BH18: 0 | BI18: 0 | BJ18: 0 | BK18: 0 | BL18: 0 | BM18: 0 | BN18: 0 | BO18: 0 | BP18: 0 | BQ18: 0 | BR18: 0 | BT18: 0 | BU18: 0 | BV18: 0 | BW18: 0 | BX18: 0 | BY18: 0 | BZ18: 0 | CA18: 0 | CB18: 0 | CC18: 0 | CD18: 0 | CE18: 0 | CF18: 0 | CG18: 0 | CH18: 0 | CI18: 0 | CK18: 1 | CL18: 1 | CM18: 1 | CN18: 1 | CO18: 1 | CP18: 1 | CQ18: 1 | CR18: 1 | CS18: 1 | CT18: 1 | CU18: 1 | CV18: 1 | CW18: 1 | CX18: 1 | CY18: 1 | CZ18: 1 | DB18: 0 | DC18: 0 | DD18: 0 | DE18: 0 | DF18: 0 | DG18: 0 | DH18: 0 | DI18: 0 | DJ18: 0 | DK18: 0 | DL18: 0 | DM18: 0 | DN18: 0 | DO18: 0 | DP18: 0 | DQ18: 0 | DS18: 0 | DT18: 0 | DU18: 0 | DV18: 0 | DW18: 0 | DX18: 0 | DY18: 0 | DZ18: 0 | EA18: 0 | EB18: 0 | EC18: 0 | ED18: 0 | EE18: 0 | EF18: 0 | EG18: 0 | EH18: 0 | EJ18: =$U$18*AL18 -> 0 | EK18: =$V$18*AM18 -> 0 | EL18: =$W$18*AN18 -> 0 | EM18: =$X$18*AO18 -> 0 | EN18: =$Y$18*AP18 -> 0 | EO18: =$Z$18*AQ18 -> 0 | EP18: =$AA$18*AR18 -> 0 | EQ18: =$AB$18*AS18 -> 0 | ER18: =$AC$18*AT18 -> 0 | ES18: =$AD$18*AU18 -> 0 | ET18: =$AE$18*AV18 -> 0 | EU18: =$AF$18*AW18 -> 0 | EV18: =$AG$18*AX18 -> 0 | EW18: =$AH$18*AY18 -> 0 | EX18: =$AI$18*AZ18 -> 0 | EY18: =$AJ$18*BA18 -> 0 | FA18: =$U$18*BC18 -> 0 | FB18: =$V$18*BD18 -> 0 | FC18: =$W$18*BE18 -> 0 | FD18: =$X$18*BF18 -> 0 | FE18: =$Y$18*BG18 -> 0 | FF18: =$Z$18*BH18 -> 0 | FG18: =$AA$18*BI18 -> 0 | FH18: =$AB$18*BJ18 -> 0 | FI18: =$AC$18*BK18 -> 0 | FJ18: =$AD$18*BL18 -> 0 | FK18: =$AE$18*BM18 -> 0 | FL18: =$AF$18*BN18 -> 0 | FM18: =$AG$18*BO18 -> 0 | FN18: =$AH$18*BP18 -> 0 | FO18: =$AI$18*BQ18 -> 0 | FP18: =$AJ$18*BR18 -> 0 | FR18: =$U$18*BT18 -> 0 | FS18: =$V$18*BU18 -> 0 | FT18: =$W$18*BV18 -> 0 | FU18: =$X$18*BW18 -> 0 | FV18: =$Y$18*BX18 -> 0 | FW18: =$Z$18*BY18 -> 0 | FX18: =$AA$18*BZ18 -> 0 | FY18: =$AB$18*CA18 -> 0 | FZ18: =$AC$18*CB18 -> 0 | GA18: =$AD$18*CC18 -> 0 | GB18: =$AE$18*CD18 -> 0 | GC18: =$AF$18*CE18 -> 0 | GD18: =$AG$18*CF18 -> 0 | GE18: =$AH$18*CG18 -> 0 | GF18: =$AI$18*CH18 -> 0 | GG18: =$AJ$18*CI18 -> 0 | GI18: =$U$18*CK18 -> 111.32 | GJ18: =$V$18*CL18 -> 473.11 | GK18: =$W$18*CM18 -> 500.94 | GL18: =$X$18*CN18 -> 250.47 | GM18: =$Y$18*CO18 -> 41.745 | GN18: =$Z$18*CP18 -> 69.575 | GO18: =$AA$18*CQ18 -> 13.915 | GP18: =$AB$18*CR18 -> 208.725 | GQ18: =$AC$18*CS18 -> 27.83 | GR18: =$AD$18*CT18 -> 27.83 | GS18: =$AE$18*CU18 -> 69.575 | GT18: =$AF$18*CV18 -> 83.49 | GU18: =$AG$18*CW18 -> 333.96 | GV18: =$AH$18*CX18 -> 13.915 | GW18: =$AI$18*CY18 -> 333.96 | GX18: =$AJ$18*CZ18 -> 222.64 | GZ18: =$U$18*DB18 -> 0 | HA18: =$V$18*DC18 -> 0 | HB18: =$W$18*DD18 -> 0 | HC18: =$X$18*DE18 -> 0 | HD18: =$Y$18*DF18 -> 0 | HE18: =$Z$18*DG18 -> 0 | HF18: =$AA$18*DH18 -> 0 | HG18: =$AB$18*DI18 -> 0 | HH18: =$AC$18*DJ18 -> 0 | HI18: =$AD$18*DK18 -> 0 | HJ18: =$AE$18*DL18 -> 0 | HK18: =$AF$18*DM18 -> 0 | HL18: =$AG$18*DN18 -> 0 | HM18: =$AH$18*DO18 -> 0 | HN18: =$AI$18*DP18 -> 0 | HO18: =$AJ$18*DQ18 -> 0 | HQ18: =$U$18*DS18 -> 0 | HR18: =$V$18*DT18 -> 0 | HS18: =$W$18*DU18 -> 0 | HT18: =$X$18*DV18 -> 0 | HU18: =$Y$18*DW18 -> 0 | HV18: =$Z$18*DX18 -> 0 | HW18: =$AA$18*DY18 -> 0 | HX18: =$AB$18*DZ18 -> 0 | HY18: =$AC$18*EA18 -> 0 | HZ18: =$AD$18*EB18 -> 0 | IA18: =$AE$18*EC18 -> 0 | IB18: =$AF$18*ED18 -> 0 | IC18: =$AG$18*EE18 -> 0 | ID18: =$AH$18*EF18 -> 0 | IE18: =$AI$18*EG18 -> 0 | IF18: =$AJ$18*EH18 -> 0 | IH18: Tires | II18: =INDEX($EJ$39:$EY$39,MATCH($IH18,$EJ$4:$EY$4,0)) -> 0 | IJ18: =INDEX($FA$39:$FP$39,MATCH($IH18,$FA$4:$FP$4,0)) -> 0 | IK18: =INDEX($FR$39:$GG$39,MATCH($IH18,$FR$4:$GG$4,0)) -> 195.78279 | IL18: =INDEX($GI$39:$GX$39,MATCH($IH18,$GI$4:$GX$4,0)) -> 171.92935 | IM18: =INDEX($GZ$39:$HO$39,MATCH($IH18,$GZ$4:$HO$4,0)) -> 0 | IN18: =INDEX($HQ$39:$IF$39,MATCH($IH18,$HQ$4:$IF$4,0)) -> 0 | IP18: =INDEX($FR$6:$GG$6,MATCH(IH18,$FR$4:$GG$4,0))+INDEX($FR$12:$GG$12,MATCH(IH18,$FR$4:$GG$4,0)) -> 71.7384 | IQ18: =IK18-IP18 -> 124.04439
A19: Truro | B19: =INDEX('Waste Projections'!$H21:$AL21,MATCH('1.Baseline'!$B$1,'Waste Projections'!$H$6:$AL$6,0)) -> 1047.98 | C19: SEMASS | D19: N/A | E19: N/A | F19: 0 | G19: N/A | H19: 0 | I19: =IF(E19="N/A","N/A","Transfer Truck") -> N/A | J19: 70.9 | K19: Transfer Truck | L19: =(IF($G19=L$4,$F19,0)+IF($I19=L$4,$H19,0)+IF($K19=L$4,$J19,0))*$B19 -> 0 | M19: =(IF($G19=M$4,$F19,0)+IF($I19=M$4,$H19,0)+IF($K19=M$4,$J19,0))*$B19 -> 74301.782 | N19: =(IF($G19=N$4,$F19,0)+IF($I19=N$4,$H19,0)+IF($K19=N$4,$J19,0))*$B19 -> 0 | O19: =(IF($G19=O$4,$F19,0)+IF($I19=O$4,$H19,0)+IF($K19=O$4,$J19,0))*$B19 -> 0 | P19: =INDEX('Transportation GHG'!$B$21:$B$24,MATCH('1.Baseline'!P$4,'Transportation GHG'!$A$21:$A$24,0))*L19 -> 0 | Q19: =INDEX('Transportation GHG'!$B$21:$B$24,MATCH('1.Baseline'!Q$4,'Transportation GHG'!$A$21:$A$24,0))*M19 -> 6.6654414 | R19: =INDEX('Transportation GHG'!$B$21:$B$24,MATCH('1.Baseline'!R$4,'Transportation GHG'!$A$21:$A$24,0))*N19 -> 0 | S19: =INDEX('Transportation GHG'!$B$21:$B$24,MATCH('1.Baseline'!S$4,'Transportation GHG'!$A$21:$A$24,0))*O19 -> 0 | U19: =INDEX('Waste Composition'!$P$5:$P$20,MATCH('1.Baseline'!U$4,'Waste Composition'!$O$5:$O$20,0))*$B19 -> 41.9192 | V19: =INDEX('Waste Composition'!$P$5:$P$20,MATCH('1.Baseline'!V$4,'Waste Composition'!$O$5:$O$20,0))*$B19 -> 178.1566 | W19: =INDEX('Waste Composition'!$P$5:$P$20,MATCH('1.Baseline'!W$4,'Waste Composition'!$O$5:$O$20,0))*$B19 -> 188.6364 | X19: =INDEX('Waste Composition'!$P$5:$P$20,MATCH('1.Baseline'!X$4,'Waste Composition'!$O$5:$O$20,0))*$B19 -> 94.3182 | Y19: =INDEX('Waste Composition'!$P$5:$P$20,MATCH('1.Baseline'!Y$4,'Waste Composition'!$O$5:$O$20,0))*$B19 -> 15.7197 | Z19: =INDEX('Waste Composition'!$P$5:$P$20,MATCH('1.Baseline'!Z$4,'Waste Composition'!$O$5:$O$20,0))*$B19 -> 26.1995 | AA19: =INDEX('Waste Composition'!$P$5:$P$20,MATCH('1.Baseline'!AA$4,'Waste Composition'!$O$5:$O$20,0))*$B19 -> 5.2399 | AB19: =INDEX('Waste Composition'!$P$5:$P$20,MATCH('1.Baseline'!AB$4,'Waste Composition'!$O$5:$O$20,0))*$B19 -> 78.5985 | ... AJ19: =INDEX('Waste Composition'!$P$5:$P$20,MATCH('1.Baseline'!AJ$4,'Waste Composition'!$O$5:$O$20,0))*$B19 -> 83.8384 | AL19: 0 | AM19: 0 | AN19: 0 | AO19: 0 | AP19: 0 | AQ19: 0 | AR19: 0 | AS19: 0 | AT19: 0 | AU19: 0 | AV19: 0 | AW19: 0 | AX19: 0 | AY19: 0 | AZ19: 0 | BA19: 0 | BC19: 0 | BD19: 0 | BE19: 0 | BF19: 0 | BG19: 0 | BH19: 0 | BI19: 0 | BJ19: 0 | BK19: 0 | BL19: 0 | BM19: 0 | BN19: 0 | BO19: 0 | BP19: 0 | BQ19: 0 | BR19: 0 | BT19: 0 | BU19: 0 | BV19: 0 | BW19: 0 | BX19: 0 | BY19: 0 | BZ19: 0 | CA19: 0 | CB19: 0 | CC19: 0 | CD19: 0 | CE19: 0 | CF19: 0 | CG19: 0 | CH19: 0 | CI19: 0 | CK19: 1 | CL19: 1 | CM19: 1 | CN19: 1 | CO19: 1 | CP19: 1 | CQ19: 1 | CR19: 1 | CS19: 1 | CT19: 1 | CU19: 1 | CV19: 1 | CW19: 1 | CX19: 1 | CY19: 1 | CZ19: 1 | DB19: 0 | DC19: 0 | DD19: 0 | DE19: 0 | DF19: 0 | DG19: 0 | DH19: 0 | DI19: 0 | DJ19: 0 | DK19: 0 | DL19: 0 | DM19: 0 | DN19: 0 | DO19: 0 | DP19: 0 | DQ19: 0 | DS19: 0 | DT19: 0 | DU19: 0 | DV19: 0 | DW19: 0 | DX19: 0 | DY19: 0 | DZ19: 0 | EA19: 0 | EB19: 0 | EC19: 0 | ED19: 0 | EE19: 0 | EF19: 0 | EG19: 0 | EH19: 0 | EJ19: =$U$19*AL19 -> 0 | EK19: =$V$19*AM19 -> 0 | EL19: =$W$19*AN19 -> 0 | EM19: =$X$19*AO19 -> 0 | EN19: =$Y$19*AP19 -> 0 | EO19: =$Z$19*AQ19 -> 0 | EP19: =$AA$19*AR19 -> 0 | EQ19: =$AB$19*AS19 -> 0 | ER19: =$AC$19*AT19 -> 0 | ES19: =$AD$19*AU19 -> 0 | ET19: =$AE$19*AV19 -> 0 | EU19: =$AF$19*AW19 -> 0 | EV19: =$AG$19*AX19 -> 0 | EW19: =$AH$19*AY19 -> 0 | EX19: =$AI$19*AZ19 -> 0 | EY19: =$AJ$19*BA19 -> 0 | FA19: =$U$19*BC19 -> 0 | FB19: =$V$19*BD19 -> 0 | FC19: =$W$19*BE19 -> 0 | FD19: =$X$19*BF19 -> 0 | FE19: =$Y$19*BG19 -> 0 | FF19: =$Z$19*BH19 -> 0 | FG19: =$AA$19*BI19 -> 0 | FH19: =$AB$19*BJ19 -> 0 | FI19: =$AC$19*BK19 -> 0 | FJ19: =$AD$19*BL19 -> 0 | FK19: =$AE$19*BM19 -> 0 | FL19: =$AF$19*BN19 -> 0 | FM19: =$AG$19*BO19 -> 0 | FN19: =$AH$19*BP19 -> 0 | FO19: =$AI$19*BQ19 -> 0 | FP19: =$AJ$19*BR19 -> 0 | FR19: =$U$19*BT19 -> 0 | FS19: =$V$19*BU19 -> 0 | FT19: =$W$19*BV19 -> 0 | FU19: =$X$19*BW19 -> 0 | FV19: =$Y$19*BX19 -> 0 | FW19: =$Z$19*BY19 -> 0 | FX19: =$AA$19*BZ19 -> 0 | FY19: =$AB$19*CA19 -> 0 | FZ19: =$AC$19*CB19 -> 0 | GA19: =$AD$19*CC19 -> 0 | GB19: =$AE$19*CD19 -> 0 | GC19: =$AF$19*CE19 -> 0 | GD19: =$AG$19*CF19 -> 0 | GE19: =$AH$19*CG19 -> 0 | GF19: =$AI$19*CH19 -> 0 | GG19: =$AJ$19*CI19 -> 0 | GI19: =$U$19*CK19 -> 41.9192 | GJ19: =$V$19*CL19 -> 178.1566 | GK19: =$W$19*CM19 -> 188.6364 | GL19: =$X$19*CN19 -> 94.3182 | GM19: =$Y$19*CO19 -> 15.7197 | GN19: =$Z$19*CP19 -> 26.1995 | GO19: =$AA$19*CQ19 -> 5.2399 | GP19: =$AB$19*CR19 -> 78.5985 | GQ19: =$AC$19*CS19 -> 10.4798 | GR19: =$AD$19*CT19 -> 10.4798 | GS19: =$AE$19*CU19 -> 26.1995 | GT19: =$AF$19*CV19 -> 31.4394 | GU19: =$AG$19*CW19 -> 125.7576 | GV19: =$AH$19*CX19 -> 5.2399 | GW19: =$AI$19*CY19 -> 125.7576 | GX19: =$AJ$19*CZ19 -> 83.8384 | GZ19: =$U$19*DB19 -> 0 | HA19: =$V$19*DC19 -> 0 | HB19: =$W$19*DD19 -> 0 | HC19: =$X$19*DE19 -> 0 | HD19: =$Y$19*DF19 -> 0 | HE19: =$Z$19*DG19 -> 0 | HF19: =$AA$19*DH19 -> 0 | HG19: =$AB$19*DI19 -> 0 | HH19: =$AC$19*DJ19 -> 0 | HI19: =$AD$19*DK19 -> 0 | HJ19: =$AE$19*DL19 -> 0 | HK19: =$AF$19*DM19 -> 0 | HL19: =$AG$19*DN19 -> 0 | HM19: =$AH$19*DO19 -> 0 | HN19: =$AI$19*DP19 -> 0 | HO19: =$AJ$19*DQ19 -> 0 | HQ19: =$U$19*DS19 -> 0 | HR19: =$V$19*DT19 -> 0 | HS19: =$W$19*DU19 -> 0 | HT19: =$X$19*DV19 -> 0 | HU19: =$Y$19*DW19 -> 0 | HV19: =$Z$19*DX19 -> 0 | HW19: =$AA$19*DY19 -> 0 | HX19: =$AB$19*DZ19 -> 0 | HY19: =$AC$19*EA19 -> 0 | HZ19: =$AD$19*EB19 -> 0 | IA19: =$AE$19*EC19 -> 0 | IB19: =$AF$19*ED19 -> 0 | IC19: =$AG$19*EE19 -> 0 | ID19: =$AH$19*EF19 -> 0 | IE19: =$AI$19*EG19 -> 0 | IF19: =$AJ$19*EH19 -> 0 | IH19: Mixed Recyclables | II19: =INDEX($EJ$39:$EY$39,MATCH($IH19,$EJ$4:$EY$4,0)) -> 0 | IJ19: =INDEX($FA$39:$FP$39,MATCH($IH19,$FA$4:$FP$4,0)) -> 0 | IK19: =INDEX($FR$39:$GG$39,MATCH($IH19,$FR$4:$GG$4,0)) -> 4698.787 | IL19: =INDEX($GI$39:$GX$39,MATCH($IH19,$GI$4:$GX$4,0)) -> 4126.3044 | IM19: =INDEX($GZ$39:$HO$39,MATCH($IH19,$GZ$4:$HO$4,0)) -> 0 | IN19: =INDEX($HQ$39:$IF$39,MATCH($IH19,$HQ$4:$IF$4,0)) -> 0 | IP19: =INDEX($FR$6:$GG$6,MATCH(IH19,$FR$4:$GG$4,0))+INDEX($FR$12:$GG$12,MATCH(IH19,$FR$4:$GG$4,0)) -> 1721.7216 | IQ19: =IK19-IP19 -> 2977.0654
A20: Wellfleet | B20: =INDEX('Waste Projections'!$H22:$AL22,MATCH('1.Baseline'!$B$1,'Waste Projections'!$H$6:$AL$6,0)) -> 773.87 | C20: Crapo Hill Landfill | D20: N/A | E20: N/A | F20: 0 | G20: N/A | H20: 0 | I20: =IF(E20="N/A","N/A","Transfer Truck") -> N/A | J20: 86.6 | K20: Transfer Truck | L20: =(IF($G20=L$4,$F20,0)+IF($I20=L$4,$H20,0)+IF($K20=L$4,$J20,0))*$B20 -> 0 | M20: =(IF($G20=M$4,$F20,0)+IF($I20=M$4,$H20,0)+IF($K20=M$4,$J20,0))*$B20 -> 67017.142 | N20: =(IF($G20=N$4,$F20,0)+IF($I20=N$4,$H20,0)+IF($K20=N$4,$J20,0))*$B20 -> 0 | O20: =(IF($G20=O$4,$F20,0)+IF($I20=O$4,$H20,0)+IF($K20=O$4,$J20,0))*$B20 -> 0 | P20: =INDEX('Transportation GHG'!$B$21:$B$24,MATCH('1.Baseline'!P$4,'Transportation GHG'!$A$21:$A$24,0))*L20 -> 0 | Q20: =INDEX('Transportation GHG'!$B$21:$B$24,MATCH('1.Baseline'!Q$4,'Transportation GHG'!$A$21:$A$24,0))*M20 -> 6.0119532 | R20: =INDEX('Transportation GHG'!$B$21:$B$24,MATCH('1.Baseline'!R$4,'Transportation GHG'!$A$21:$A$24,0))*N20 -> 0 | S20: =INDEX('Transportation GHG'!$B$21:$B$24,MATCH('1.Baseline'!S$4,'Transportation GHG'!$A$21:$A$24,0))*O20 -> 0 | U20: =INDEX('Waste Composition'!$P$5:$P$20,MATCH('1.Baseline'!U$4,'Waste Composition'!$O$5:$O$20,0))*$B20 -> 30.9548 | V20: =INDEX('Waste Composition'!$P$5:$P$20,MATCH('1.Baseline'!V$4,'Waste Composition'!$O$5:$O$20,0))*$B20 -> 131.5579 | W20: =INDEX('Waste Composition'!$P$5:$P$20,MATCH('1.Baseline'!W$4,'Waste Composition'!$O$5:$O$20,0))*$B20 -> 139.2966 | X20: =INDEX('Waste Composition'!$P$5:$P$20,MATCH('1.Baseline'!X$4,'Waste Composition'!$O$5:$O$20,0))*$B20 -> 69.6483 | Y20: =INDEX('Waste Composition'!$P$5:$P$20,MATCH('1.Baseline'!Y$4,'Waste Composition'!$O$5:$O$20,0))*$B20 -> 11.60805 | Z20: =INDEX('Waste Composition'!$P$5:$P$20,MATCH('1.Baseline'!Z$4,'Waste Composition'!$O$5:$O$20,0))*$B20 -> 19.34675 | AA20: =INDEX('Waste Composition'!$P$5:$P$20,MATCH('1.Baseline'!AA$4,'Waste Composition'!$O$5:$O$20,0))*$B20 -> 3.86935 | AB20: =INDEX('Waste Composition'!$P$5:$P$20,MATCH('1.Baseline'!AB$4,'Waste Composition'!$O$5:$O$20,0))*$B20 -> 58.04025 | ... AJ20: =INDEX('Waste Composition'!$P$5:$P$20,MATCH('1.Baseline'!AJ$4,'Waste Composition'!$O$5:$O$20,0))*$B20 -> 61.9096 | AL20: 0 | AM20: 0 | AN20: 0 | AO20: 0 | AP20: 0 | AQ20: 0 | AR20: 0 | AS20: 0 | AT20: 0 | AU20: 0 | AV20: 0 | AW20: 0 | AX20: 0 | AY20: 0 | AZ20: 0 | BA20: 0 | BC20: 0 | BD20: 0 | BE20: 0 | BF20: 0 | BG20: 0 | BH20: 0 | BI20: 0 | BJ20: 0 | BK20: 0 | BL20: 0 | BM20: 0 | BN20: 0 | BO20: 0 | BP20: 0 | BQ20: 0 | BR20: 0 | BT20: 1 | BU20: 1 | BV20: 1 | BW20: 1 | BX20: 1 | BY20: 1 | BZ20: 1 | CA20: 1 | CB20: 1 | CC20: 1 | CD20: 1 | CE20: 1 | CF20: 1 | CG20: 1 | CH20: 1 | CI20: 1 | CK20: 0 | CL20: 0 | CM20: 0 | CN20: 0 | CO20: 0 | CP20: 0 | CQ20: 0 | CR20: 0 | CS20: 0 | CT20: 0 | CU20: 0 | CV20: 0 | CW20: 0 | CX20: 0 | CY20: 0 | CZ20: 0 | DB20: 0 | DC20: 0 | DD20: 0 | DE20: 0 | DF20: 0 | DG20: 0 | DH20: 0 | DI20: 0 | DJ20: 0 | DK20: 0 | DL20: 0 | DM20: 0 | DN20: 0 | DO20: 0 | DP20: 0 | DQ20: 0 | DS20: 0 | DT20: 0 | DU20: 0 | DV20: 0 | DW20: 0 | DX20: 0 | DY20: 0 | DZ20: 0 | EA20: 0 | EB20: 0 | EC20: 0 | ED20: 0 | EE20: 0 | EF20: 0 | EG20: 0 | EH20: 0 | EJ20: =$U$20*AL20 -> 0 | EK20: =$V$20*AM20 -> 0 | EL20: =$W$20*AN20 -> 0 | EM20: =$X$20*AO20 -> 0 | EN20: =$Y$20*AP20 -> 0 | EO20: =$Z$20*AQ20 -> 0 | EP20: =$AA$20*AR20 -> 0 | EQ20: =$AB$20*AS20 -> 0 | ER20: =$AC$20*AT20 -> 0 | ES20: =$AD$20*AU20 -> 0 | ET20: =$AE$20*AV20 -> 0 | EU20: =$AF$20*AW20 -> 0 | EV20: =$AG$20*AX20 -> 0 | EW20: =$AH$20*AY20 -> 0 | EX20: =$AI$20*AZ20 -> 0 | EY20: =$AJ$20*BA20 -> 0 | FA20: =$U$20*BC20 -> 0 | FB20: =$V$20*BD20 -> 0 | FC20: =$W$20*BE20 -> 0 | FD20: =$X$20*BF20 -> 0 | FE20: =$Y$20*BG20 -> 0 | FF20: =$Z$20*BH20 -> 0 | FG20: =$AA$20*BI20 -> 0 | FH20: =$AB$20*BJ20 -> 0 | FI20: =$AC$20*BK20 -> 0 | FJ20: =$AD$20*BL20 -> 0 | FK20: =$AE$20*BM20 -> 0 | FL20: =$AF$20*BN20 -> 0 | FM20: =$AG$20*BO20 -> 0 | FN20: =$AH$20*BP20 -> 0 | FO20: =$AI$20*BQ20 -> 0 | FP20: =$AJ$20*BR20 -> 0 | FR20: =$U$20*BT20 -> 30.9548 | FS20: =$V$20*BU20 -> 131.5579 | FT20: =$W$20*BV20 -> 139.2966 | FU20: =$X$20*BW20 -> 69.6483 | FV20: =$Y$20*BX20 -> 11.60805 | FW20: =$Z$20*BY20 -> 19.34675 | FX20: =$AA$20*BZ20 -> 3.86935 | FY20: =$AB$20*CA20 -> 58.04025 | FZ20: =$AC$20*CB20 -> 7.7387 | GA20: =$AD$20*CC20 -> 7.7387 | GB20: =$AE$20*CD20 -> 19.34675 | GC20: =$AF$20*CE20 -> 23.2161 | GD20: =$AG$20*CF20 -> 92.8644 | GE20: =$AH$20*CG20 -> 3.86935 | GF20: =$AI$20*CH20 -> 92.8644 | GG20: =$AJ$20*CI20 -> 61.9096 | GI20: =$U$20*CK20 -> 0 | GJ20: =$V$20*CL20 -> 0 | GK20: =$W$20*CM20 -> 0 | GL20: =$X$20*CN20 -> 0 | GM20: =$Y$20*CO20 -> 0 | GN20: =$Z$20*CP20 -> 0 | GO20: =$AA$20*CQ20 -> 0 | GP20: =$AB$20*CR20 -> 0 | GQ20: =$AC$20*CS20 -> 0 | GR20: =$AD$20*CT20 -> 0 | GS20: =$AE$20*CU20 -> 0 | GT20: =$AF$20*CV20 -> 0 | GU20: =$AG$20*CW20 -> 0 | GV20: =$AH$20*CX20 -> 0 | GW20: =$AI$20*CY20 -> 0 | GX20: =$AJ$20*CZ20 -> 0 | GZ20: =$U$20*DB20 -> 0 | HA20: =$V$20*DC20 -> 0 | HB20: =$W$20*DD20 -> 0 | HC20: =$X$20*DE20 -> 0 | HD20: =$Y$20*DF20 -> 0 | HE20: =$Z$20*DG20 -> 0 | HF20: =$AA$20*DH20 -> 0 | HG20: =$AB$20*DI20 -> 0 | HH20: =$AC$20*DJ20 -> 0 | HI20: =$AD$20*DK20 -> 0 | HJ20: =$AE$20*DL20 -> 0 | HK20: =$AF$20*DM20 -> 0 | HL20: =$AG$20*DN20 -> 0 | HM20: =$AH$20*DO20 -> 0 | HN20: =$AI$20*DP20 -> 0 | HO20: =$AJ$20*DQ20 -> 0 | HQ20: =$U$20*DS20 -> 0 | HR20: =$V$20*DT20 -> 0 | HS20: =$W$20*DU20 -> 0 | HT20: =$X$20*DV20 -> 0 | HU20: =$Y$20*DW20 -> 0 | HV20: =$Z$20*DX20 -> 0 | HW20: =$AA$20*DY20 -> 0 | HX20: =$AB$20*DZ20 -> 0 | HY20: =$AC$20*EA20 -> 0 | HZ20: =$AD$20*EB20 -> 0 | IA20: =$AE$20*EC20 -> 0 | IB20: =$AF$20*ED20 -> 0 | IC20: =$AG$20*EE20 -> 0 | ID20: =$AH$20*EF20 -> 0 | IE20: =$AI$20*EG20 -> 0 | IF20: =$AJ$20*EH20 -> 0 | IH20: Mixed MSW | II20: =INDEX($EJ$39:$EY$39,MATCH($IH20,$EJ$4:$EY$4,0)) -> 0 | IJ20: =INDEX($FA$39:$FP$39,MATCH($IH20,$FA$4:$FP$4,0)) -> 0 | IK20: =INDEX($FR$39:$GG$39,MATCH($IH20,$FR$4:$GG$4,0)) -> 4044.3464 | IL20: =INDEX($GI$39:$GX$39,MATCH($IH20,$GI$4:$GX$4,0)) -> 2750.8696 | IM20: =INDEX($GZ$39:$HO$39,MATCH($IH20,$GZ$4:$HO$4,0)) -> 0 | IN20: =INDEX($HQ$39:$IF$39,MATCH($IH20,$HQ$4:$IF$4,0)) -> 0 | IP20: =INDEX($FR$6:$GG$6,MATCH(IH20,$FR$4:$GG$4,0))+INDEX($FR$12:$GG$12,MATCH(IH20,$FR$4:$GG$4,0)) -> 1147.8144 | IQ20: =IK20-IP20 -> 2896.532
A21: Yarmouth | B21: =INDEX('Waste Projections'!$H23:$AL23,MATCH('1.Baseline'!$B$1,'Waste Projections'!$H$6:$AL$6,0)) -> 8428 | C21: SEMASS | D21: Yarmouth RTS | E21: N/A | F21: 2.2 | G21: N/A | H21: 0 | I21: =IF(E21="N/A","N/A","Transfer Truck") -> N/A | J21: 39.2 | K21: Rail | L21: =(IF($G21=L$4,$F21,0)+IF($I21=L$4,$H21,0)+IF($K21=L$4,$J21,0))*$B21 -> 0 | M21: =(IF($G21=M$4,$F21,0)+IF($I21=M$4,$H21,0)+IF($K21=M$4,$J21,0))*$B21 -> 0 | N21: =(IF($G21=N$4,$F21,0)+IF($I21=N$4,$H21,0)+IF($K21=N$4,$J21,0))*$B21 -> 0 | O21: =(IF($G21=O$4,$F21,0)+IF($I21=O$4,$H21,0)+IF($K21=O$4,$J21,0))*$B21 -> 330377.6 | P21: =INDEX('Transportation GHG'!$B$21:$B$24,MATCH('1.Baseline'!P$4,'Transportation GHG'!$A$21:$A$24,0))*L21 -> 0 | Q21: =INDEX('Transportation GHG'!$B$21:$B$24,MATCH('1.Baseline'!Q$4,'Transportation GHG'!$A$21:$A$24,0))*M21 -> 0 | R21: =INDEX('Transportation GHG'!$B$21:$B$24,MATCH('1.Baseline'!R$4,'Transportation GHG'!$A$21:$A$24,0))*N21 -> 0 | S21: =INDEX('Transportation GHG'!$B$21:$B$24,MATCH('1.Baseline'!S$4,'Transportation GHG'!$A$21:$A$24,0))*O21 -> 7.8310235 | U21: =INDEX('Waste Composition'!$P$5:$P$20,MATCH('1.Baseline'!U$4,'Waste Composition'!$O$5:$O$20,0))*$B21 -> 337.12 | V21: =INDEX('Waste Composition'!$P$5:$P$20,MATCH('1.Baseline'!V$4,'Waste Composition'!$O$5:$O$20,0))*$B21 -> 1432.76 | W21: =INDEX('Waste Composition'!$P$5:$P$20,MATCH('1.Baseline'!W$4,'Waste Composition'!$O$5:$O$20,0))*$B21 -> 1517.04 | X21: =INDEX('Waste Composition'!$P$5:$P$20,MATCH('1.Baseline'!X$4,'Waste Composition'!$O$5:$O$20,0))*$B21 -> 758.52 | Y21: =INDEX('Waste Composition'!$P$5:$P$20,MATCH('1.Baseline'!Y$4,'Waste Composition'!$O$5:$O$20,0))*$B21 -> 126.42 | Z21: =INDEX('Waste Composition'!$P$5:$P$20,MATCH('1.Baseline'!Z$4,'Waste Composition'!$O$5:$O$20,0))*$B21 -> 210.7 | AA21: =INDEX('Waste Composition'!$P$5:$P$20,MATCH('1.Baseline'!AA$4,'Waste Composition'!$O$5:$O$20,0))*$B21 -> 42.14 | AB21: =INDEX('Waste Composition'!$P$5:$P$20,MATCH('1.Baseline'!AB$4,'Waste Composition'!$O$5:$O$20,0))*$B21 -> 632.1 | ... AJ21: =INDEX('Waste Composition'!$P$5:$P$20,MATCH('1.Baseline'!AJ$4,'Waste Composition'!$O$5:$O$20,0))*$B21 -> 674.24 | AL21: 0 | AM21: 0 | AN21: 0 | AO21: 0 | AP21: 0 | AQ21: 0 | AR21: 0 | AS21: 0 | AT21: 0 | AU21: 0 | AV21: 0 | AW21: 0 | AX21: 0 | AY21: 0 | AZ21: 0 | BA21: 0 | BC21: 0 | BD21: 0 | BE21: 0 | BF21: 0 | BG21: 0 | BH21: 0 | BI21: 0 | BJ21: 0 | BK21: 0 | BL21: 0 | BM21: 0 | BN21: 0 | BO21: 0 | BP21: 0 | BQ21: 0 | BR21: 0 | BT21: 0 | BU21: 0 | BV21: 0 | BW21: 0 | BX21: 0 | BY21: 0 | BZ21: 0 | CA21: 0 | CB21: 0 | CC21: 0 | CD21: 0 | CE21: 0 | CF21: 0 | CG21: 0 | CH21: 0 | CI21: 0 | CK21: 1 | CL21: 1 | CM21: 1 | CN21: 1 | CO21: 1 | CP21: 1 | CQ21: 1 | CR21: 1 | CS21: 1 | CT21: 1 | CU21: 1 | CV21: 1 | CW21: 1 | CX21: 1 | CY21: 1 | CZ21: 1 | DB21: 0 | DC21: 0 | DD21: 0 | DE21: 0 | DF21: 0 | DG21: 0 | DH21: 0 | DI21: 0 | DJ21: 0 | DK21: 0 | DL21: 0 | DM21: 0 | DN21: 0 | DO21: 0 | DP21: 0 | DQ21: 0 | DS21: 0 | DT21: 0 | DU21: 0 | DV21: 0 | DW21: 0 | DX21: 0 | DY21: 0 | DZ21: 0 | EA21: 0 | EB21: 0 | EC21: 0 | ED21: 0 | EE21: 0 | EF21: 0 | EG21: 0 | EH21: 0 | EJ21: =$U$21*AL21 -> 0 | EK21: =$V$21*AM21 -> 0 | EL21: =$W$21*AN21 -> 0 | EM21: =$X$21*AO21 -> 0 | EN21: =$Y$21*AP21 -> 0 | EO21: =$Z$21*AQ21 -> 0 | EP21: =$AA$21*AR21 -> 0 | EQ21: =$AB$21*AS21 -> 0 | ER21: =$AC$21*AT21 -> 0 | ES21: =$AD$21*AU21 -> 0 | ET21: =$AE$21*AV21 -> 0 | EU21: =$AF$21*AW21 -> 0 | EV21: =$AG$21*AX21 -> 0 | EW21: =$AH$21*AY21 -> 0 | EX21: =$AI$21*AZ21 -> 0 | EY21: =$AJ$21*BA21 -> 0 | FA21: =$U$21*BC21 -> 0 | FB21: =$V$21*BD21 -> 0 | FC21: =$W$21*BE21 -> 0 | FD21: =$X$21*BF21 -> 0 | FE21: =$Y$21*BG21 -> 0 | FF21: =$Z$21*BH21 -> 0 | FG21: =$AA$21*BI21 -> 0 | FH21: =$AB$21*BJ21 -> 0 | FI21: =$AC$21*BK21 -> 0 | FJ21: =$AD$21*BL21 -> 0 | FK21: =$AE$21*BM21 -> 0 | FL21: =$AF$21*BN21 -> 0 | FM21: =$AG$21*BO21 -> 0 | FN21: =$AH$21*BP21 -> 0 | FO21: =$AI$21*BQ21 -> 0 | FP21: =$AJ$21*BR21 -> 0 | FR21: =$U$21*BT21 -> 0 | FS21: =$V$21*BU21 -> 0 | FT21: =$W$21*BV21 -> 0 | FU21: =$X$21*BW21 -> 0 | FV21: =$Y$21*BX21 -> 0 | FW21: =$Z$21*BY21 -> 0 | FX21: =$AA$21*BZ21 -> 0 | FY21: =$AB$21*CA21 -> 0 | FZ21: =$AC$21*CB21 -> 0 | GA21: =$AD$21*CC21 -> 0 | GB21: =$AE$21*CD21 -> 0 | GC21: =$AF$21*CE21 -> 0 | GD21: =$AG$21*CF21 -> 0 | GE21: =$AH$21*CG21 -> 0 | GF21: =$AI$21*CH21 -> 0 | GG21: =$AJ$21*CI21 -> 0 | GI21: =$U$21*CK21 -> 337.12 | GJ21: =$V$21*CL21 -> 1432.76 | GK21: =$W$21*CM21 -> 1517.04 | GL21: =$X$21*CN21 -> 758.52 | GM21: =$Y$21*CO21 -> 126.42 | GN21: =$Z$21*CP21 -> 210.7 | GO21: =$AA$21*CQ21 -> 42.14 | GP21: =$AB$21*CR21 -> 632.1 | GQ21: =$AC$21*CS21 -> 84.28 | GR21: =$AD$21*CT21 -> 84.28 | GS21: =$AE$21*CU21 -> 210.7 | GT21: =$AF$21*CV21 -> 252.84 | GU21: =$AG$21*CW21 -> 1011.36 | GV21: =$AH$21*CX21 -> 42.14 | GW21: =$AI$21*CY21 -> 1011.36 | GX21: =$AJ$21*CZ21 -> 674.24 | GZ21: =$U$21*DB21 -> 0 | HA21: =$V$21*DC21 -> 0 | HB21: =$W$21*DD21 -> 0 | HC21: =$X$21*DE21 -> 0 | HD21: =$Y$21*DF21 -> 0 | HE21: =$Z$21*DG21 -> 0 | HF21: =$AA$21*DH21 -> 0 | HG21: =$AB$21*DI21 -> 0 | HH21: =$AC$21*DJ21 -> 0 | HI21: =$AD$21*DK21 -> 0 | HJ21: =$AE$21*DL21 -> 0 | HK21: =$AF$21*DM21 -> 0 | HL21: =$AG$21*DN21 -> 0 | HM21: =$AH$21*DO21 -> 0 | HN21: =$AI$21*DP21 -> 0 | HO21: =$AJ$21*DQ21 -> 0 | HQ21: =$U$21*DS21 -> 0 | HR21: =$V$21*DT21 -> 0 | HS21: =$W$21*DU21 -> 0 | HT21: =$X$21*DV21 -> 0 | HU21: =$Y$21*DW21 -> 0 | HV21: =$Z$21*DX21 -> 0 | HW21: =$AA$21*DY21 -> 0 | HX21: =$AB$21*DZ21 -> 0 | HY21: =$AC$21*EA21 -> 0 | HZ21: =$AD$21*EB21 -> 0 | IA21: =$AE$21*EC21 -> 0 | IB21: =$AF$21*ED21 -> 0 | IC21: =$AG$21*EE21 -> 0 | ID21: =$AH$21*EF21 -> 0 | IE21: =$AI$21*EG21 -> 0 | IF21: =$AJ$21*EH21 -> 0 | IH21: Note 1: Aerobic rotary kiln co-composting system on Nantucket, modelled as anaerobic digestion.
A22: AVERAGE | B22: =AVERAGE(B5:B21) -> 3882.9506 | P22: =AVERAGE(P5:P21) -> 5.1028487 | Q22: =AVERAGE(Q5:Q21) -> 9.6680554 | R22: =AVERAGE(R5:R21) -> 0 | S22: =AVERAGE(S5:S21) -> 0.66665034 | U22: =AVERAGE(U5:U21) -> 155.31802 | V22: =AVERAGE(V5:V21) -> 660.1016 | W22: =AVERAGE(W5:W21) -> 698.93111 | X22: =AVERAGE(X5:X21) -> 349.46555 | Y22: =AVERAGE(Y5:Y21) -> 58.244259 | Z22: =AVERAGE(Z5:Z21) -> 97.073765 | AA22: =AVERAGE(AA5:AA21) -> 19.414753 | AB22: =AVERAGE(AB5:AB21) -> 291.22129 | ... AJ22: =AVERAGE(AJ5:AJ21) -> 310.63605 | EJ22: =AVERAGE(EJ5:EJ21) -> 0 | EK22: =AVERAGE(EK5:EK21) -> 0 | EL22: =AVERAGE(EL5:EL21) -> 0 | EM22: =AVERAGE(EM5:EM21) -> 0 | EN22: =AVERAGE(EN5:EN21) -> 0 | EO22: =AVERAGE(EO5:EO21) -> 0 | EP22: =AVERAGE(EP5:EP21) -> 0 | EQ22: =AVERAGE(EQ5:EQ21) -> 0 | ... EY22: =AVERAGE(EY5:EY21) -> 0 | FA22: =AVERAGE(FA5:FA21) -> 0 | FB22: =AVERAGE(FB5:FB21) -> 0 | FC22: =AVERAGE(FC5:FC21) -> 0 | FD22: =AVERAGE(FD5:FD21) -> 0 | FE22: =AVERAGE(FE5:FE21) -> 0 | FF22: =AVERAGE(FF5:FF21) -> 0 | FG22: =AVERAGE(FG5:FG21) -> 0 | FH22: =AVERAGE(FH5:FH21) -> 0 | ... FP22: =AVERAGE(FP5:FP21) -> 0 | FR22: =AVERAGE(FR5:FR21) -> 82.492447 | FS22: =AVERAGE(FS5:FS21) -> 350.5929 | FT22: =AVERAGE(FT5:FT21) -> 371.21601 | FU22: =AVERAGE(FU5:FU21) -> 185.60801 | FV22: =AVERAGE(FV5:FV21) -> 30.934668 | FW22: =AVERAGE(FW5:FW21) -> 51.557779 | FX22: =AVERAGE(FX5:FX21) -> 10.311556 | FY22: =AVERAGE(FY5:FY21) -> 154.67334 | ... GG22: =AVERAGE(GG5:GG21) -> 164.98489 | GI22: =AVERAGE(GI5:GI21) -> 72.825576 | GJ22: =AVERAGE(GJ5:GJ21) -> 309.5087 | GK22: =AVERAGE(GK5:GK21) -> 327.71509 | GL22: =AVERAGE(GL5:GL21) -> 163.85755 | GM22: =AVERAGE(GM5:GM21) -> 27.309591 | GN22: =AVERAGE(GN5:GN21) -> 45.515985 | GO22: =AVERAGE(GO5:GO21) -> 9.1031971 | GP22: =AVERAGE(GP5:GP21) -> 136.54796 | ... GX22: =AVERAGE(GX5:GX21) -> 145.65115 | GZ22: =AVERAGE(GZ5:GZ21) -> 0 | HA22: =AVERAGE(HA5:HA21) -> 0 | HB22: =AVERAGE(HB5:HB21) -> 0 | HC22: =AVERAGE(HC5:HC21) -> 0 | HD22: =AVERAGE(HD5:HD21) -> 0 | HE22: =AVERAGE(HE5:HE21) -> 0 | HF22: =AVERAGE(HF5:HF21) -> 0 | HG22: =AVERAGE(HG5:HG21) -> 0 | ... HO22: =AVERAGE(HO5:HO21) -> 0 | HQ22: =AVERAGE(HQ5:HQ21) -> 0 | HR22: =AVERAGE(HR5:HR21) -> 0 | HS22: =AVERAGE(HS5:HS21) -> 0 | HT22: =AVERAGE(HT5:HT21) -> 0 | HU22: =AVERAGE(HU5:HU21) -> 0 | HV22: =AVERAGE(HV5:HV21) -> 0 | HW22: =AVERAGE(HW5:HW21) -> 0 | HX22: =AVERAGE(HX5:HX21) -> 0 | ... IF22: =AVERAGE(IF5:IF21) -> 0
A23: SUB-TOTAL | B23: =SUM(B5:B21) -> 66010.16 | P23: =SUM(P5:P21) -> 86.748428 | Q23: =SUM(Q5:Q21) -> 164.35694 | R23: =SUM(R5:R21) -> 0 | S23: =SUM(S5:S21) -> 11.333056 | U23: =SUM(U5:U21) -> 2640.4064 | V23: =SUM(V5:V21) -> 11221.727 | W23: =SUM(W5:W21) -> 11881.829 | X23: =SUM(X5:X21) -> 5940.9144 | Y23: =SUM(Y5:Y21) -> 990.1524 | Z23: =SUM(Z5:Z21) -> 1650.254 | AA23: =SUM(AA5:AA21) -> 330.0508 | AB23: =SUM(AB5:AB21) -> 4950.762 | ... AJ23: =SUM(AJ5:AJ21) -> 5280.8128 | EJ23: =SUM(EJ5:EJ21) -> 0 | EK23: =SUM(EK5:EK21) -> 0 | EL23: =SUM(EL5:EL21) -> 0 | EM23: =SUM(EM5:EM21) -> 0 | EN23: =SUM(EN5:EN21) -> 0 | EO23: =SUM(EO5:EO21) -> 0 | EP23: =SUM(EP5:EP21) -> 0 | EQ23: =SUM(EQ5:EQ21) -> 0 | ... EY23: =SUM(EY5:EY21) -> 0 | FA23: =SUM(FA5:FA21) -> 0 | FB23: =SUM(FB5:FB21) -> 0 | FC23: =SUM(FC5:FC21) -> 0 | FD23: =SUM(FD5:FD21) -> 0 | FE23: =SUM(FE5:FE21) -> 0 | FF23: =SUM(FF5:FF21) -> 0 | FG23: =SUM(FG5:FG21) -> 0 | FH23: =SUM(FH5:FH21) -> 0 | ... FP23: =SUM(FP5:FP21) -> 0 | FR23: =SUM(FR5:FR21) -> 1402.3716 | FS23: =SUM(FS5:FS21) -> 5960.0793 | FT23: =SUM(FT5:FT21) -> 6310.6722 | FU23: =SUM(FU5:FU21) -> 3155.3361 | FV23: =SUM(FV5:FV21) -> 525.88935 | FW23: =SUM(FW5:FW21) -> 876.48225 | FX23: =SUM(FX5:FX21) -> 175.29645 | FY23: =SUM(FY5:FY21) -> 2629.4467 | ... GG23: =SUM(GG5:GG21) -> 2804.7432 | GI23: =SUM(GI5:GI21) -> 1238.0348 | GJ23: =SUM(GJ5:GJ21) -> 5261.6479 | GK23: =SUM(GK5:GK21) -> 5571.1566 | GL23: =SUM(GL5:GL21) -> 2785.5783 | GM23: =SUM(GM5:GM21) -> 464.26305 | GN23: =SUM(GN5:GN21) -> 773.77175 | GO23: =SUM(GO5:GO21) -> 154.75435 | GP23: =SUM(GP5:GP21) -> 2321.3152 | ... GX23: =SUM(GX5:GX21) -> 2476.0696 | GZ23: =SUM(GZ5:GZ21) -> 0 | HA23: =SUM(HA5:HA21) -> 0 | HB23: =SUM(HB5:HB21) -> 0 | HC23: =SUM(HC5:HC21) -> 0 | HD23: =SUM(HD5:HD21) -> 0 | HE23: =SUM(HE5:HE21) -> 0 | HF23: =SUM(HF5:HF21) -> 0 | HG23: =SUM(HG5:HG21) -> 0 | ... HO23: =SUM(HO5:HO21) -> 0 | HQ23: =SUM(HQ5:HQ21) -> 0 | HR23: =SUM(HR5:HR21) -> 0 | HS23: =SUM(HS5:HS21) -> 0 | HT23: =SUM(HT5:HT21) -> 0 | HU23: =SUM(HU5:HU21) -> 0 | HV23: =SUM(HV5:HV21) -> 0 | HW23: =SUM(HW5:HW21) -> 0 | HX23: =SUM(HX5:HX21) -> 0 | ... IF23: =SUM(IF5:IF21) -> 0
A25: Aquinnah | B25: =INDEX('Waste Projections'!$H27:$AL27,MATCH('1.Baseline'!$B$1,'Waste Projections'!$H$6:$AL$6,0)) -> 94 | C25: SEMASS | D25: Edgartown TS | E25: Woods Hole | F25: 13.2 | G25: Transfer Truck | H25: 9.3 | I25: Barge | J25: 32.5 | K25: =IF(D25="N/A","Garbage Truck","Transfer Truck") -> Transfer Truck | L25: =(IF($G25=L$4,$F25,0)+IF($I25=L$4,$H25,0)+IF($K25=L$4,$J25,0))*$B25 -> 0 | M25: =(IF($G25=M$4,$F25,0)+IF($I25=M$4,$H25,0)+IF($K25=M$4,$J25,0))*$B25 -> 4295.8 | N25: =(IF($G25=N$4,$F25,0)+IF($I25=N$4,$H25,0)+IF($K25=N$4,$J25,0))*$B25 -> 874.2 | O25: =(IF($G25=O$4,$F25,0)+IF($I25=O$4,$H25,0)+IF($K25=O$4,$J25,0))*$B25 -> 0 | P25: =INDEX('Transportation GHG'!$B$21:$B$24,MATCH('1.Baseline'!P$4,'Transportation GHG'!$A$21:$A$24,0))*L25 -> 0 | Q25: =INDEX('Transportation GHG'!$B$21:$B$24,MATCH('1.Baseline'!Q$4,'Transportation GHG'!$A$21:$A$24,0))*M25 -> 0.3853663 | R25: =INDEX('Transportation GHG'!$B$21:$B$24,MATCH('1.Baseline'!R$4,'Transportation GHG'!$A$21:$A$24,0))*N25 -> 0.015376954 | S25: =INDEX('Transportation GHG'!$B$21:$B$24,MATCH('1.Baseline'!S$4,'Transportation GHG'!$A$21:$A$24,0))*O25 -> 0 | U25: =INDEX('Waste Composition'!$P$5:$P$20,MATCH('1.Baseline'!U$4,'Waste Composition'!$O$5:$O$20,0))*$B25 -> 3.76 | V25: =INDEX('Waste Composition'!$P$5:$P$20,MATCH('1.Baseline'!V$4,'Waste Composition'!$O$5:$O$20,0))*$B25 -> 15.98 | W25: =INDEX('Waste Composition'!$P$5:$P$20,MATCH('1.Baseline'!W$4,'Waste Composition'!$O$5:$O$20,0))*$B25 -> 16.92 | X25: =INDEX('Waste Composition'!$P$5:$P$20,MATCH('1.Baseline'!X$4,'Waste Composition'!$O$5:$O$20,0))*$B25 -> 8.46 | Y25: =INDEX('Waste Composition'!$P$5:$P$20,MATCH('1.Baseline'!Y$4,'Waste Composition'!$O$5:$O$20,0))*$B25 -> 1.41 | Z25: =INDEX('Waste Composition'!$P$5:$P$20,MATCH('1.Baseline'!Z$4,'Waste Composition'!$O$5:$O$20,0))*$B25 -> 2.35 | AA25: =INDEX('Waste Composition'!$P$5:$P$20,MATCH('1.Baseline'!AA$4,'Waste Composition'!$O$5:$O$20,0))*$B25 -> 0.47 | AB25: =INDEX('Waste Composition'!$P$5:$P$20,MATCH('1.Baseline'!AB$4,'Waste Composition'!$O$5:$O$20,0))*$B25 -> 7.05 | ... AJ25: =INDEX('Waste Composition'!$P$5:$P$20,MATCH('1.Baseline'!AJ$4,'Waste Composition'!$O$5:$O$20,0))*$B25 -> 7.52 | AL25: 0 | AM25: 0 | AN25: 0 | AO25: 0 | AP25: 0 | AQ25: 0 | AR25: 0 | AS25: 0 | AT25: 0 | AU25: 0 | AV25: 0 | AW25: 0 | AX25: 0 | AY25: 0 | AZ25: 0 | BA25: 0 | BC25: 0 | BD25: 0 | BE25: 0 | BF25: 0 | BG25: 0 | BH25: 0 | BI25: 0 | BJ25: 0 | BK25: 0 | BL25: 0 | BM25: 0 | BN25: 0 | BO25: 0 | BP25: 0 | BQ25: 0 | BR25: 0 | BT25: 0 | BU25: 0 | BV25: 0 | BW25: 0 | BX25: 0 | BY25: 0 | BZ25: 0 | CA25: 0 | CB25: 0 | CC25: 0 | CD25: 0 | CE25: 0 | CF25: 0 | CG25: 0 | CH25: 0 | CI25: 0 | CK25: 1 | CL25: 1 | CM25: 1 | CN25: 1 | CO25: 1 | CP25: 1 | CQ25: 1 | CR25: 1 | CS25: 1 | CT25: 1 | CU25: 1 | CV25: 1 | CW25: 1 | CX25: 1 | CY25: 1 | CZ25: 1 | DB25: 0 | DC25: 0 | DD25: 0 | DE25: 0 | DF25: 0 | DG25: 0 | DH25: 0 | DI25: 0 | DJ25: 0 | DK25: 0 | DL25: 0 | DM25: 0 | DN25: 0 | DO25: 0 | DP25: 0 | DQ25: 0 | DS25: 0 | DT25: 0 | DU25: 0 | DV25: 0 | DW25: 0 | DX25: 0 | DY25: 0 | DZ25: 0 | EA25: 0 | EB25: 0 | EC25: 0 | ED25: 0 | EE25: 0 | EF25: 0 | EG25: 0 | EH25: 0 | EJ25: =$U$25*AL25 -> 0 | EK25: =$V$25*AM25 -> 0 | EL25: =$W$25*AN25 -> 0 | EM25: =$X$25*AO25 -> 0 | EN25: =$Y$25*AP25 -> 0 | EO25: =$Z$25*AQ25 -> 0 | EP25: =$AA$25*AR25 -> 0 | EQ25: =$AB$25*AS25 -> 0 | ER25: =$AC$25*AT25 -> 0 | ES25: =$AD$25*AU25 -> 0 | ET25: =$AE$25*AV25 -> 0 | EU25: =$AF$25*AW25 -> 0 | EV25: =$AG$25*AX25 -> 0 | EW25: =$AH$25*AY25 -> 0 | EX25: =$AI$25*AZ25 -> 0 | EY25: =$AJ$25*BA25 -> 0 | FA25: =$U$25*BC25 -> 0 | FB25: =$V$25*BD25 -> 0 | FC25: =$W$25*BE25 -> 0 | FD25: =$X$25*BF25 -> 0 | FE25: =$Y$25*BG25 -> 0 | FF25: =$Z$25*BH25 -> 0 | FG25: =$AA$25*BI25 -> 0 | FH25: =$AB$25*BJ25 -> 0 | FI25: =$AC$25*BK25 -> 0 | FJ25: =$AD$25*BL25 -> 0 | FK25: =$AE$25*BM25 -> 0 | FL25: =$AF$25*BN25 -> 0 | FM25: =$AG$25*BO25 -> 0 | FN25: =$AH$25*BP25 -> 0 | FO25: =$AI$25*BQ25 -> 0 | FP25: =$AJ$25*BR25 -> 0 | FR25: =$U$25*BT25 -> 0 | FS25: =$V$25*BU25 -> 0 | FT25: =$W$25*BV25 -> 0 | FU25: =$X$25*BW25 -> 0 | FV25: =$Y$25*BX25 -> 0 | FW25: =$Z$25*BY25 -> 0 | FX25: =$AA$25*BZ25 -> 0 | FY25: =$AB$25*CA25 -> 0 | FZ25: =$AC$25*CB25 -> 0 | GA25: =$AD$25*CC25 -> 0 | GB25: =$AE$25*CD25 -> 0 | GC25: =$AF$25*CE25 -> 0 | GD25: =$AG$25*CF25 -> 0 | GE25: =$AH$25*CG25 -> 0 | GF25: =$AI$25*CH25 -> 0 | GG25: =$AJ$25*CI25 -> 0 | GI25: =$U$25*CK25 -> 3.76 | GJ25: =$V$25*CL25 -> 15.98 | GK25: =$W$25*CM25 -> 16.92 | GL25: =$X$25*CN25 -> 8.46 | GM25: =$Y$25*CO25 -> 1.41 | GN25: =$Z$25*CP25 -> 2.35 | GO25: =$AA$25*CQ25 -> 0.47 | GP25: =$AB$25*CR25 -> 7.05 | GQ25: =$AC$25*CS25 -> 0.94 | GR25: =$AD$25*CT25 -> 0.94 | GS25: =$AE$25*CU25 -> 2.35 | GT25: =$AF$25*CV25 -> 2.82 | GU25: =$AG$25*CW25 -> 11.28 | GV25: =$AH$25*CX25 -> 0.47 | GW25: =$AI$25*CY25 -> 11.28 | GX25: =$AJ$25*CZ25 -> 7.52 | GZ25: =$U$25*DB25 -> 0 | HA25: =$V$25*DC25 -> 0 | HB25: =$W$25*DD25 -> 0 | HC25: =$X$25*DE25 -> 0 | HD25: =$Y$25*DF25 -> 0 | HE25: =$Z$25*DG25 -> 0 | HF25: =$AA$25*DH25 -> 0 | HG25: =$AB$25*DI25 -> 0 | HH25: =$AC$25*DJ25 -> 0 | HI25: =$AD$25*DK25 -> 0 | HJ25: =$AE$25*DL25 -> 0 | HK25: =$AF$25*DM25 -> 0 | HL25: =$AG$25*DN25 -> 0 | HM25: =$AH$25*DO25 -> 0 | HN25: =$AI$25*DP25 -> 0 | HO25: =$AJ$25*DQ25 -> 0 | HQ25: =$U$25*DS25 -> 0 | HR25: =$V$25*DT25 -> 0 | HS25: =$W$25*DU25 -> 0 | HT25: =$X$25*DV25 -> 0 | HU25: =$Y$25*DW25 -> 0 | HV25: =$Z$25*DX25 -> 0 | HW25: =$AA$25*DY25 -> 0 | HX25: =$AB$25*DZ25 -> 0 | HY25: =$AC$25*EA25 -> 0 | HZ25: =$AD$25*EB25 -> 0 | IA25: =$AE$25*EC25 -> 0 | IB25: =$AF$25*ED25 -> 0 | IC25: =$AG$25*EE25 -> 0 | ID25: =$AH$25*EF25 -> 0 | IE25: =$AI$25*EG25 -> 0 | IF25: =$AJ$25*EH25 -> 0 | IH25: WARM Output (MTCO2e)
A26: Chilmark | B26: =INDEX('Waste Projections'!$H28:$AL28,MATCH('1.Baseline'!$B$1,'Waste Projections'!$H$6:$AL$6,0)) -> 123 | C26: SEMASS | D26: Edgartown TS | E26: Woods Hole | F26: 9 | G26: Transfer Truck | H26: 9.3 | I26: Barge | J26: 32.5 | K26: =IF(D26="N/A","Garbage Truck","Transfer Truck") -> Transfer Truck | L26: =(IF($G26=L$4,$F26,0)+IF($I26=L$4,$H26,0)+IF($K26=L$4,$J26,0))*$B26 -> 0 | M26: =(IF($G26=M$4,$F26,0)+IF($I26=M$4,$H26,0)+IF($K26=M$4,$J26,0))*$B26 -> 5104.5 | N26: =(IF($G26=N$4,$F26,0)+IF($I26=N$4,$H26,0)+IF($K26=N$4,$J26,0))*$B26 -> 1143.9 | O26: =(IF($G26=O$4,$F26,0)+IF($I26=O$4,$H26,0)+IF($K26=O$4,$J26,0))*$B26 -> 0 | P26: =INDEX('Transportation GHG'!$B$21:$B$24,MATCH('1.Baseline'!P$4,'Transportation GHG'!$A$21:$A$24,0))*L26 -> 0 | Q26: =INDEX('Transportation GHG'!$B$21:$B$24,MATCH('1.Baseline'!Q$4,'Transportation GHG'!$A$21:$A$24,0))*M26 -> 0.45791292 | R26: =INDEX('Transportation GHG'!$B$21:$B$24,MATCH('1.Baseline'!R$4,'Transportation GHG'!$A$21:$A$24,0))*N26 -> 0.020120908 | S26: =INDEX('Transportation GHG'!$B$21:$B$24,MATCH('1.Baseline'!S$4,'Transportation GHG'!$A$21:$A$24,0))*O26 -> 0 | U26: =INDEX('Waste Composition'!$P$5:$P$20,MATCH('1.Baseline'!U$4,'Waste Composition'!$O$5:$O$20,0))*$B26 -> 4.92 | V26: =INDEX('Waste Composition'!$P$5:$P$20,MATCH('1.Baseline'!V$4,'Waste Composition'!$O$5:$O$20,0))*$B26 -> 20.91 | W26: =INDEX('Waste Composition'!$P$5:$P$20,MATCH('1.Baseline'!W$4,'Waste Composition'!$O$5:$O$20,0))*$B26 -> 22.14 | X26: =INDEX('Waste Composition'!$P$5:$P$20,MATCH('1.Baseline'!X$4,'Waste Composition'!$O$5:$O$20,0))*$B26 -> 11.07 | Y26: =INDEX('Waste Composition'!$P$5:$P$20,MATCH('1.Baseline'!Y$4,'Waste Composition'!$O$5:$O$20,0))*$B26 -> 1.845 | Z26: =INDEX('Waste Composition'!$P$5:$P$20,MATCH('1.Baseline'!Z$4,'Waste Composition'!$O$5:$O$20,0))*$B26 -> 3.075 | AA26: =INDEX('Waste Composition'!$P$5:$P$20,MATCH('1.Baseline'!AA$4,'Waste Composition'!$O$5:$O$20,0))*$B26 -> 0.615 | AB26: =INDEX('Waste Composition'!$P$5:$P$20,MATCH('1.Baseline'!AB$4,'Waste Composition'!$O$5:$O$20,0))*$B26 -> 9.225 | ... AJ26: =INDEX('Waste Composition'!$P$5:$P$20,MATCH('1.Baseline'!AJ$4,'Waste Composition'!$O$5:$O$20,0))*$B26 -> 9.84 | AL26: 0 | AM26: 0 | AN26: 0 | AO26: 0 | AP26: 0 | AQ26: 0 | AR26: 0 | AS26: 0 | AT26: 0 | AU26: 0 | AV26: 0 | AW26: 0 | AX26: 0 | AY26: 0 | AZ26: 0 | BA26: 0 | BC26: 0 | BD26: 0 | BE26: 0 | BF26: 0 | BG26: 0 | BH26: 0 | BI26: 0 | BJ26: 0 | BK26: 0 | BL26: 0 | BM26: 0 | BN26: 0 | BO26: 0 | BP26: 0 | BQ26: 0 | BR26: 0 | BT26: 0 | BU26: 0 | BV26: 0 | BW26: 0 | BX26: 0 | BY26: 0 | BZ26: 0 | CA26: 0 | CB26: 0 | CC26: 0 | CD26: 0 | CE26: 0 | CF26: 0 | CG26: 0 | CH26: 0 | CI26: 0 | CK26: 1 | CL26: 1 | CM26: 1 | CN26: 1 | CO26: 1 | CP26: 1 | CQ26: 1 | CR26: 1 | CS26: 1 | CT26: 1 | CU26: 1 | CV26: 1 | CW26: 1 | CX26: 1 | CY26: 1 | CZ26: 1 | DB26: 0 | DC26: 0 | DD26: 0 | DE26: 0 | DF26: 0 | DG26: 0 | DH26: 0 | DI26: 0 | DJ26: 0 | DK26: 0 | DL26: 0 | DM26: 0 | DN26: 0 | DO26: 0 | DP26: 0 | DQ26: 0 | DS26: 0 | DT26: 0 | DU26: 0 | DV26: 0 | DW26: 0 | DX26: 0 | DY26: 0 | DZ26: 0 | EA26: 0 | EB26: 0 | EC26: 0 | ED26: 0 | EE26: 0 | EF26: 0 | EG26: 0 | EH26: 0 | EJ26: =$U$26*AL26 -> 0 | EK26: =$V$26*AM26 -> 0 | EL26: =$W$26*AN26 -> 0 | EM26: =$X$26*AO26 -> 0 | EN26: =$Y$26*AP26 -> 0 | EO26: =$Z$26*AQ26 -> 0 | EP26: =$AA$26*AR26 -> 0 | EQ26: =$AB$26*AS26 -> 0 | ER26: =$AC$26*AT26 -> 0 | ES26: =$AD$26*AU26 -> 0 | ET26: =$AE$26*AV26 -> 0 | EU26: =$AF$26*AW26 -> 0 | EV26: =$AG$26*AX26 -> 0 | EW26: =$AH$26*AY26 -> 0 | EX26: =$AI$26*AZ26 -> 0 | EY26: =$AJ$26*BA26 -> 0 | FA26: =$U$26*BC26 -> 0 | FB26: =$V$26*BD26 -> 0 | FC26: =$W$26*BE26 -> 0 | FD26: =$X$26*BF26 -> 0 | FE26: =$Y$26*BG26 -> 0 | FF26: =$Z$26*BH26 -> 0 | FG26: =$AA$26*BI26 -> 0 | FH26: =$AB$26*BJ26 -> 0 | FI26: =$AC$26*BK26 -> 0 | FJ26: =$AD$26*BL26 -> 0 | FK26: =$AE$26*BM26 -> 0 | FL26: =$AF$26*BN26 -> 0 | FM26: =$AG$26*BO26 -> 0 | FN26: =$AH$26*BP26 -> 0 | FO26: =$AI$26*BQ26 -> 0 | FP26: =$AJ$26*BR26 -> 0 | FR26: =$U$26*BT26 -> 0 | FS26: =$V$26*BU26 -> 0 | FT26: =$W$26*BV26 -> 0 | FU26: =$X$26*BW26 -> 0 | FV26: =$Y$26*BX26 -> 0 | FW26: =$Z$26*BY26 -> 0 | FX26: =$AA$26*BZ26 -> 0 | FY26: =$AB$26*CA26 -> 0 | FZ26: =$AC$26*CB26 -> 0 | GA26: =$AD$26*CC26 -> 0 | GB26: =$AE$26*CD26 -> 0 | GC26: =$AF$26*CE26 -> 0 | GD26: =$AG$26*CF26 -> 0 | GE26: =$AH$26*CG26 -> 0 | GF26: =$AI$26*CH26 -> 0 | GG26: =$AJ$26*CI26 -> 0 | GI26: =$U$26*CK26 -> 4.92 | GJ26: =$V$26*CL26 -> 20.91 | GK26: =$W$26*CM26 -> 22.14 | GL26: =$X$26*CN26 -> 11.07 | GM26: =$Y$26*CO26 -> 1.845 | GN26: =$Z$26*CP26 -> 3.075 | GO26: =$AA$26*CQ26 -> 0.615 | GP26: =$AB$26*CR26 -> 9.225 | GQ26: =$AC$26*CS26 -> 1.23 | GR26: =$AD$26*CT26 -> 1.23 | GS26: =$AE$26*CU26 -> 3.075 | GT26: =$AF$26*CV26 -> 3.69 | GU26: =$AG$26*CW26 -> 14.76 | GV26: =$AH$26*CX26 -> 0.615 | GW26: =$AI$26*CY26 -> 14.76 | GX26: =$AJ$26*CZ26 -> 9.84 | GZ26: =$U$26*DB26 -> 0 | HA26: =$V$26*DC26 -> 0 | HB26: =$W$26*DD26 -> 0 | HC26: =$X$26*DE26 -> 0 | HD26: =$Y$26*DF26 -> 0 | HE26: =$Z$26*DG26 -> 0 | HF26: =$AA$26*DH26 -> 0 | HG26: =$AB$26*DI26 -> 0 | HH26: =$AC$26*DJ26 -> 0 | HI26: =$AD$26*DK26 -> 0 | HJ26: =$AE$26*DL26 -> 0 | HK26: =$AF$26*DM26 -> 0 | HL26: =$AG$26*DN26 -> 0 | HM26: =$AH$26*DO26 -> 0 | HN26: =$AI$26*DP26 -> 0 | HO26: =$AJ$26*DQ26 -> 0 | HQ26: =$U$26*DS26 -> 0 | HR26: =$V$26*DT26 -> 0 | HS26: =$W$26*DU26 -> 0 | HT26: =$X$26*DV26 -> 0 | HU26: =$Y$26*DW26 -> 0 | HV26: =$Z$26*DX26 -> 0 | HW26: =$AA$26*DY26 -> 0 | HX26: =$AB$26*DZ26 -> 0 | HY26: =$AC$26*EA26 -> 0 | HZ26: =$AD$26*EB26 -> 0 | IA26: =$AE$26*EC26 -> 0 | IB26: =$AF$26*ED26 -> 0 | IC26: =$AG$26*EE26 -> 0 | ID26: =$AH$26*EF26 -> 0 | IE26: =$AI$26*EG26 -> 0 | IF26: =$AJ$26*EH26 -> 0 | IH26: All LFG Flare | II26: 11048.067
A27: Edgartown | B27: =INDEX('Waste Projections'!$H29:$AL29,MATCH('1.Baseline'!$B$1,'Waste Projections'!$H$6:$AL$6,0)) -> 2750 | C27: SEMASS | D27: Edgartown TS | E27: Woods Hole | F27: 4.7 | G27: Transfer Truck | H27: 9.3 | I27: Barge | J27: 32.5 | K27: =IF(D27="N/A","Garbage Truck","Transfer Truck") -> Transfer Truck | L27: =(IF($G27=L$4,$F27,0)+IF($I27=L$4,$H27,0)+IF($K27=L$4,$J27,0))*$B27 -> 0 | M27: =(IF($G27=M$4,$F27,0)+IF($I27=M$4,$H27,0)+IF($K27=M$4,$J27,0))*$B27 -> 102300 | N27: =(IF($G27=N$4,$F27,0)+IF($I27=N$4,$H27,0)+IF($K27=N$4,$J27,0))*$B27 -> 25575 | O27: =(IF($G27=O$4,$F27,0)+IF($I27=O$4,$H27,0)+IF($K27=O$4,$J27,0))*$B27 -> 0 | P27: =INDEX('Transportation GHG'!$B$21:$B$24,MATCH('1.Baseline'!P$4,'Transportation GHG'!$A$21:$A$24,0))*L27 -> 0 | Q27: =INDEX('Transportation GHG'!$B$21:$B$24,MATCH('1.Baseline'!Q$4,'Transportation GHG'!$A$21:$A$24,0))*M27 -> 9.1770969 | R27: =INDEX('Transportation GHG'!$B$21:$B$24,MATCH('1.Baseline'!R$4,'Transportation GHG'!$A$21:$A$24,0))*N27 -> 0.44985769 | S27: =INDEX('Transportation GHG'!$B$21:$B$24,MATCH('1.Baseline'!S$4,'Transportation GHG'!$A$21:$A$24,0))*O27 -> 0 | U27: =INDEX('Waste Composition'!$P$5:$P$20,MATCH('1.Baseline'!U$4,'Waste Composition'!$O$5:$O$20,0))*$B27 -> 110 | V27: =INDEX('Waste Composition'!$P$5:$P$20,MATCH('1.Baseline'!V$4,'Waste Composition'!$O$5:$O$20,0))*$B27 -> 467.5 | W27: =INDEX('Waste Composition'!$P$5:$P$20,MATCH('1.Baseline'!W$4,'Waste Composition'!$O$5:$O$20,0))*$B27 -> 495 | X27: =INDEX('Waste Composition'!$P$5:$P$20,MATCH('1.Baseline'!X$4,'Waste Composition'!$O$5:$O$20,0))*$B27 -> 247.5 | Y27: =INDEX('Waste Composition'!$P$5:$P$20,MATCH('1.Baseline'!Y$4,'Waste Composition'!$O$5:$O$20,0))*$B27 -> 41.25 | Z27: =INDEX('Waste Composition'!$P$5:$P$20,MATCH('1.Baseline'!Z$4,'Waste Composition'!$O$5:$O$20,0))*$B27 -> 68.75 | AA27: =INDEX('Waste Composition'!$P$5:$P$20,MATCH('1.Baseline'!AA$4,'Waste Composition'!$O$5:$O$20,0))*$B27 -> 13.75 | AB27: =INDEX('Waste Composition'!$P$5:$P$20,MATCH('1.Baseline'!AB$4,'Waste Composition'!$O$5:$O$20,0))*$B27 -> 206.25 | ... AJ27: =INDEX('Waste Composition'!$P$5:$P$20,MATCH('1.Baseline'!AJ$4,'Waste Composition'!$O$5:$O$20,0))*$B27 -> 220 | AL27: 0 | AM27: 0 | AN27: 0 | AO27: 0 | AP27: 0 | AQ27: 0 | AR27: 0 | AS27: 0 | AT27: 0 | AU27: 0 | AV27: 0 | AW27: 0 | AX27: 0 | AY27: 0 | AZ27: 0 | BA27: 0 | BC27: 0 | BD27: 0 | BE27: 0 | BF27: 0 | BG27: 0 | BH27: 0 | BI27: 0 | BJ27: 0 | BK27: 0 | BL27: 0 | BM27: 0 | BN27: 0 | BO27: 0 | BP27: 0 | BQ27: 0 | BR27: 0 | BT27: 0 | BU27: 0 | BV27: 0 | BW27: 0 | BX27: 0 | BY27: 0 | BZ27: 0 | CA27: 0 | CB27: 0 | CC27: 0 | CD27: 0 | CE27: 0 | CF27: 0 | CG27: 0 | CH27: 0 | CI27: 0 | CK27: 1 | CL27: 1 | CM27: 1 | CN27: 1 | CO27: 1 | CP27: 1 | CQ27: 1 | CR27: 1 | CS27: 1 | CT27: 1 | CU27: 1 | CV27: 1 | CW27: 1 | CX27: 1 | CY27: 1 | CZ27: 1 | DB27: 0 | DC27: 0 | DD27: 0 | DE27: 0 | DF27: 0 | DG27: 0 | DH27: 0 | DI27: 0 | DJ27: 0 | DK27: 0 | DL27: 0 | DM27: 0 | DN27: 0 | DO27: 0 | DP27: 0 | DQ27: 0 | DS27: 0 | DT27: 0 | DU27: 0 | DV27: 0 | DW27: 0 | DX27: 0 | DY27: 0 | DZ27: 0 | EA27: 0 | EB27: 0 | EC27: 0 | ED27: 0 | EE27: 0 | EF27: 0 | EG27: 0 | EH27: 0 | EJ27: =$U$27*AL27 -> 0 | EK27: =$V$27*AM27 -> 0 | EL27: =$W$27*AN27 -> 0 | EM27: =$X$27*AO27 -> 0 | EN27: =$Y$27*AP27 -> 0 | EO27: =$Z$27*AQ27 -> 0 | EP27: =$AA$27*AR27 -> 0 | EQ27: =$AB$27*AS27 -> 0 | ER27: =$AC$27*AT27 -> 0 | ES27: =$AD$27*AU27 -> 0 | ET27: =$AE$27*AV27 -> 0 | EU27: =$AF$27*AW27 -> 0 | EV27: =$AG$27*AX27 -> 0 | EW27: =$AH$27*AY27 -> 0 | EX27: =$AI$27*AZ27 -> 0 | EY27: =$AJ$27*BA27 -> 0 | FA27: =$U$27*BC27 -> 0 | FB27: =$V$27*BD27 -> 0 | FC27: =$W$27*BE27 -> 0 | FD27: =$X$27*BF27 -> 0 | FE27: =$Y$27*BG27 -> 0 | FF27: =$Z$27*BH27 -> 0 | FG27: =$AA$27*BI27 -> 0 | FH27: =$AB$27*BJ27 -> 0 | FI27: =$AC$27*BK27 -> 0 | FJ27: =$AD$27*BL27 -> 0 | FK27: =$AE$27*BM27 -> 0 | FL27: =$AF$27*BN27 -> 0 | FM27: =$AG$27*BO27 -> 0 | FN27: =$AH$27*BP27 -> 0 | FO27: =$AI$27*BQ27 -> 0 | FP27: =$AJ$27*BR27 -> 0 | FR27: =$U$27*BT27 -> 0 | FS27: =$V$27*BU27 -> 0 | FT27: =$W$27*BV27 -> 0 | FU27: =$X$27*BW27 -> 0 | FV27: =$Y$27*BX27 -> 0 | FW27: =$Z$27*BY27 -> 0 | FX27: =$AA$27*BZ27 -> 0 | FY27: =$AB$27*CA27 -> 0 | FZ27: =$AC$27*CB27 -> 0 | GA27: =$AD$27*CC27 -> 0 | GB27: =$AE$27*CD27 -> 0 | GC27: =$AF$27*CE27 -> 0 | GD27: =$AG$27*CF27 -> 0 | GE27: =$AH$27*CG27 -> 0 | GF27: =$AI$27*CH27 -> 0 | GG27: =$AJ$27*CI27 -> 0 | GI27: =$U$27*CK27 -> 110 | GJ27: =$V$27*CL27 -> 467.5 | GK27: =$W$27*CM27 -> 495 | GL27: =$X$27*CN27 -> 247.5 | GM27: =$Y$27*CO27 -> 41.25 | GN27: =$Z$27*CP27 -> 68.75 | GO27: =$AA$27*CQ27 -> 13.75 | GP27: =$AB$27*CR27 -> 206.25 | GQ27: =$AC$27*CS27 -> 27.5 | GR27: =$AD$27*CT27 -> 27.5 | GS27: =$AE$27*CU27 -> 68.75 | GT27: =$AF$27*CV27 -> 82.5 | GU27: =$AG$27*CW27 -> 330 | GV27: =$AH$27*CX27 -> 13.75 | GW27: =$AI$27*CY27 -> 330 | GX27: =$AJ$27*CZ27 -> 220 | GZ27: =$U$27*DB27 -> 0 | HA27: =$V$27*DC27 -> 0 | HB27: =$W$27*DD27 -> 0 | HC27: =$X$27*DE27 -> 0 | HD27: =$Y$27*DF27 -> 0 | HE27: =$Z$27*DG27 -> 0 | HF27: =$AA$27*DH27 -> 0 | HG27: =$AB$27*DI27 -> 0 | HH27: =$AC$27*DJ27 -> 0 | HI27: =$AD$27*DK27 -> 0 | HJ27: =$AE$27*DL27 -> 0 | HK27: =$AF$27*DM27 -> 0 | HL27: =$AG$27*DN27 -> 0 | HM27: =$AH$27*DO27 -> 0 | HN27: =$AI$27*DP27 -> 0 | HO27: =$AJ$27*DQ27 -> 0 | HQ27: =$U$27*DS27 -> 0 | HR27: =$V$27*DT27 -> 0 | HS27: =$W$27*DU27 -> 0 | HT27: =$X$27*DV27 -> 0 | HU27: =$Y$27*DW27 -> 0 | HV27: =$Z$27*DX27 -> 0 | HW27: =$AA$27*DY27 -> 0 | HX27: =$AB$27*DZ27 -> 0 | HY27: =$AC$27*EA27 -> 0 | HZ27: =$AD$27*EB27 -> 0 | IA27: =$AE$27*EC27 -> 0 | IB27: =$AF$27*ED27 -> 0 | IC27: =$AG$27*EE27 -> 0 | ID27: =$AH$27*EF27 -> 0 | IE27: =$AI$27*EG27 -> 0 | IF27: =$AJ$27*EH27 -> 0 | IH27: All LFGTE | II27: 2218.8742
A28: Oak Bluffs | B28: =INDEX('Waste Projections'!$H30:$AL30,MATCH('1.Baseline'!$B$1,'Waste Projections'!$H$6:$AL$6,0)) -> 732 | C28: Crapo Hill Landfill | D28: Oak Bluffs TS | E28: Woods Hole | F28: 6.1 | G28: Garbage Truck | H28: 9.3 | I28: Barge | J28: 52.4 | K28: =IF(D28="N/A","Garbage Truck","Transfer Truck") -> Transfer Truck | L28: =(IF($G28=L$4,$F28,0)+IF($I28=L$4,$H28,0)+IF($K28=L$4,$J28,0))*$B28 -> 4465.2 | M28: =(IF($G28=M$4,$F28,0)+IF($I28=M$4,$H28,0)+IF($K28=M$4,$J28,0))*$B28 -> 38356.8 | N28: =(IF($G28=N$4,$F28,0)+IF($I28=N$4,$H28,0)+IF($K28=N$4,$J28,0))*$B28 -> 6807.6 | O28: =(IF($G28=O$4,$F28,0)+IF($I28=O$4,$H28,0)+IF($K28=O$4,$J28,0))*$B28 -> 0 | P28: =INDEX('Transportation GHG'!$B$21:$B$24,MATCH('1.Baseline'!P$4,'Transportation GHG'!$A$21:$A$24,0))*L28 -> 0.80112558 | Q28: =INDEX('Transportation GHG'!$B$21:$B$24,MATCH('1.Baseline'!Q$4,'Transportation GHG'!$A$21:$A$24,0))*M28 -> 3.4409 | R28: =INDEX('Transportation GHG'!$B$21:$B$24,MATCH('1.Baseline'!R$4,'Transportation GHG'!$A$21:$A$24,0))*N28 -> 0.11974394 | S28: =INDEX('Transportation GHG'!$B$21:$B$24,MATCH('1.Baseline'!S$4,'Transportation GHG'!$A$21:$A$24,0))*O28 -> 0 | U28: =INDEX('Waste Composition'!$P$5:$P$20,MATCH('1.Baseline'!U$4,'Waste Composition'!$O$5:$O$20,0))*$B28 -> 29.28 | V28: =INDEX('Waste Composition'!$P$5:$P$20,MATCH('1.Baseline'!V$4,'Waste Composition'!$O$5:$O$20,0))*$B28 -> 124.44 | W28: =INDEX('Waste Composition'!$P$5:$P$20,MATCH('1.Baseline'!W$4,'Waste Composition'!$O$5:$O$20,0))*$B28 -> 131.76 | X28: =INDEX('Waste Composition'!$P$5:$P$20,MATCH('1.Baseline'!X$4,'Waste Composition'!$O$5:$O$20,0))*$B28 -> 65.88 | Y28: =INDEX('Waste Composition'!$P$5:$P$20,MATCH('1.Baseline'!Y$4,'Waste Composition'!$O$5:$O$20,0))*$B28 -> 10.98 | Z28: =INDEX('Waste Composition'!$P$5:$P$20,MATCH('1.Baseline'!Z$4,'Waste Composition'!$O$5:$O$20,0))*$B28 -> 18.3 | AA28: =INDEX('Waste Composition'!$P$5:$P$20,MATCH('1.Baseline'!AA$4,'Waste Composition'!$O$5:$O$20,0))*$B28 -> 3.66 | AB28: =INDEX('Waste Composition'!$P$5:$P$20,MATCH('1.Baseline'!AB$4,'Waste Composition'!$O$5:$O$20,0))*$B28 -> 54.9 | ... AJ28: =INDEX('Waste Composition'!$P$5:$P$20,MATCH('1.Baseline'!AJ$4,'Waste Composition'!$O$5:$O$20,0))*$B28 -> 58.56 | AL28: 0 | AM28: 0 | AN28: 0 | AO28: 0 | AP28: 0 | AQ28: 0 | AR28: 0 | AS28: 0 | AT28: 0 | AU28: 0 | AV28: 0 | AW28: 0 | AX28: 0 | AY28: 0 | AZ28: 0 | BA28: 0 | BC28: 0 | BD28: 0 | BE28: 0 | BF28: 0 | BG28: 0 | BH28: 0 | BI28: 0 | BJ28: 0 | BK28: 0 | BL28: 0 | BM28: 0 | BN28: 0 | BO28: 0 | BP28: 0 | BQ28: 0 | BR28: 0 | BT28: 1 | BU28: 1 | BV28: 1 | BW28: 1 | BX28: 1 | BY28: 1 | BZ28: 1 | CA28: 1 | CB28: 1 | CC28: 1 | CD28: 1 | CE28: 1 | CF28: 1 | CG28: 1 | CH28: 1 | CI28: 1 | CK28: 0 | CL28: 0 | CM28: 0 | CN28: 0 | CO28: 0 | CP28: 0 | CQ28: 0 | CR28: 0 | CS28: 0 | CT28: 0 | CU28: 0 | CV28: 0 | CW28: 0 | CX28: 0 | CY28: 0 | CZ28: 0 | DB28: 0 | DC28: 0 | DD28: 0 | DE28: 0 | DF28: 0 | DG28: 0 | DH28: 0 | DI28: 0 | DJ28: 0 | DK28: 0 | DL28: 0 | DM28: 0 | DN28: 0 | DO28: 0 | DP28: 0 | DQ28: 0 | DS28: 0 | DT28: 0 | DU28: 0 | DV28: 0 | DW28: 0 | DX28: 0 | DY28: 0 | DZ28: 0 | EA28: 0 | EB28: 0 | EC28: 0 | ED28: 0 | EE28: 0 | EF28: 0 | EG28: 0 | EH28: 0 | EJ28: =$U$28*AL28 -> 0 | EK28: =$V$28*AM28 -> 0 | EL28: =$W$28*AN28 -> 0 | EM28: =$X$28*AO28 -> 0 | EN28: =$Y$28*AP28 -> 0 | EO28: =$Z$28*AQ28 -> 0 | EP28: =$AA$28*AR28 -> 0 | EQ28: =$AB$28*AS28 -> 0 | ER28: =$AC$28*AT28 -> 0 | ES28: =$AD$28*AU28 -> 0 | ET28: =$AE$28*AV28 -> 0 | EU28: =$AF$28*AW28 -> 0 | EV28: =$AG$28*AX28 -> 0 | EW28: =$AH$28*AY28 -> 0 | EX28: =$AI$28*AZ28 -> 0 | EY28: =$AJ$28*BA28 -> 0 | FA28: =$U$28*BC28 -> 0 | FB28: =$V$28*BD28 -> 0 | FC28: =$W$28*BE28 -> 0 | FD28: =$X$28*BF28 -> 0 | FE28: =$Y$28*BG28 -> 0 | FF28: =$Z$28*BH28 -> 0 | FG28: =$AA$28*BI28 -> 0 | FH28: =$AB$28*BJ28 -> 0 | FI28: =$AC$28*BK28 -> 0 | FJ28: =$AD$28*BL28 -> 0 | FK28: =$AE$28*BM28 -> 0 | FL28: =$AF$28*BN28 -> 0 | FM28: =$AG$28*BO28 -> 0 | FN28: =$AH$28*BP28 -> 0 | FO28: =$AI$28*BQ28 -> 0 | FP28: =$AJ$28*BR28 -> 0 | FR28: =$U$28*BT28 -> 29.28 | FS28: =$V$28*BU28 -> 124.44 | FT28: =$W$28*BV28 -> 131.76 | FU28: =$X$28*BW28 -> 65.88 | FV28: =$Y$28*BX28 -> 10.98 | FW28: =$Z$28*BY28 -> 18.3 | FX28: =$AA$28*BZ28 -> 3.66 | FY28: =$AB$28*CA28 -> 54.9 | FZ28: =$AC$28*CB28 -> 7.32 | GA28: =$AD$28*CC28 -> 7.32 | GB28: =$AE$28*CD28 -> 18.3 | GC28: =$AF$28*CE28 -> 21.96 | GD28: =$AG$28*CF28 -> 87.84 | GE28: =$AH$28*CG28 -> 3.66 | GF28: =$AI$28*CH28 -> 87.84 | GG28: =$AJ$28*CI28 -> 58.56 | GI28: =$U$28*CK28 -> 0 | GJ28: =$V$28*CL28 -> 0 | GK28: =$W$28*CM28 -> 0 | GL28: =$X$28*CN28 -> 0 | GM28: =$Y$28*CO28 -> 0 | GN28: =$Z$28*CP28 -> 0 | GO28: =$AA$28*CQ28 -> 0 | GP28: =$AB$28*CR28 -> 0 | GQ28: =$AC$28*CS28 -> 0 | GR28: =$AD$28*CT28 -> 0 | GS28: =$AE$28*CU28 -> 0 | GT28: =$AF$28*CV28 -> 0 | GU28: =$AG$28*CW28 -> 0 | GV28: =$AH$28*CX28 -> 0 | GW28: =$AI$28*CY28 -> 0 | GX28: =$AJ$28*CZ28 -> 0 | GZ28: =$U$28*DB28 -> 0 | HA28: =$V$28*DC28 -> 0 | HB28: =$W$28*DD28 -> 0 | HC28: =$X$28*DE28 -> 0 | HD28: =$Y$28*DF28 -> 0 | HE28: =$Z$28*DG28 -> 0 | HF28: =$AA$28*DH28 -> 0 | HG28: =$AB$28*DI28 -> 0 | HH28: =$AC$28*DJ28 -> 0 | HI28: =$AD$28*DK28 -> 0 | HJ28: =$AE$28*DL28 -> 0 | HK28: =$AF$28*DM28 -> 0 | HL28: =$AG$28*DN28 -> 0 | HM28: =$AH$28*DO28 -> 0 | HN28: =$AI$28*DP28 -> 0 | HO28: =$AJ$28*DQ28 -> 0 | HQ28: =$U$28*DS28 -> 0 | HR28: =$V$28*DT28 -> 0 | HS28: =$W$28*DU28 -> 0 | HT28: =$X$28*DV28 -> 0 | HU28: =$Y$28*DW28 -> 0 | HV28: =$Z$28*DX28 -> 0 | HW28: =$AA$28*DY28 -> 0 | HX28: =$AB$28*DZ28 -> 0 | HY28: =$AC$28*EA28 -> 0 | HZ28: =$AD$28*EB28 -> 0 | IA28: =$AE$28*EC28 -> 0 | IB28: =$AF$28*ED28 -> 0 | IC28: =$AG$28*EE28 -> 0 | ID28: =$AH$28*EF28 -> 0 | IE28: =$AI$28*EG28 -> 0 | IF28: =$AJ$28*EH28 -> 0 | IH28: ISWM Flare, Others LFGTE | II28: =2088.73+3269.6 -> 5358.33
A29: Tisbury | B29: =INDEX('Waste Projections'!$H31:$AL31,MATCH('1.Baseline'!$B$1,'Waste Projections'!$H$6:$AL$6,0)) -> 1278.31 | C29: Crapo Hill Landfill | D29: Oak Bluffs TS | E29: Woods Hole | F29: 5.4 | G29: Transfer Truck | H29: 9.3 | I29: Barge | J29: 52.4 | K29: =IF(D29="N/A","Garbage Truck","Transfer Truck") -> Transfer Truck | L29: =(IF($G29=L$4,$F29,0)+IF($I29=L$4,$H29,0)+IF($K29=L$4,$J29,0))*$B29 -> 0 | M29: =(IF($G29=M$4,$F29,0)+IF($I29=M$4,$H29,0)+IF($K29=M$4,$J29,0))*$B29 -> 73886.318 | N29: =(IF($G29=N$4,$F29,0)+IF($I29=N$4,$H29,0)+IF($K29=N$4,$J29,0))*$B29 -> 11888.283 | O29: =(IF($G29=O$4,$F29,0)+IF($I29=O$4,$H29,0)+IF($K29=O$4,$J29,0))*$B29 -> 0 | P29: =INDEX('Transportation GHG'!$B$21:$B$24,MATCH('1.Baseline'!P$4,'Transportation GHG'!$A$21:$A$24,0))*L29 -> 0 | Q29: =INDEX('Transportation GHG'!$B$21:$B$24,MATCH('1.Baseline'!Q$4,'Transportation GHG'!$A$21:$A$24,0))*M29 -> 6.6281711 | R29: =INDEX('Transportation GHG'!$B$21:$B$24,MATCH('1.Baseline'!R$4,'Transportation GHG'!$A$21:$A$24,0))*N29 -> 0.20911185 | S29: =INDEX('Transportation GHG'!$B$21:$B$24,MATCH('1.Baseline'!S$4,'Transportation GHG'!$A$21:$A$24,0))*O29 -> 0 | U29: =INDEX('Waste Composition'!$P$5:$P$20,MATCH('1.Baseline'!U$4,'Waste Composition'!$O$5:$O$20,0))*$B29 -> 51.1324 | V29: =INDEX('Waste Composition'!$P$5:$P$20,MATCH('1.Baseline'!V$4,'Waste Composition'!$O$5:$O$20,0))*$B29 -> 217.3127 | W29: =INDEX('Waste Composition'!$P$5:$P$20,MATCH('1.Baseline'!W$4,'Waste Composition'!$O$5:$O$20,0))*$B29 -> 230.0958 | X29: =INDEX('Waste Composition'!$P$5:$P$20,MATCH('1.Baseline'!X$4,'Waste Composition'!$O$5:$O$20,0))*$B29 -> 115.0479 | Y29: =INDEX('Waste Composition'!$P$5:$P$20,MATCH('1.Baseline'!Y$4,'Waste Composition'!$O$5:$O$20,0))*$B29 -> 19.17465 | Z29: =INDEX('Waste Composition'!$P$5:$P$20,MATCH('1.Baseline'!Z$4,'Waste Composition'!$O$5:$O$20,0))*$B29 -> 31.95775 | AA29: =INDEX('Waste Composition'!$P$5:$P$20,MATCH('1.Baseline'!AA$4,'Waste Composition'!$O$5:$O$20,0))*$B29 -> 6.39155 | AB29: =INDEX('Waste Composition'!$P$5:$P$20,MATCH('1.Baseline'!AB$4,'Waste Composition'!$O$5:$O$20,0))*$B29 -> 95.87325 | ... AJ29: =INDEX('Waste Composition'!$P$5:$P$20,MATCH('1.Baseline'!AJ$4,'Waste Composition'!$O$5:$O$20,0))*$B29 -> 102.2648 | AL29: 0 | AM29: 0 | AN29: 0 | AO29: 0 | AP29: 0 | AQ29: 0 | AR29: 0 | AS29: 0 | AT29: 0 | AU29: 0 | AV29: 0 | AW29: 0 | AX29: 0 | AY29: 0 | AZ29: 0 | BA29: 0 | BC29: 0 | BD29: 0 | BE29: 0 | BF29: 0 | BG29: 0 | BH29: 0 | BI29: 0 | BJ29: 0 | BK29: 0 | BL29: 0 | BM29: 0 | BN29: 0 | BO29: 0 | BP29: 0 | BQ29: 0 | BR29: 0 | BT29: 1 | BU29: 1 | BV29: 1 | BW29: 1 | BX29: 1 | BY29: 1 | BZ29: 1 | CA29: 1 | CB29: 1 | CC29: 1 | CD29: 1 | CE29: 1 | CF29: 1 | CG29: 1 | CH29: 1 | CI29: 1 | CK29: 0 | CL29: 0 | CM29: 0 | CN29: 0 | CO29: 0 | CP29: 0 | CQ29: 0 | CR29: 0 | CS29: 0 | CT29: 0 | CU29: 0 | CV29: 0 | CW29: 0 | CX29: 0 | CY29: 0 | CZ29: 0 | DB29: 0 | DC29: 0 | DD29: 0 | DE29: 0 | DF29: 0 | DG29: 0 | DH29: 0 | DI29: 0 | DJ29: 0 | DK29: 0 | DL29: 0 | DM29: 0 | DN29: 0 | DO29: 0 | DP29: 0 | DQ29: 0 | DS29: 0 | DT29: 0 | DU29: 0 | DV29: 0 | DW29: 0 | DX29: 0 | DY29: 0 | DZ29: 0 | EA29: 0 | EB29: 0 | EC29: 0 | ED29: 0 | EE29: 0 | EF29: 0 | EG29: 0 | EH29: 0 | EJ29: =$U$29*AL29 -> 0 | EK29: =$V$29*AM29 -> 0 | EL29: =$W$29*AN29 -> 0 | EM29: =$X$29*AO29 -> 0 | EN29: =$Y$29*AP29 -> 0 | EO29: =$Z$29*AQ29 -> 0 | EP29: =$AA$29*AR29 -> 0 | EQ29: =$AB$29*AS29 -> 0 | ER29: =$AC$29*AT29 -> 0 | ES29: =$AD$29*AU29 -> 0 | ET29: =$AE$29*AV29 -> 0 | EU29: =$AF$29*AW29 -> 0 | EV29: =$AG$29*AX29 -> 0 | EW29: =$AH$29*AY29 -> 0 | EX29: =$AI$29*AZ29 -> 0 | EY29: =$AJ$29*BA29 -> 0 | FA29: =$U$29*BC29 -> 0 | FB29: =$V$29*BD29 -> 0 | FC29: =$W$29*BE29 -> 0 | FD29: =$X$29*BF29 -> 0 | FE29: =$Y$29*BG29 -> 0 | FF29: =$Z$29*BH29 -> 0 | FG29: =$AA$29*BI29 -> 0 | FH29: =$AB$29*BJ29 -> 0 | FI29: =$AC$29*BK29 -> 0 | FJ29: =$AD$29*BL29 -> 0 | FK29: =$AE$29*BM29 -> 0 | FL29: =$AF$29*BN29 -> 0 | FM29: =$AG$29*BO29 -> 0 | FN29: =$AH$29*BP29 -> 0 | FO29: =$AI$29*BQ29 -> 0 | FP29: =$AJ$29*BR29 -> 0 | FR29: =$U$29*BT29 -> 51.1324 | FS29: =$V$29*BU29 -> 217.3127 | FT29: =$W$29*BV29 -> 230.0958 | FU29: =$X$29*BW29 -> 115.0479 | FV29: =$Y$29*BX29 -> 19.17465 | FW29: =$Z$29*BY29 -> 31.95775 | FX29: =$AA$29*BZ29 -> 6.39155 | FY29: =$AB$29*CA29 -> 95.87325 | FZ29: =$AC$29*CB29 -> 12.7831 | GA29: =$AD$29*CC29 -> 12.7831 | GB29: =$AE$29*CD29 -> 31.95775 | GC29: =$AF$29*CE29 -> 38.3493 | GD29: =$AG$29*CF29 -> 153.3972 | GE29: =$AH$29*CG29 -> 6.39155 | GF29: =$AI$29*CH29 -> 153.3972 | GG29: =$AJ$29*CI29 -> 102.2648 | GI29: =$U$29*CK29 -> 0 | GJ29: =$V$29*CL29 -> 0 | GK29: =$W$29*CM29 -> 0 | GL29: =$X$29*CN29 -> 0 | GM29: =$Y$29*CO29 -> 0 | GN29: =$Z$29*CP29 -> 0 | GO29: =$AA$29*CQ29 -> 0 | GP29: =$AB$29*CR29 -> 0 | GQ29: =$AC$29*CS29 -> 0 | GR29: =$AD$29*CT29 -> 0 | GS29: =$AE$29*CU29 -> 0 | GT29: =$AF$29*CV29 -> 0 | GU29: =$AG$29*CW29 -> 0 | GV29: =$AH$29*CX29 -> 0 | GW29: =$AI$29*CY29 -> 0 | GX29: =$AJ$29*CZ29 -> 0 | GZ29: =$U$29*DB29 -> 0 | HA29: =$V$29*DC29 -> 0 | HB29: =$W$29*DD29 -> 0 | HC29: =$X$29*DE29 -> 0 | HD29: =$Y$29*DF29 -> 0 | HE29: =$Z$29*DG29 -> 0 | HF29: =$AA$29*DH29 -> 0 | HG29: =$AB$29*DI29 -> 0 | HH29: =$AC$29*DJ29 -> 0 | HI29: =$AD$29*DK29 -> 0 | HJ29: =$AE$29*DL29 -> 0 | HK29: =$AF$29*DM29 -> 0 | HL29: =$AG$29*DN29 -> 0 | HM29: =$AH$29*DO29 -> 0 | HN29: =$AI$29*DP29 -> 0 | HO29: =$AJ$29*DQ29 -> 0 | HQ29: =$U$29*DS29 -> 0 | HR29: =$V$29*DT29 -> 0 | HS29: =$W$29*DU29 -> 0 | HT29: =$X$29*DV29 -> 0 | HU29: =$Y$29*DW29 -> 0 | HV29: =$Z$29*DX29 -> 0 | HW29: =$AA$29*DY29 -> 0 | HX29: =$AB$29*DZ29 -> 0 | HY29: =$AC$29*EA29 -> 0 | HZ29: =$AD$29*EB29 -> 0 | IA29: =$AE$29*EC29 -> 0 | IB29: =$AF$29*ED29 -> 0 | IC29: =$AG$29*EE29 -> 0 | ID29: =$AH$29*EF29 -> 0 | IE29: =$AI$29*EG29 -> 0 | IF29: =$AJ$29*EH29 -> 0
A30: West Tisbury | B30: =INDEX('Waste Projections'!$H32:$AL32,MATCH('1.Baseline'!$B$1,'Waste Projections'!$H$6:$AL$6,0)) -> 468 | C30: SEMASS | D30: Edgartown TS | E30: Woods Hole | F30: 3.9 | G30: Transfer Truck | H30: 9.3 | I30: Barge | J30: 32.5 | K30: =IF(D30="N/A","Garbage Truck","Transfer Truck") -> Transfer Truck | L30: =(IF($G30=L$4,$F30,0)+IF($I30=L$4,$H30,0)+IF($K30=L$4,$J30,0))*$B30 -> 0 | M30: =(IF($G30=M$4,$F30,0)+IF($I30=M$4,$H30,0)+IF($K30=M$4,$J30,0))*$B30 -> 17035.2 | N30: =(IF($G30=N$4,$F30,0)+IF($I30=N$4,$H30,0)+IF($K30=N$4,$J30,0))*$B30 -> 4352.4 | O30: =(IF($G30=O$4,$F30,0)+IF($I30=O$4,$H30,0)+IF($K30=O$4,$J30,0))*$B30 -> 0 | P30: =INDEX('Transportation GHG'!$B$21:$B$24,MATCH('1.Baseline'!P$4,'Transportation GHG'!$A$21:$A$24,0))*L30 -> 0 | Q30: =INDEX('Transportation GHG'!$B$21:$B$24,MATCH('1.Baseline'!Q$4,'Transportation GHG'!$A$21:$A$24,0))*M30 -> 1.5281885 | R30: =INDEX('Transportation GHG'!$B$21:$B$24,MATCH('1.Baseline'!R$4,'Transportation GHG'!$A$21:$A$24,0))*N30 -> 0.0765576 | S30: =INDEX('Transportation GHG'!$B$21:$B$24,MATCH('1.Baseline'!S$4,'Transportation GHG'!$A$21:$A$24,0))*O30 -> 0 | U30: =INDEX('Waste Composition'!$P$5:$P$20,MATCH('1.Baseline'!U$4,'Waste Composition'!$O$5:$O$20,0))*$B30 -> 18.72 | V30: =INDEX('Waste Composition'!$P$5:$P$20,MATCH('1.Baseline'!V$4,'Waste Composition'!$O$5:$O$20,0))*$B30 -> 79.56 | W30: =INDEX('Waste Composition'!$P$5:$P$20,MATCH('1.Baseline'!W$4,'Waste Composition'!$O$5:$O$20,0))*$B30 -> 84.24 | X30: =INDEX('Waste Composition'!$P$5:$P$20,MATCH('1.Baseline'!X$4,'Waste Composition'!$O$5:$O$20,0))*$B30 -> 42.12 | Y30: =INDEX('Waste Composition'!$P$5:$P$20,MATCH('1.Baseline'!Y$4,'Waste Composition'!$O$5:$O$20,0))*$B30 -> 7.02 | Z30: =INDEX('Waste Composition'!$P$5:$P$20,MATCH('1.Baseline'!Z$4,'Waste Composition'!$O$5:$O$20,0))*$B30 -> 11.7 | AA30: =INDEX('Waste Composition'!$P$5:$P$20,MATCH('1.Baseline'!AA$4,'Waste Composition'!$O$5:$O$20,0))*$B30 -> 2.34 | AB30: =INDEX('Waste Composition'!$P$5:$P$20,MATCH('1.Baseline'!AB$4,'Waste Composition'!$O$5:$O$20,0))*$B30 -> 35.1 | ... AJ30: =INDEX('Waste Composition'!$P$5:$P$20,MATCH('1.Baseline'!AJ$4,'Waste Composition'!$O$5:$O$20,0))*$B30 -> 37.44 | AL30: 0 | AM30: 0 | AN30: 0 | AO30: 0 | AP30: 0 | AQ30: 0 | AR30: 0 | AS30: 0 | AT30: 0 | AU30: 0 | AV30: 0 | AW30: 0 | AX30: 0 | AY30: 0 | AZ30: 0 | BA30: 0 | BC30: 0 | BD30: 0 | BE30: 0 | BF30: 0 | BG30: 0 | BH30: 0 | BI30: 0 | BJ30: 0 | BK30: 0 | BL30: 0 | BM30: 0 | BN30: 0 | BO30: 0 | BP30: 0 | BQ30: 0 | BR30: 0 | BT30: 0 | BU30: 0 | BV30: 0 | BW30: 0 | BX30: 0 | BY30: 0 | BZ30: 0 | CA30: 0 | CB30: 0 | CC30: 0 | CD30: 0 | CE30: 0 | CF30: 0 | CG30: 0 | CH30: 0 | CI30: 0 | CK30: 1 | CL30: 1 | CM30: 1 | CN30: 1 | CO30: 1 | CP30: 1 | CQ30: 1 | CR30: 1 | CS30: 1 | CT30: 1 | CU30: 1 | CV30: 1 | CW30: 1 | CX30: 1 | CY30: 1 | CZ30: 1 | DB30: 0 | DC30: 0 | DD30: 0 | DE30: 0 | DF30: 0 | DG30: 0 | DH30: 0 | DI30: 0 | DJ30: 0 | DK30: 0 | DL30: 0 | DM30: 0 | DN30: 0 | DO30: 0 | DP30: 0 | DQ30: 0 | DS30: 0 | DT30: 0 | DU30: 0 | DV30: 0 | DW30: 0 | DX30: 0 | DY30: 0 | DZ30: 0 | EA30: 0 | EB30: 0 | EC30: 0 | ED30: 0 | EE30: 0 | EF30: 0 | EG30: 0 | EH30: 0 | EJ30: =$U$30*AL30 -> 0 | EK30: =$V$30*AM30 -> 0 | EL30: =$W$30*AN30 -> 0 | EM30: =$X$30*AO30 -> 0 | EN30: =$Y$30*AP30 -> 0 | EO30: =$Z$30*AQ30 -> 0 | EP30: =$AA$30*AR30 -> 0 | EQ30: =$AB$30*AS30 -> 0 | ER30: =$AC$30*AT30 -> 0 | ES30: =$AD$30*AU30 -> 0 | ET30: =$AE$30*AV30 -> 0 | EU30: =$AF$30*AW30 -> 0 | EV30: =$AG$30*AX30 -> 0 | EW30: =$AH$30*AY30 -> 0 | EX30: =$AI$30*AZ30 -> 0 | EY30: =$AJ$30*BA30 -> 0 | FA30: =$U$30*BC30 -> 0 | FB30: =$V$30*BD30 -> 0 | FC30: =$W$30*BE30 -> 0 | FD30: =$X$30*BF30 -> 0 | FE30: =$Y$30*BG30 -> 0 | FF30: =$Z$30*BH30 -> 0 | FG30: =$AA$30*BI30 -> 0 | FH30: =$AB$30*BJ30 -> 0 | FI30: =$AC$30*BK30 -> 0 | FJ30: =$AD$30*BL30 -> 0 | FK30: =$AE$30*BM30 -> 0 | FL30: =$AF$30*BN30 -> 0 | FM30: =$AG$30*BO30 -> 0 | FN30: =$AH$30*BP30 -> 0 | FO30: =$AI$30*BQ30 -> 0 | FP30: =$AJ$30*BR30 -> 0 | FR30: =$U$30*BT30 -> 0 | FS30: =$V$30*BU30 -> 0 | FT30: =$W$30*BV30 -> 0 | FU30: =$X$30*BW30 -> 0 | FV30: =$Y$30*BX30 -> 0 | FW30: =$Z$30*BY30 -> 0 | FX30: =$AA$30*BZ30 -> 0 | FY30: =$AB$30*CA30 -> 0 | FZ30: =$AC$30*CB30 -> 0 | GA30: =$AD$30*CC30 -> 0 | GB30: =$AE$30*CD30 -> 0 | GC30: =$AF$30*CE30 -> 0 | GD30: =$AG$30*CF30 -> 0 | GE30: =$AH$30*CG30 -> 0 | GF30: =$AI$30*CH30 -> 0 | GG30: =$AJ$30*CI30 -> 0 | GI30: =$U$30*CK30 -> 18.72 | GJ30: =$V$30*CL30 -> 79.56 | GK30: =$W$30*CM30 -> 84.24 | GL30: =$X$30*CN30 -> 42.12 | GM30: =$Y$30*CO30 -> 7.02 | GN30: =$Z$30*CP30 -> 11.7 | GO30: =$AA$30*CQ30 -> 2.34 | GP30: =$AB$30*CR30 -> 35.1 | GQ30: =$AC$30*CS30 -> 4.68 | GR30: =$AD$30*CT30 -> 4.68 | GS30: =$AE$30*CU30 -> 11.7 | GT30: =$AF$30*CV30 -> 14.04 | GU30: =$AG$30*CW30 -> 56.16 | GV30: =$AH$30*CX30 -> 2.34 | GW30: =$AI$30*CY30 -> 56.16 | GX30: =$AJ$30*CZ30 -> 37.44 | GZ30: =$U$30*DB30 -> 0 | HA30: =$V$30*DC30 -> 0 | HB30: =$W$30*DD30 -> 0 | HC30: =$X$30*DE30 -> 0 | HD30: =$Y$30*DF30 -> 0 | HE30: =$Z$30*DG30 -> 0 | HF30: =$AA$30*DH30 -> 0 | HG30: =$AB$30*DI30 -> 0 | HH30: =$AC$30*DJ30 -> 0 | HI30: =$AD$30*DK30 -> 0 | HJ30: =$AE$30*DL30 -> 0 | HK30: =$AF$30*DM30 -> 0 | HL30: =$AG$30*DN30 -> 0 | HM30: =$AH$30*DO30 -> 0 | HN30: =$AI$30*DP30 -> 0 | HO30: =$AJ$30*DQ30 -> 0 | HQ30: =$U$30*DS30 -> 0 | HR30: =$V$30*DT30 -> 0 | HS30: =$W$30*DU30 -> 0 | HT30: =$X$30*DV30 -> 0 | HU30: =$Y$30*DW30 -> 0 | HV30: =$Z$30*DX30 -> 0 | HW30: =$AA$30*DY30 -> 0 | HX30: =$AB$30*DZ30 -> 0 | HY30: =$AC$30*EA30 -> 0 | HZ30: =$AD$30*EB30 -> 0 | IA30: =$AE$30*EC30 -> 0 | IB30: =$AF$30*ED30 -> 0 | IC30: =$AG$30*EE30 -> 0 | ID30: =$AH$30*EF30 -> 0 | IE30: =$AI$30*EG30 -> 0 | IF30: =$AJ$30*EH30 -> 0
A31: AVERAGE | B31: =AVERAGE(B25:B30) -> 907.55167 | P31: =AVERAGE(P25:P30) -> 0.13352093 | Q31: =AVERAGE(Q25:Q30) -> 3.6029393 | R31: =AVERAGE(R25:R30) -> 0.14846149 | S31: =AVERAGE(S25:S30) -> 0 | U31: =AVERAGE(U25:U30) -> 36.302067 | V31: =AVERAGE(V25:V30) -> 154.28378 | W31: =AVERAGE(W25:W30) -> 163.3593 | X31: =AVERAGE(X25:X30) -> 81.67965 | Y31: =AVERAGE(Y25:Y30) -> 13.613275 | Z31: =AVERAGE(Z25:Z30) -> 22.688792 | AA31: =AVERAGE(AA25:AA30) -> 4.5377583 | AB31: =AVERAGE(AB25:AB30) -> 68.066375 | ... AJ31: =AVERAGE(AJ25:AJ30) -> 72.604133 | EJ31: =AVERAGE(EJ25:EJ30) -> 0 | EK31: =AVERAGE(EK25:EK30) -> 0 | EL31: =AVERAGE(EL25:EL30) -> 0 | EM31: =AVERAGE(EM25:EM30) -> 0 | EN31: =AVERAGE(EN25:EN30) -> 0 | EO31: =AVERAGE(EO25:EO30) -> 0 | EP31: =AVERAGE(EP25:EP30) -> 0 | EQ31: =AVERAGE(EQ25:EQ30) -> 0 | ... EY31: =AVERAGE(EY25:EY30) -> 0 | FA31: =AVERAGE(FA25:FA30) -> 0 | FB31: =AVERAGE(FB25:FB30) -> 0 | FC31: =AVERAGE(FC25:FC30) -> 0 | FD31: =AVERAGE(FD25:FD30) -> 0 | FE31: =AVERAGE(FE25:FE30) -> 0 | FF31: =AVERAGE(FF25:FF30) -> 0 | FG31: =AVERAGE(FG25:FG30) -> 0 | FH31: =AVERAGE(FH25:FH30) -> 0 | ... FP31: =AVERAGE(FP25:FP30) -> 0 | FR31: =AVERAGE(FR25:FR30) -> 13.402067 | FS31: =AVERAGE(FS25:FS30) -> 56.958783 | FT31: =AVERAGE(FT25:FT30) -> 60.3093 | FU31: =AVERAGE(FU25:FU30) -> 30.15465 | FV31: =AVERAGE(FV25:FV30) -> 5.025775 | FW31: =AVERAGE(FW25:FW30) -> 8.3762917 | FX31: =AVERAGE(FX25:FX30) -> 1.6752583 | FY31: =AVERAGE(FY25:FY30) -> 25.128875 | ... GG31: =AVERAGE(GG25:GG30) -> 26.804133 | GI31: =AVERAGE(GI25:GI30) -> 22.9 | GJ31: =AVERAGE(GJ25:GJ30) -> 97.325 | GK31: =AVERAGE(GK25:GK30) -> 103.05 | GL31: =AVERAGE(GL25:GL30) -> 51.525 | GM31: =AVERAGE(GM25:GM30) -> 8.5875 | GN31: =AVERAGE(GN25:GN30) -> 14.3125 | GO31: =AVERAGE(GO25:GO30) -> 2.8625 | GP31: =AVERAGE(GP25:GP30) -> 42.9375 | ... GX31: =AVERAGE(GX25:GX30) -> 45.8 | GZ31: =AVERAGE(GZ25:GZ30) -> 0 | HA31: =AVERAGE(HA25:HA30) -> 0 | HB31: =AVERAGE(HB25:HB30) -> 0 | HC31: =AVERAGE(HC25:HC30) -> 0 | HD31: =AVERAGE(HD25:HD30) -> 0 | HE31: =AVERAGE(HE25:HE30) -> 0 | HF31: =AVERAGE(HF25:HF30) -> 0 | HG31: =AVERAGE(HG25:HG30) -> 0 | ... HO31: =AVERAGE(HO25:HO30) -> 0 | HQ31: =AVERAGE(HQ25:HQ30) -> 0 | HR31: =AVERAGE(HR25:HR30) -> 0 | HS31: =AVERAGE(HS25:HS30) -> 0 | HT31: =AVERAGE(HT25:HT30) -> 0 | HU31: =AVERAGE(HU25:HU30) -> 0 | HV31: =AVERAGE(HV25:HV30) -> 0 | HW31: =AVERAGE(HW25:HW30) -> 0 | HX31: =AVERAGE(HX25:HX30) -> 0 | ... IF31: =AVERAGE(IF25:IF30) -> 0
A32: SUB-TOTAL | B32: =SUM(B25:B30) -> 5445.31 | P32: =SUM(P25:P30) -> 0.80112558 | Q32: =SUM(Q25:Q30) -> 21.617636 | R32: =SUM(R25:R30) -> 0.89076894 | S32: =SUM(S25:S30) -> 0 | U32: =SUM(U25:U30) -> 217.8124 | V32: =SUM(V25:V30) -> 925.7027 | W32: =SUM(W25:W30) -> 980.1558 | X32: =SUM(X25:X30) -> 490.0779 | Y32: =SUM(Y25:Y30) -> 81.67965 | Z32: =SUM(Z25:Z30) -> 136.13275 | AA32: =SUM(AA25:AA30) -> 27.22655 | AB32: =SUM(AB25:AB30) -> 408.39825 | ... AJ32: =SUM(AJ25:AJ30) -> 435.6248 | EJ32: =SUM(EJ25:EJ30) -> 0 | EK32: =SUM(EK25:EK30) -> 0 | EL32: =SUM(EL25:EL30) -> 0 | EM32: =SUM(EM25:EM30) -> 0 | EN32: =SUM(EN25:EN30) -> 0 | EO32: =SUM(EO25:EO30) -> 0 | EP32: =SUM(EP25:EP30) -> 0 | EQ32: =SUM(EQ25:EQ30) -> 0 | ... EY32: =SUM(EY25:EY30) -> 0 | FA32: =SUM(FA25:FA30) -> 0 | FB32: =SUM(FB25:FB30) -> 0 | FC32: =SUM(FC25:FC30) -> 0 | FD32: =SUM(FD25:FD30) -> 0 | FE32: =SUM(FE25:FE30) -> 0 | FF32: =SUM(FF25:FF30) -> 0 | FG32: =SUM(FG25:FG30) -> 0 | FH32: =SUM(FH25:FH30) -> 0 | ... FP32: =SUM(FP25:FP30) -> 0 | FR32: =SUM(FR25:FR30) -> 80.4124 | FS32: =SUM(FS25:FS30) -> 341.7527 | FT32: =SUM(FT25:FT30) -> 361.8558 | FU32: =SUM(FU25:FU30) -> 180.9279 | FV32: =SUM(FV25:FV30) -> 30.15465 | FW32: =SUM(FW25:FW30) -> 50.25775 | FX32: =SUM(FX25:FX30) -> 10.05155 | FY32: =SUM(FY25:FY30) -> 150.77325 | ... GG32: =SUM(GG25:GG30) -> 160.8248 | GI32: =SUM(GI25:GI30) -> 137.4 | GJ32: =SUM(GJ25:GJ30) -> 583.95 | GK32: =SUM(GK25:GK30) -> 618.3 | GL32: =SUM(GL25:GL30) -> 309.15 | GM32: =SUM(GM25:GM30) -> 51.525 | GN32: =SUM(GN25:GN30) -> 85.875 | GO32: =SUM(GO25:GO30) -> 17.175 | GP32: =SUM(GP25:GP30) -> 257.625 | ... GX32: =SUM(GX25:GX30) -> 274.8 | GZ32: =SUM(GZ25:GZ30) -> 0 | HA32: =SUM(HA25:HA30) -> 0 | HB32: =SUM(HB25:HB30) -> 0 | HC32: =SUM(HC25:HC30) -> 0 | HD32: =SUM(HD25:HD30) -> 0 | HE32: =SUM(HE25:HE30) -> 0 | HF32: =SUM(HF25:HF30) -> 0 | HG32: =SUM(HG25:HG30) -> 0 | ... HO32: =SUM(HO25:HO30) -> 0 | HQ32: =SUM(HQ25:HQ30) -> 0 | HR32: =SUM(HR25:HR30) -> 0 | HS32: =SUM(HS25:HS30) -> 0 | HT32: =SUM(HT25:HT30) -> 0 | HU32: =SUM(HU25:HU30) -> 0 | HV32: =SUM(HV25:HV30) -> 0 | HW32: =SUM(HW25:HW30) -> 0 | HX32: =SUM(HX25:HX30) -> 0 | ... IF32: =SUM(IF25:IF30) -> 0
A34: Nantucket | B34: =INDEX('Waste Projections'!$H36:$AL36,MATCH('1.Baseline'!$B$1,'Waste Projections'!$H$6:$AL$6,0)) -> 11397.772 | C34: Waste Options | D34: Waste Options | E34: N/A | F34: 3.8 | G34: N/A | H34: 0 | I34: Barge | J34: 0 | K34: Transfer Truck | L34: =(IF($G34=L$4,$F34,0)+IF($I34=L$4,$H34,0)+IF($K34=L$4,$J34,0))*$B34 -> 0 | M34: =(IF($G34=M$4,$F34,0)+IF($I34=M$4,$H34,0)+IF($K34=M$4,$J34,0))*$B34 -> 0 | N34: =(IF($G34=N$4,$F34,0)+IF($I34=N$4,$H34,0)+IF($K34=N$4,$J34,0))*$B34 -> 0 | O34: =(IF($G34=O$4,$F34,0)+IF($I34=O$4,$H34,0)+IF($K34=O$4,$J34,0))*$B34 -> 0 | P34: =INDEX('Transportation GHG'!$B$21:$B$24,MATCH('1.Baseline'!P$4,'Transportation GHG'!$A$21:$A$24,0))*L34 -> 0 | Q34: =INDEX('Transportation GHG'!$B$21:$B$24,MATCH('1.Baseline'!Q$4,'Transportation GHG'!$A$21:$A$24,0))*M34 -> 0 | R34: =INDEX('Transportation GHG'!$B$21:$B$24,MATCH('1.Baseline'!R$4,'Transportation GHG'!$A$21:$A$24,0))*N34 -> 0 | S34: =INDEX('Transportation GHG'!$B$21:$B$24,MATCH('1.Baseline'!S$4,'Transportation GHG'!$A$21:$A$24,0))*O34 -> 0 | U34: =INDEX('Waste Composition'!$P$5:$P$20,MATCH('1.Baseline'!U$4,'Waste Composition'!$O$5:$O$20,0))*$B34 -> 455.91087 | V34: =INDEX('Waste Composition'!$P$5:$P$20,MATCH('1.Baseline'!V$4,'Waste Composition'!$O$5:$O$20,0))*$B34 -> 1937.6212 | W34: =INDEX('Waste Composition'!$P$5:$P$20,MATCH('1.Baseline'!W$4,'Waste Composition'!$O$5:$O$20,0))*$B34 -> 2051.5989 | X34: =INDEX('Waste Composition'!$P$5:$P$20,MATCH('1.Baseline'!X$4,'Waste Composition'!$O$5:$O$20,0))*$B34 -> 1025.7995 | Y34: =INDEX('Waste Composition'!$P$5:$P$20,MATCH('1.Baseline'!Y$4,'Waste Composition'!$O$5:$O$20,0))*$B34 -> 170.96658 | Z34: =INDEX('Waste Composition'!$P$5:$P$20,MATCH('1.Baseline'!Z$4,'Waste Composition'!$O$5:$O$20,0))*$B34 -> 284.94429 | AA34: =INDEX('Waste Composition'!$P$5:$P$20,MATCH('1.Baseline'!AA$4,'Waste Composition'!$O$5:$O$20,0))*$B34 -> 56.988859 | AB34: =INDEX('Waste Composition'!$P$5:$P$20,MATCH('1.Baseline'!AB$4,'Waste Composition'!$O$5:$O$20,0))*$B34 -> 854.83288 | ... AJ34: =INDEX('Waste Composition'!$P$5:$P$20,MATCH('1.Baseline'!AJ$4,'Waste Composition'!$O$5:$O$20,0))*$B34 -> 911.82174 | AL34: 0 | AM34: 0 | AN34: 0 | AO34: 0 | AP34: 0 | AQ34: 0 | AR34: 0 | AS34: 0 | AT34: 0 | AU34: 0 | AV34: 0 | AW34: 0 | AX34: 0 | AY34: 0 | AZ34: 0 | BA34: 0 | BC34: 0 | BD34: 0 | BE34: 0 | BF34: 0 | BG34: 0 | BH34: 0 | BI34: 0 | BJ34: 0 | BK34: 0 | BL34: 0 | BM34: 0 | BN34: 0 | BO34: 0 | BP34: 0 | BQ34: 0 | BR34: 0 | BT34: 0 | BU34: 0 | BV34: 0 | BW34: 0 | BX34: 0 | BY34: 0 | BZ34: 0 | CA34: 0 | CB34: 0 | CC34: 0 | CD34: 0 | CE34: 0 | CF34: 1 | CG34: 0 | CH34: 0 | CI34: 1 | CK34: 0 | CL34: 0 | CM34: 0 | CN34: 0 | CO34: 0 | CP34: 0 | CQ34: 0 | CR34: 0 | CS34: 0 | CT34: 0 | CU34: 0 | CV34: 0 | CW34: 0 | CX34: 0 | CY34: 0 | CZ34: 0 | DB34: 0 | DC34: 0 | DD34: 0 | DE34: 0 | DF34: 0 | DG34: 0 | DH34: 0 | DI34: 0 | DJ34: 0 | DK34: 0 | DL34: 0 | DM34: 0 | DN34: 0 | DO34: 0 | DP34: 0 | DQ34: 0 | DS34: 0 | DT34: ='Waste Composition'!G16/'Waste Composition'!P5 -> 0.52941176 | DU34: 1 | DV34: 1 | DW34: 0 | DX34: 0 | DY34: 0 | DZ34: 0 | EA34: 0 | EB34: 0 | EC34: 0 | ED34: 0 | EE34: 0 | EF34: 0 | EG34: 0 | EH34: 0 | EJ34: =$U$34*AL34 -> 0 | EK34: =$V$34*AM34 -> 0 | EL34: =$W$34*AN34 -> 0 | EM34: =$X$34*AO34 -> 0 | EN34: =$Y$34*AP34 -> 0 | EO34: =$Z$34*AQ34 -> 0 | EP34: =$AA$34*AR34 -> 0 | EQ34: =$AB$34*AS34 -> 0 | ER34: =$AC$34*AT34 -> 0 | ES34: =$AD$34*AU34 -> 0 | ET34: =$AE$34*AV34 -> 0 | EU34: =$AF$34*AW34 -> 0 | EV34: =$AG$34*AX34 -> 0 | EW34: =$AH$34*AY34 -> 0 | EX34: =$AI$34*AZ34 -> 0 | EY34: =$AJ$34*BA34 -> 0 | FA34: =$U$34*BC34 -> 0 | FB34: =$V$34*BD34 -> 0 | FC34: =$W$34*BE34 -> 0 | FD34: =$X$34*BF34 -> 0 | FE34: =$Y$34*BG34 -> 0 | FF34: =$Z$34*BH34 -> 0 | FG34: =$AA$34*BI34 -> 0 | FH34: =$AB$34*BJ34 -> 0 | FI34: =$AC$34*BK34 -> 0 | FJ34: =$AD$34*BL34 -> 0 | FK34: =$AE$34*BM34 -> 0 | FL34: =$AF$34*BN34 -> 0 | FM34: =$AG$34*BO34 -> 0 | FN34: =$AH$34*BP34 -> 0 | FO34: =$AI$34*BQ34 -> 0 | FP34: =$AJ$34*BR34 -> 0 | FR34: =$U$34*BT34 -> 0 | FS34: =$V$34*BU34 -> 0 | FT34: =$W$34*BV34 -> 0 | FU34: =$X$34*BW34 -> 0 | FV34: =$Y$34*BX34 -> 0 | FW34: =$Z$34*BY34 -> 0 | FX34: =$AA$34*BZ34 -> 0 | FY34: =$AB$34*CA34 -> 0 | FZ34: =$AC$34*CB34 -> 0 | GA34: =$AD$34*CC34 -> 0 | GB34: =$AE$34*CD34 -> 0 | GC34: =$AF$34*CE34 -> 0 | GD34: =$AG$34*CF34 -> 1367.7326 | GE34: =$AH$34*CG34 -> 0 | GF34: =$AI$34*CH34 -> 0 | GG34: =$AJ$34*CI34 -> 911.82174 | GI34: =$U$34*CK34 -> 0 | GJ34: =$V$34*CL34 -> 0 | GK34: =$W$34*CM34 -> 0 | GL34: =$X$34*CN34 -> 0 | GM34: =$Y$34*CO34 -> 0 | GN34: =$Z$34*CP34 -> 0 | GO34: =$AA$34*CQ34 -> 0 | GP34: =$AB$34*CR34 -> 0 | GQ34: =$AC$34*CS34 -> 0 | GR34: =$AD$34*CT34 -> 0 | GS34: =$AE$34*CU34 -> 0 | GT34: =$AF$34*CV34 -> 0 | GU34: =$AG$34*CW34 -> 0 | GV34: =$AH$34*CX34 -> 0 | GW34: =$AI$34*CY34 -> 0 | GX34: =$AJ$34*CZ34 -> 0 | GZ34: =$U$34*DB34 -> 0 | HA34: =$V$34*DC34 -> 0 | HB34: =$W$34*DD34 -> 0 | HC34: =$X$34*DE34 -> 0 | HD34: =$Y$34*DF34 -> 0 | HE34: =$Z$34*DG34 -> 0 | HF34: =$AA$34*DH34 -> 0 | HG34: =$AB$34*DI34 -> 0 | HH34: =$AC$34*DJ34 -> 0 | HI34: =$AD$34*DK34 -> 0 | HJ34: =$AE$34*DL34 -> 0 | HK34: =$AF$34*DM34 -> 0 | HL34: =$AG$34*DN34 -> 0 | HM34: =$AH$34*DO34 -> 0 | HN34: =$AI$34*DP34 -> 0 | HO34: =$AJ$34*DQ34 -> 0 | HQ34: =$U$34*DS34 -> 0 | HR34: =$V$34*DT34 -> 1025.7995 | HS34: =$W$34*DU34 -> 2051.5989 | HT34: =$X$34*DV34 -> 1025.7995 | HU34: =$Y$34*DW34 -> 0 | HV34: =$Z$34*DX34 -> 0 | HW34: =$AA$34*DY34 -> 0 | HX34: =$AB$34*DZ34 -> 0 | HY34: =$AC$34*EA34 -> 0 | HZ34: =$AD$34*EB34 -> 0 | IA34: =$AE$34*EC34 -> 0 | IB34: =$AF$34*ED34 -> 0 | IC34: =$AG$34*EE34 -> 0 | ID34: =$AH$34*EF34 -> 0 | IE34: =$AI$34*EG34 -> 0 | IF34: =$AJ$34*EH34 -> 0
B35: =INDEX('Waste Projections'!$H37:$AL37,MATCH('1.Baseline'!$B$1,'Waste Projections'!$H$6:$AL$6,0)) -> 2086.9582 | C35: Zero Waste | D35: Waste Options | E35: Hyannis | F35: 3.8 | G35: N/A | H35: 28.3 | I35: Barge | J35: 38.4 | K35: Transfer Truck | L35: =(IF($G35=L$4,$F35,0)+IF($I35=L$4,$H35,0)+IF($K35=L$4,$J35,0))*$B35 -> 0 | M35: =(IF($G35=M$4,$F35,0)+IF($I35=M$4,$H35,0)+IF($K35=M$4,$J35,0))*$B35 -> 80139.195 | N35: =(IF($G35=N$4,$F35,0)+IF($I35=N$4,$H35,0)+IF($K35=N$4,$J35,0))*$B35 -> 59060.917 | O35: =(IF($G35=O$4,$F35,0)+IF($I35=O$4,$H35,0)+IF($K35=O$4,$J35,0))*$B35 -> 0 | P35: =INDEX('Transportation GHG'!$B$21:$B$24,MATCH('1.Baseline'!P$4,'Transportation GHG'!$A$21:$A$24,0))*L35 -> 0 | Q35: =INDEX('Transportation GHG'!$B$21:$B$24,MATCH('1.Baseline'!Q$4,'Transportation GHG'!$A$21:$A$24,0))*M35 -> 7.1891023 | R35: =INDEX('Transportation GHG'!$B$21:$B$24,MATCH('1.Baseline'!R$4,'Transportation GHG'!$A$21:$A$24,0))*N35 -> 1.0388664 | S35: =INDEX('Transportation GHG'!$B$21:$B$24,MATCH('1.Baseline'!S$4,'Transportation GHG'!$A$21:$A$24,0))*O35 -> 0 | U35: =INDEX('Waste Composition'!$P$5:$P$20,MATCH('1.Baseline'!U$4,'Waste Composition'!$O$5:$O$20,0))*$B35 -> 83.478329 | V35: =INDEX('Waste Composition'!$P$5:$P$20,MATCH('1.Baseline'!V$4,'Waste Composition'!$O$5:$O$20,0))*$B35 -> 354.7829 | W35: =INDEX('Waste Composition'!$P$5:$P$20,MATCH('1.Baseline'!W$4,'Waste Composition'!$O$5:$O$20,0))*$B35 -> 375.65248 | X35: =INDEX('Waste Composition'!$P$5:$P$20,MATCH('1.Baseline'!X$4,'Waste Composition'!$O$5:$O$20,0))*$B35 -> 187.82624 | Y35: =INDEX('Waste Composition'!$P$5:$P$20,MATCH('1.Baseline'!Y$4,'Waste Composition'!$O$5:$O$20,0))*$B35 -> 31.304373 | Z35: =INDEX('Waste Composition'!$P$5:$P$20,MATCH('1.Baseline'!Z$4,'Waste Composition'!$O$5:$O$20,0))*$B35 -> 52.173955 | AA35: =INDEX('Waste Composition'!$P$5:$P$20,MATCH('1.Baseline'!AA$4,'Waste Composition'!$O$5:$O$20,0))*$B35 -> 10.434791 | AB35: =INDEX('Waste Composition'!$P$5:$P$20,MATCH('1.Baseline'!AB$4,'Waste Composition'!$O$5:$O$20,0))*$B35 -> 156.52187 | ... AJ35: =INDEX('Waste Composition'!$P$5:$P$20,MATCH('1.Baseline'!AJ$4,'Waste Composition'!$O$5:$O$20,0))*$B35 -> 166.95666 | AL35: 0 | AM35: 0 | AN35: 0 | AO35: 0 | AP35: 0 | AQ35: 0 | AR35: 0 | AS35: 0 | AT35: 0 | AU35: 0 | AV35: 0 | AW35: 0 | AX35: 0 | AY35: 0 | AZ35: 0 | BA35: 0 | BC35: 0 | BD35: 0 | BE35: 0 | BF35: 0 | BG35: 0 | BH35: 0 | BI35: 0 | BJ35: 0 | BK35: 0 | BL35: 0 | BM35: 0 | BN35: 0 | BO35: 0 | BP35: 0 | BQ35: 0 | BR35: 0 | BT35: 1 | BU35: 1 | BV35: 1 | BW35: 1 | BX35: 1 | BY35: 1 | BZ35: 1 | CA35: 1 | CB35: 1 | CC35: 1 | CD35: 1 | CE35: 1 | CF35: 1 | CG35: 1 | CH35: 1 | CI35: 1 | CK35: 0 | CL35: 0 | CM35: 0 | CN35: 0 | CO35: 0 | CP35: 0 | CQ35: 0 | CR35: 0 | CS35: 0 | CT35: 0 | CU35: 0 | CV35: 0 | CW35: 0 | CX35: 0 | CY35: 0 | CZ35: 0 | DB35: 0 | DC35: 0 | DD35: 0 | DE35: 0 | DF35: 0 | DG35: 0 | DH35: 0 | DI35: 0 | DJ35: 0 | DK35: 0 | DL35: 0 | DM35: 0 | DN35: 0 | DO35: 0 | DP35: 0 | DQ35: 0 | DS35: 0 | DT35: 0 | DU35: 0 | DV35: 0 | DW35: 0 | DX35: 0 | DY35: 0 | DZ35: 0 | EA35: 0 | EB35: 0 | EC35: 0 | ED35: 0 | EE35: 0 | EF35: 0 | EG35: 0 | EH35: 0 | EJ35: =$U$35*AL35 -> 0 | EK35: =$V$35*AM35 -> 0 | EL35: =$W$35*AN35 -> 0 | EM35: =$X$35*AO35 -> 0 | EN35: =$Y$35*AP35 -> 0 | EO35: =$Z$35*AQ35 -> 0 | EP35: =$AA$35*AR35 -> 0 | EQ35: =$AB$35*AS35 -> 0 | ER35: =$AC$35*AT35 -> 0 | ES35: =$AD$35*AU35 -> 0 | ET35: =$AE$35*AV35 -> 0 | EU35: =$AF$35*AW35 -> 0 | EV35: =$AG$35*AX35 -> 0 | EW35: =$AH$35*AY35 -> 0 | EX35: =$AI$35*AZ35 -> 0 | EY35: =$AJ$35*BA35 -> 0 | FA35: =$U$35*BC35 -> 0 | FB35: =$V$35*BD35 -> 0 | FC35: =$W$35*BE35 -> 0 | FD35: =$X$35*BF35 -> 0 | FE35: =$Y$35*BG35 -> 0 | FF35: =$Z$35*BH35 -> 0 | FG35: =$AA$35*BI35 -> 0 | FH35: =$AB$35*BJ35 -> 0 | FI35: =$AC$35*BK35 -> 0 | FJ35: =$AD$35*BL35 -> 0 | FK35: =$AE$35*BM35 -> 0 | FL35: =$AF$35*BN35 -> 0 | FM35: =$AG$35*BO35 -> 0 | FN35: =$AH$35*BP35 -> 0 | FO35: =$AI$35*BQ35 -> 0 | FP35: =$AJ$35*BR35 -> 0 | FR35: =$U$35*BT35 -> 83.478329 | FS35: =$V$35*BU35 -> 354.7829 | FT35: =$W$35*BV35 -> 375.65248 | FU35: =$X$35*BW35 -> 187.82624 | FV35: =$Y$35*BX35 -> 31.304373 | FW35: =$Z$35*BY35 -> 52.173955 | FX35: =$AA$35*BZ35 -> 10.434791 | FY35: =$AB$35*CA35 -> 156.52187 | FZ35: =$AC$35*CB35 -> 20.869582 | GA35: =$AD$35*CC35 -> 20.869582 | GB35: =$AE$35*CD35 -> 52.173955 | GC35: =$AF$35*CE35 -> 62.608746 | GD35: =$AG$35*CF35 -> 250.43499 | GE35: =$AH$35*CG35 -> 10.434791 | GF35: =$AI$35*CH35 -> 250.43499 | GG35: =$AJ$35*CI35 -> 166.95666 | GI35: =$U$35*CK35 -> 0 | GJ35: =$V$35*CL35 -> 0 | GK35: =$W$35*CM35 -> 0 | GL35: =$X$35*CN35 -> 0 | GM35: =$Y$35*CO35 -> 0 | GN35: =$Z$35*CP35 -> 0 | GO35: =$AA$35*CQ35 -> 0 | GP35: =$AB$35*CR35 -> 0 | GQ35: =$AC$35*CS35 -> 0 | GR35: =$AD$35*CT35 -> 0 | GS35: =$AE$35*CU35 -> 0 | GT35: =$AF$35*CV35 -> 0 | GU35: =$AG$35*CW35 -> 0 | GV35: =$AH$35*CX35 -> 0 | GW35: =$AI$35*CY35 -> 0 | GX35: =$AJ$35*CZ35 -> 0 | GZ35: =$U$35*DB35 -> 0 | HA35: =$V$35*DC35 -> 0 | HB35: =$W$35*DD35 -> 0 | HC35: =$X$35*DE35 -> 0 | HD35: =$Y$35*DF35 -> 0 | HE35: =$Z$35*DG35 -> 0 | HF35: =$AA$35*DH35 -> 0 | HG35: =$AB$35*DI35 -> 0 | HH35: =$AC$35*DJ35 -> 0 | HI35: =$AD$35*DK35 -> 0 | HJ35: =$AE$35*DL35 -> 0 | HK35: =$AF$35*DM35 -> 0 | HL35: =$AG$35*DN35 -> 0 | HM35: =$AH$35*DO35 -> 0 | HN35: =$AI$35*DP35 -> 0 | HO35: =$AJ$35*DQ35 -> 0 | HQ35: =$U$35*DS35 -> 0 | HR35: =$V$35*DT35 -> 0 | HS35: =$W$35*DU35 -> 0 | HT35: =$X$35*DV35 -> 0 | HU35: =$Y$35*DW35 -> 0 | HV35: =$Z$35*DX35 -> 0 | HW35: =$AA$35*DY35 -> 0 | HX35: =$AB$35*DZ35 -> 0 | HY35: =$AC$35*EA35 -> 0 | HZ35: =$AD$35*EB35 -> 0 | IA35: =$AE$35*EC35 -> 0 | IB35: =$AF$35*ED35 -> 0 | IC35: =$AG$35*EE35 -> 0 | ID35: =$AH$35*EF35 -> 0 | IE35: =$AI$35*EG35 -> 0 | IF35: =$AJ$35*EH35 -> 0
A36: AVERAGE | B36: =AVERAGE(B34:B35) -> 6742.365 | P36: =AVERAGE(P34:P35) -> 0 | Q36: =AVERAGE(Q34:Q35) -> 3.5945511 | R36: =AVERAGE(R34:R35) -> 0.5194332 | S36: =AVERAGE(S34:S35) -> 0 | U36: =AVERAGE(U34:U35) -> 269.6946 | V36: =AVERAGE(V34:V35) -> 1146.202 | W36: =AVERAGE(W34:W35) -> 1213.6257 | X36: =AVERAGE(X34:X35) -> 606.81285 | Y36: =AVERAGE(Y34:Y35) -> 101.13547 | Z36: =AVERAGE(Z34:Z35) -> 168.55912 | AA36: =AVERAGE(AA34:AA35) -> 33.711825 | AB36: =AVERAGE(AB34:AB35) -> 505.67737 | ... AJ36: =AVERAGE(AJ34:AJ35) -> 539.3892 | EJ36: =AVERAGE(EJ34:EJ35) -> 0 | EK36: =AVERAGE(EK34:EK35) -> 0 | EL36: =AVERAGE(EL34:EL35) -> 0 | EM36: =AVERAGE(EM34:EM35) -> 0 | EN36: =AVERAGE(EN34:EN35) -> 0 | EO36: =AVERAGE(EO34:EO35) -> 0 | EP36: =AVERAGE(EP34:EP35) -> 0 | EQ36: =AVERAGE(EQ34:EQ35) -> 0 | ... EY36: =AVERAGE(EY34:EY35) -> 0 | FA36: =AVERAGE(FA34:FA35) -> 0 | FB36: =AVERAGE(FB34:FB35) -> 0 | FC36: =AVERAGE(FC34:FC35) -> 0 | FD36: =AVERAGE(FD34:FD35) -> 0 | FE36: =AVERAGE(FE34:FE35) -> 0 | FF36: =AVERAGE(FF34:FF35) -> 0 | FG36: =AVERAGE(FG34:FG35) -> 0 | FH36: =AVERAGE(FH34:FH35) -> 0 | ... FP36: =AVERAGE(FP34:FP35) -> 0 | FR36: =AVERAGE(FR34:FR35) -> 41.739164 | FS36: =AVERAGE(FS34:FS35) -> 177.39145 | FT36: =AVERAGE(FT34:FT35) -> 187.82624 | FU36: =AVERAGE(FU34:FU35) -> 93.91312 | FV36: =AVERAGE(FV34:FV35) -> 15.652187 | FW36: =AVERAGE(FW34:FW35) -> 26.086978 | FX36: =AVERAGE(FX34:FX35) -> 5.2173955 | FY36: =AVERAGE(FY34:FY35) -> 78.260933 | ... GG36: =AVERAGE(GG34:GG35) -> 539.3892 | GI36: =AVERAGE(GI34:GI35) -> 0 | GJ36: =AVERAGE(GJ34:GJ35) -> 0 | GK36: =AVERAGE(GK34:GK35) -> 0 | GL36: =AVERAGE(GL34:GL35) -> 0 | GM36: =AVERAGE(GM34:GM35) -> 0 | GN36: =AVERAGE(GN34:GN35) -> 0 | GO36: =AVERAGE(GO34:GO35) -> 0 | GP36: =AVERAGE(GP34:GP35) -> 0 | ... GX36: =AVERAGE(GX34:GX35) -> 0 | GZ36: =AVERAGE(GZ34:GZ35) -> 0 | HA36: =AVERAGE(HA34:HA35) -> 0 | HB36: =AVERAGE(HB34:HB35) -> 0 | HC36: =AVERAGE(HC34:HC35) -> 0 | HD36: =AVERAGE(HD34:HD35) -> 0 | HE36: =AVERAGE(HE34:HE35) -> 0 | HF36: =AVERAGE(HF34:HF35) -> 0 | HG36: =AVERAGE(HG34:HG35) -> 0 | ... HO36: =AVERAGE(HO34:HO35) -> 0 | HQ36: =AVERAGE(HQ34:HQ35) -> 0 | HR36: =AVERAGE(HR34:HR35) -> 512.89973 | HS36: =AVERAGE(HS34:HS35) -> 1025.7995 | HT36: =AVERAGE(HT34:HT35) -> 512.89973 | HU36: =AVERAGE(HU34:HU35) -> 0 | HV36: =AVERAGE(HV34:HV35) -> 0 | HW36: =AVERAGE(HW34:HW35) -> 0 | HX36: =AVERAGE(HX34:HX35) -> 0 | ... IF36: =AVERAGE(IF34:IF35) -> 0
A37: SUB-TOTAL | B37: =SUM(B34:B35) -> 13484.73 | P37: =SUM(P34:P35) -> 0 | Q37: =SUM(Q34:Q35) -> 7.1891023 | R37: =SUM(R34:R35) -> 1.0388664 | S37: =SUM(S34:S35) -> 0 | U37: =SUM(U34:U35) -> 539.3892 | V37: =SUM(V34:V35) -> 2292.4041 | W37: =SUM(W34:W35) -> 2427.2514 | X37: =SUM(X34:X35) -> 1213.6257 | Y37: =SUM(Y34:Y35) -> 202.27095 | Z37: =SUM(Z34:Z35) -> 337.11825 | AA37: =SUM(AA34:AA35) -> 67.42365 | AB37: =SUM(AB34:AB35) -> 1011.3547 | ... AJ37: =SUM(AJ34:AJ35) -> 1078.7784 | EJ37: =SUM(EJ34:EJ35) -> 0 | EK37: =SUM(EK34:EK35) -> 0 | EL37: =SUM(EL34:EL35) -> 0 | EM37: =SUM(EM34:EM35) -> 0 | EN37: =SUM(EN34:EN35) -> 0 | EO37: =SUM(EO34:EO35) -> 0 | EP37: =SUM(EP34:EP35) -> 0 | EQ37: =SUM(EQ34:EQ35) -> 0 | ... EY37: =SUM(EY34:EY35) -> 0 | FA37: =SUM(FA34:FA35) -> 0 | FB37: =SUM(FB34:FB35) -> 0 | FC37: =SUM(FC34:FC35) -> 0 | FD37: =SUM(FD34:FD35) -> 0 | FE37: =SUM(FE34:FE35) -> 0 | FF37: =SUM(FF34:FF35) -> 0 | FG37: =SUM(FG34:FG35) -> 0 | FH37: =SUM(FH34:FH35) -> 0 | ... FP37: =SUM(FP34:FP35) -> 0 | FR37: =SUM(FR34:FR35) -> 83.478329 | FS37: =SUM(FS34:FS35) -> 354.7829 | FT37: =SUM(FT34:FT35) -> 375.65248 | FU37: =SUM(FU34:FU35) -> 187.82624 | FV37: =SUM(FV34:FV35) -> 31.304373 | FW37: =SUM(FW34:FW35) -> 52.173955 | FX37: =SUM(FX34:FX35) -> 10.434791 | FY37: =SUM(FY34:FY35) -> 156.52187 | ... GG37: =SUM(GG34:GG35) -> 1078.7784 | GI37: =SUM(GI34:GI35) -> 0 | GJ37: =SUM(GJ34:GJ35) -> 0 | GK37: =SUM(GK34:GK35) -> 0 | GL37: =SUM(GL34:GL35) -> 0 | GM37: =SUM(GM34:GM35) -> 0 | GN37: =SUM(GN34:GN35) -> 0 | GO37: =SUM(GO34:GO35) -> 0 | GP37: =SUM(GP34:GP35) -> 0 | ... GX37: =SUM(GX34:GX35) -> 0 | GZ37: =SUM(GZ34:GZ35) -> 0 | HA37: =SUM(HA34:HA35) -> 0 | HB37: =SUM(HB34:HB35) -> 0 | HC37: =SUM(HC34:HC35) -> 0 | HD37: =SUM(HD34:HD35) -> 0 | HE37: =SUM(HE34:HE35) -> 0 | HF37: =SUM(HF34:HF35) -> 0 | HG37: =SUM(HG34:HG35) -> 0 | ... HO37: =SUM(HO34:HO35) -> 0 | HQ37: =SUM(HQ34:HQ35) -> 0 | HR37: =SUM(HR34:HR35) -> 1025.7995 | HS37: =SUM(HS34:HS35) -> 2051.5989 | HT37: =SUM(HT34:HT35) -> 1025.7995 | HU37: =SUM(HU34:HU35) -> 0 | HV37: =SUM(HV34:HV35) -> 0 | HW37: =SUM(HW34:HW35) -> 0 | HX37: =SUM(HX34:HX35) -> 0 | ... IF37: =SUM(IF34:IF35) -> 0
A39: TOTAL | B39: =SUM(B37,B32,B23) -> 84940.2 | P39: =SUM(P37,P32,P23) -> 87.549553 | Q39: =SUM(Q37,Q32,Q23) -> 193.16368 | R39: =SUM(R37,R32,R23) -> 1.9296353 | S39: =SUM(S37,S32,S23) -> 11.333056 | U39: =SUM(U37,U32,U23) -> 3397.608 | V39: =SUM(V37,V32,V23) -> 14439.834 | W39: =SUM(W37,W32,W23) -> 15289.236 | X39: =SUM(X37,X32,X23) -> 7644.618 | Y39: =SUM(Y37,Y32,Y23) -> 1274.103 | Z39: =SUM(Z37,Z32,Z23) -> 2123.505 | AA39: =SUM(AA37,AA32,AA23) -> 424.701 | AB39: =SUM(AB37,AB32,AB23) -> 6370.515 | ... AJ39: =SUM(AJ37,AJ32,AJ23) -> 6795.216 | EJ39: =SUM(EJ23,EJ32,EJ37) -> 0 | EK39: =SUM(EK23,EK32,EK37) -> 0 | EL39: =SUM(EL23,EL32,EL37) -> 0 | EM39: =SUM(EM23,EM32,EM37) -> 0 | EN39: =SUM(EN23,EN32,EN37) -> 0 | EO39: =SUM(EO23,EO32,EO37) -> 0 | EP39: =SUM(EP23,EP32,EP37) -> 0 | EQ39: =SUM(EQ23,EQ32,EQ37) -> 0 | ... EY39: =SUM(EY23,EY32,EY37) -> 0 | FA39: =SUM(FA23,FA32,FA37) -> 0 | FB39: =SUM(FB23,FB32,FB37) -> 0 | FC39: =SUM(FC23,FC32,FC37) -> 0 | FD39: =SUM(FD23,FD32,FD37) -> 0 | FE39: =SUM(FE23,FE32,FE37) -> 0 | FF39: =SUM(FF23,FF32,FF37) -> 0 | FG39: =SUM(FG23,FG32,FG37) -> 0 | FH39: =SUM(FH23,FH32,FH37) -> 0 | ... FP39: =SUM(FP23,FP32,FP37) -> 0 | FR39: =SUM(FR23,FR32,FR37) -> 1566.2623 | FS39: =SUM(FS23,FS32,FS37) -> 6656.6149 | FT39: =SUM(FT23,FT32,FT37) -> 7048.1805 | FU39: =SUM(FU23,FU32,FU37) -> 3524.0902 | FV39: =SUM(FV23,FV32,FV37) -> 587.34837 | FW39: =SUM(FW23,FW32,FW37) -> 978.91396 | FX39: =SUM(FX23,FX32,FX37) -> 195.78279 | FY39: =SUM(FY23,FY32,FY37) -> 2936.7419 | ... GG39: =SUM(GG23,GG32,GG37) -> 4044.3464 | GI39: =SUM(GI23,GI32,GI37) -> 1375.4348 | GJ39: =SUM(GJ23,GJ32,GJ37) -> 5845.5979 | GK39: =SUM(GK23,GK32,GK37) -> 6189.4566 | GL39: =SUM(GL23,GL32,GL37) -> 3094.7283 | GM39: =SUM(GM23,GM32,GM37) -> 515.78805 | GN39: =SUM(GN23,GN32,GN37) -> 859.64675 | GO39: =SUM(GO23,GO32,GO37) -> 171.92935 | GP39: =SUM(GP23,GP32,GP37) -> 2578.9402 | ... GX39: =SUM(GX23,GX32,GX37) -> 2750.8696 | GZ39: =SUM(GZ23,GZ32,GZ37) -> 0 | HA39: =SUM(HA23,HA32,HA37) -> 0 | HB39: =SUM(HB23,HB32,HB37) -> 0 | HC39: =SUM(HC23,HC32,HC37) -> 0 | HD39: =SUM(HD23,HD32,HD37) -> 0 | HE39: =SUM(HE23,HE32,HE37) -> 0 | HF39: =SUM(HF23,HF32,HF37) -> 0 | HG39: =SUM(HG23,HG32,HG37) -> 0 | ... HO39: =SUM(HO23,HO32,HO37) -> 0 | HQ39: =SUM(HQ23,HQ32,HQ37) -> 0 | HR39: =SUM(HR23,HR32,HR37) -> 1025.7995 | HS39: =SUM(HS23,HS32,HS37) -> 2051.5989 | HT39: =SUM(HT23,HT32,HT37) -> 1025.7995 | HU39: =SUM(HU23,HU32,HU37) -> 0 | HV39: =SUM(HV23,HV32,HV37) -> 0 | HW39: =SUM(HW23,HW32,HW37) -> 0 | HX39: =SUM(HX23,HX32,HX37) -> 0 | ... IF39: =SUM(IF23,IF32,IF37) -> 0
P41: TOTAL GHG Emissions - Transportation (MTCO2e)
P42: =SUM(P39:S39) -> 293.97592

Sheet 2. YTS Rail
A1: Year of Interest | B1: 2025
A3: Waste Flow | O3: Transportation (ton-miles) | S3: GHG Emissions (MTCO2e) - Transportation | X3: Total Waste Composition (tons) | AO3: Fraction Source Reduced | BF3: Fraction Recycled | BW3: Fraction Landfilled | CN3: Fraction Combusted - WTE | DE3: Fraction Composted | DV3: Fraction Anaerobically Digested | EM3: Source Reduced (tons) | FD3: Recycled (tons) | FU3: Landfilled (tons) | GL3: Combusted (tons) | HC3: Composted (tons) | HT3: Anaerobic Digestion (tons) | IK3: WARM Input (tons)
